Workbook

Sheet Samenvatting
A1: Samenvatting
A3: Algemeen
B4: De berekeningsdatum is vastgezet op: | D4: =Basisgegevens!C15 -> 43466 | F4: Tijdvak: | G4: =Basisgegevens!C21 -> 2019 - 2e halfjaar
A6: Personen
A8: Wie? | B8: Partijen | C8: Geboren op
A9: AP: | B9: =Basisgegevens!C4 -> AP | C9: =Basisgegevens!C5 -> 0
A10: AG: | B10: =Basisgegevens!D4 -> AG | C10: =Basisgegevens!D5 -> 0
A12: Nr. | B12: Kinderen | C12: Geboren op | D12: Ingeschreven bij:
A13: 1 | B13: =IF(TRIM(Basisgegevens!B201)="","--",Basisgegevens!B201) -> -- | C13: =IF(B13="--","--",Basisgegevens!E201) -> -- | D13: =IF(B13="--","--",IF(Basisgegevens!C201=1,$B$9,IF(Basisgegevens!D201=1,$B$10,"--"))) -> --
A14: 2 | B14: =IF(TRIM(Basisgegevens!B202)="","--",Basisgegevens!B202) -> -- | C14: =IF(B14="--","--",Basisgegevens!E202) -> -- | D14: =IF(B14="--","--",IF(Basisgegevens!C202=1,$B$9,IF(Basisgegevens!D202=1,$B$10,"--"))) -> --
A15: 3 | B15: =IF(TRIM(Basisgegevens!B203)="","--",Basisgegevens!B203) -> -- | C15: =IF(B15="--","--",Basisgegevens!E203) -> -- | D15: =IF(B15="--","--",IF(Basisgegevens!C203=1,$B$9,IF(Basisgegevens!D203=1,$B$10,"--"))) -> --
A16: 4 | B16: =IF(TRIM(Basisgegevens!B204)="","--",Basisgegevens!B204) -> -- | C16: =IF(B16="--","--",Basisgegevens!E204) -> -- | D16: =IF(B16="--","--",IF(Basisgegevens!C204=1,$B$9,IF(Basisgegevens!D204=1,$B$10,"--"))) -> --
A17: 5 | B17: =IF(TRIM(Basisgegevens!B205)="","--",Basisgegevens!B205) -> -- | C17: =IF(B17="--","--",Basisgegevens!E205) -> -- | D17: =IF(B17="--","--",IF(Basisgegevens!C205=1,$B$9,IF(Basisgegevens!D205=1,$B$10,"--"))) -> --
A18: 6 | B18: =IF(TRIM(Basisgegevens!B206)="","--",Basisgegevens!B206) -> -- | C18: =IF(B18="--","--",Basisgegevens!E206) -> -- | D18: =IF(B18="--","--",IF(Basisgegevens!C206=1,$B$9,IF(Basisgegevens!D206=1,$B$10,"--"))) -> --
A19: 7 | B19: =IF(TRIM(Basisgegevens!B207)="","--",Basisgegevens!B207) -> -- | C19: =IF(B19="--","--",Basisgegevens!E207) -> -- | D19: =IF(B19="--","--",IF(Basisgegevens!C207=1,$B$9,IF(Basisgegevens!D207=1,$B$10,"--"))) -> --
A20: 8 | B20: =IF(TRIM(Basisgegevens!B208)="","--",Basisgegevens!B208) -> -- | C20: =IF(B20="--","--",Basisgegevens!E208) -> -- | D20: =IF(B20="--","--",IF(Basisgegevens!C208=1,$B$9,IF(Basisgegevens!D208=1,$B$10,"--"))) -> --
A21: 9 | B21: =IF(TRIM(Basisgegevens!B209)="","--",Basisgegevens!B209) -> -- | C21: =IF(B21="--","--",Basisgegevens!E209) -> -- | D21: =IF(B21="--","--",IF(Basisgegevens!C209=1,$B$9,IF(Basisgegevens!D209=1,$B$10,"--"))) -> --
A22: 10 | B22: =IF(TRIM(Basisgegevens!B210)="","--",Basisgegevens!B210) -> -- | C22: =IF(B22="--","--",Basisgegevens!E210) -> -- | D22: =IF(B22="--","--",IF(Basisgegevens!C210=1,$B$9,IF(Basisgegevens!D210=1,$B$10,"--"))) -> --
A23: 11 | B23: =IF(TRIM(Basisgegevens!B211)="","--",Basisgegevens!B211) -> -- | C23: =IF(B23="--","--",Basisgegevens!E211) -> -- | D23: =IF(B23="--","--",IF(Basisgegevens!C211=1,$B$9,IF(Basisgegevens!D211=1,$B$10,"--"))) -> --
A24: 12 | B24: =IF(TRIM(Basisgegevens!B212)="","--",Basisgegevens!B212) -> -- | C24: =IF(B24="--","--",Basisgegevens!E212) -> -- | D24: =IF(B24="--","--",IF(Basisgegevens!C212=1,$B$9,IF(Basisgegevens!D212=1,$B$10,"--"))) -> --
A26: Samenvatting berekening
A28: Nr. | B28: Onderdeel | E28: ='Alimentatie 2019-2 (Juli)'!$E$3 -> AP | F28: ='Alimentatie 2019-2 (Juli)'!$F$3 -> Kinderalimentie | G28: ='Alimentatie 2019-2 (Juli)'!$G$3 -> AG | H28: ='Alimentatie 2019-2 (Juli)'!$H$3 -> Kinderalimentie
A29: 64 | B29: ='Alimentatie 2019-2 (Juli)'!C47 -> Belastbaar loon: | E29: ='Alimentatie 2019-2 (Juli)'!E47 -> 0 | F29: ='Alimentatie 2019-2 (Juli)'!F47 -> 0 | G29: ='Alimentatie 2019-2 (Juli)'!G47 -> 0 | H29: ='Alimentatie 2019-2 (Juli)'!H47 -> 0
A30: 75 | B30: ='Alimentatie 2019-2 (Juli)'!C66 -> Belastbare winst uit onderneming: | E30: ='Alimentatie 2019-2 (Juli)'!E66 -> 0 | F30: ='Alimentatie 2019-2 (Juli)'!F66 -> 0 | G30: ='Alimentatie 2019-2 (Juli)'!G66 -> 0 | H30: ='Alimentatie 2019-2 (Juli)'!H66 -> 0
A31: 78 | B31: ='Alimentatie 2019-2 (Juli)'!C70 -> Belastbaar resultaat uit overige werkzaamheden: | E31: ='Alimentatie 2019-2 (Juli)'!E70 -> 0 | F31: ='Alimentatie 2019-2 (Juli)'!F70 -> 0 | G31: ='Alimentatie 2019-2 (Juli)'!G70 -> 0 | H31: ='Alimentatie 2019-2 (Juli)'!H70 -> 0
A32: 81 | B32: ='Alimentatie 2019-2 (Juli)'!C74 -> Belastbare periodieke uitkeringen en verstrekkingen: | E32: ='Alimentatie 2019-2 (Juli)'!E74 -> 0 | F32: ='Alimentatie 2019-2 (Juli)'!F74 -> 0 | G32: ='Alimentatie 2019-2 (Juli)'!G74 -> 0 | H32: ='Alimentatie 2019-2 (Juli)'!H74 -> 0
A33: 85 | B33: ='Alimentatie 2019-2 (Juli)'!C80 -> Belastbaar inkomen uit eigen woning: | E33: ='Alimentatie 2019-2 (Juli)'!E80 -> 0 | F33: ='Alimentatie 2019-2 (Juli)'!F80 -> 0 | G33: ='Alimentatie 2019-2 (Juli)'!G80 -> 0 | H33: ='Alimentatie 2019-2 (Juli)'!H80 -> 0
A34: 89 | B34: ='Alimentatie 2019-2 (Juli)'!C86 -> Uitgaven voor inkomensvoorziening: | E34: ='Alimentatie 2019-2 (Juli)'!E86 -> 0 | F34: ='Alimentatie 2019-2 (Juli)'!F86 -> 0 | G34: ='Alimentatie 2019-2 (Juli)'!G86 -> 0 | H34: ='Alimentatie 2019-2 (Juli)'!H86 -> 0
A35: 98 | B35: ='Alimentatie 2019-2 (Juli)'!C114 -> Inkomen uit aanmerkelijk belang: | E35: ='Alimentatie 2019-2 (Juli)'!E114 -> 0 | F35: ='Alimentatie 2019-2 (Juli)'!F114 -> 0 | G35: ='Alimentatie 2019-2 (Juli)'!G114 -> 0 | H35: ='Alimentatie 2019-2 (Juli)'!H114 -> 0
A36: 102 | B36: ='Alimentatie 2019-2 (Juli)'!C125 -> Werkelijke vermogensinkomsten: | E36: ='Alimentatie 2019-2 (Juli)'!E125 -> 0 | F36: ='Alimentatie 2019-2 (Juli)'!F125 -> 0 | G36: ='Alimentatie 2019-2 (Juli)'!G125 -> 0 | H36: ='Alimentatie 2019-2 (Juli)'!H125 -> 0
A37: 119 | B37: ='Alimentatie 2019-2 (Juli)'!C163 -> Totaal Netto inkomsten: | E37: ='Alimentatie 2019-2 (Juli)'!E163 -> 0 | F37: ='Alimentatie 2019-2 (Juli)'!F163 -> 0 | G37: ='Alimentatie 2019-2 (Juli)'!G163 -> 0 | H37: ='Alimentatie 2019-2 (Juli)'!H163 -> 0
A38: 121 | B38: ='Alimentatie 2019-2 (Juli)'!C173 -> Netto Besteedbaar Inkomen (NBI) per maand: | E38: ='Alimentatie 2019-2 (Juli)'!E173 -> 0 | F38: ='Alimentatie 2019-2 (Juli)'!F173 -> 0 | G38: ='Alimentatie 2019-2 (Juli)'!G173 -> 0 | H38: ='Alimentatie 2019-2 (Juli)'!H173 -> 0
A39: 135 | B39: ='Alimentatie 2019-2 (Juli)'!C222 -> Draagkrachtloos inkomen: | E39: ='Alimentatie 2019-2 (Juli)'!E222 -> 893.03 | F39: ='Alimentatie 2019-2 (Juli)'!F222 -> 1020 | G39: ='Alimentatie 2019-2 (Juli)'!G222 -> 893.03 | H39: ='Alimentatie 2019-2 (Juli)'!H222 -> 1020
A40: 136 | B40: ='Alimentatie 2019-2 (Juli)'!C227 -> Draagkrachtruimte: | E40: ='Alimentatie 2019-2 (Juli)'!E227 -> -893.03 | F40: ='Alimentatie 2019-2 (Juli)'!F227 -> -1020 | G40: ='Alimentatie 2019-2 (Juli)'!G227 -> -893.03 | H40: ='Alimentatie 2019-2 (Juli)'!H227 -> -1020
A41: 137 | B41: ='Alimentatie 2019-2 (Juli)'!C232 -> Beschikbaar voor partner en kinderalimentatie | E41: ='Alimentatie 2019-2 (Juli)'!E232 -> -535.818 | F41: ='Alimentatie 2019-2 (Juli)'!F232 -> 0 | G41: ='Alimentatie 2019-2 (Juli)'!G232 -> -535.818 | H41: ='Alimentatie 2019-2 (Juli)'!H232 -> 0
A42: 138 | B42: ='Alimentatie 2019-2 (Juli)'!C234 -> Alimentatieverplichting (eerdere) ex-partner | E42: ='Alimentatie 2019-2 (Juli)'!E234 -> 0 | F42: ='Alimentatie 2019-2 (Juli)'!F233 -> 0 | G42: ='Alimentatie 2019-2 (Juli)'!G234 -> 0 | H42: ='Alimentatie 2019-2 (Juli)'!H234 -> n.v.t
A44: Nr. | B44: Kinderalimentatie | E44: ='Alimentatie 2019-2 (Juli)'!$E$3 -> AP | F44: ='Alimentatie 2019-2 (Juli)'!$F$3 -> Kinderalimentie | G44: ='Alimentatie 2019-2 (Juli)'!$G$3 -> AG | H44: ='Alimentatie 2019-2 (Juli)'!$H$3 -> Kinderalimentie
A45: 141 | B45: ='Alimentatie 2019-2 (Juli)'!C239 -> Kinderalimentatie | E45: n.v.t | F45: ='Alimentatie 2019-2 (Juli)'!E239 -> 0 | G45: n.v.t | H45: ='Alimentatie 2019-2 (Juli)'!G239 -> 0
A46: 141 | B46: ='Alimentatie 2019-2 (Juli)'!C240 -> Verblijfskosten kinderen (Zorgkorting) | F46: ='Alimentatie 2019-2 (Juli)'!E240 -> 0 | H46: ='Alimentatie 2019-2 (Juli)'!G240 -> 0
A47: 141 | B47: ='Alimentatie 2019-2 (Juli)'!C241 -> Eigen aandeel kosten kinderen | F47: ='Alimentatie 2019-2 (Juli)'!E241 -> 0 | H47: ='Alimentatie 2019-2 (Juli)'!G241 -> 0
B48: ='Alimentatie 2019-2 (Juli)'!C242 -> Kinderalimentatie per jaar: | E48: =SUM(E45:E47) -> 0 | F48: =SUM(F45:F47) -> 0 | G48: =SUM(G45:G47) -> 0 | H48: =SUM(H45:H47) -> 0
B49: Behoefte van de kinderen: | E49: =Kinderalimentatie!F21 -> 0.01
B51: =CONCATENATE(E44," is aan partneralimentatie verschuldigd") -> AP is aan partneralimentatie verschuldigd | E51: Per maand | F51: Per Jaar
B52: Maximale alimentatie volgens DRAAGKRACHT: | E52: ='Alimentatie 2019-2 (Juli)'!E254 -> 0 | F52: ='Alimentatie 2019-2 (Juli)'!E255 -> 0
B53: Maximale alimentatie volgens BEHOEFTE: | E53: =Behoefteberekening!E64 -> 0 | F53: =Behoefteberekening!F64 -> 0
B54: Maximale alimentatie volgens JUSVERGELIJKING: | E54: =F54/12 -> 0 | F54: =Jusvergelijking!H12 -> 0 | G54: =IF(OR(Jusvergelijking!I14<-0.5,Jusvergelijking!I14>0.5),"Het Correctiebedrag in 'Jusvergelijking' (cel H12) klopt niet !!!","Jusvergelijking is Oke!") -> Jusvergelijking is Oke!
E55: ==> Het laagste bedrag is het bedrag dat er aan partneralimentatie verschuldigd is <==

Sheet Handleiding
B1: Gebruiksaanwijzing
A3: LEGENDA: | B3: Als eerste uitleg over de gebruikte kleuren in deze Alimentatie berekeningssheet. | C3: =Basisgegevens!C21 -> 2019 - 2e halfjaar
A4: Kleur | B4: Uitleg over de kleuren & aandachtspunten hierbij
B5: De LICHT-BLAUWE velden zijn invulvelden. Deze velden komen voor in de tabbladen: "Basisgegevens", "Alimentatie 20xx-x" en "Jusvergelijking". Vul LICHT-BLAUWE velden de gevraagde gegevens (indien van toepassing) in. Hiermee worden de berekeningen uitgevoerd in de div. tabbladen.
B6: Als een veld ROOD kleurt, deze dan controleren (wel pas nadat alle gegevens zijn ingevuld). Rood is een signaal dat er iets is wat niet klopt! Bijv. als bij Bijstand "Ja" wordt ingevuld en er geen bedragen in de betreffende inkomstentabel zijn ingevuld zal deze ROOD kleuren.
B7: Als een veld ORANJE kleurt is dat primair een ATTENTIE signaal. Kijk extra naar de inhoud van het veld of alles klopt. De inhoud kan gewoon correct of aangepast zijn. Bijv. als de draagkracht onder de € 0 grens komt zal i.p.v. het minbedrag € 0 worden ingevuld met de ORANJE markering.
B8: De GELE velden markeren de beginregels/kopregels bovenaan de tabellen, de secties etc.
B9: De GRIJZE velden bevatten (net als de groene) velden de formules t.b.v. het maken van de juiste berekeningen. Deze cellen zijn geblokkeerd om te voorkomen dat de formules per ongeluk verminkt/gewist worden
B10: De ROZE velden bevatten berekende subtotalen, dit op basis van de formules in deze velden. Deze cellen zijn geblokkeerd om te voorkomen dat de formules per ongeluk verminkt/gewist worden
B11: De GROENE velden bevatten de berekende (eind)totalen, dit op basis van de formules in deze velden. Deze cellen zijn geblokkeerd om te voorkomen dat de formules per ongeluk verminkt/gewist worden
B13: Hoe te starten ?
B15: Werk de volgende 3 stappen af:
A16: 1 | B16: Tabblad "Basisgevens" | C16: Opmerkingen
B17: Start als 1e in het tabblad "Basisgegevens", die is de primaire bron voor alle berekeningen, vul de van toepassing zijn de LICHT BLAUWE velden in.
B18: - Vul eerst de persoonlijke gegevens in in het blok (A3-J20) en bereken tegelijk ook de pensioendata via de link naar de svb.nl. - Let ook op het invullen/vastzetten van berekeningsdatum (cel C15) - Als het om een HERBEREKENING gaat moet je het NBI uit het jaar van scheiding (cel C20) en het scheidingsjaar (cel C19) ook invullen. Dit is van belang voor de kinderalimentatie berekening! | C18: De link staat achter de betreffende regel !!!
A19: 1a | B19: Werk nu in het blok kolom A t/m K van boven naar beneden de van toepassing zijnde (inkomens)gegevens in:
B20: - Inkomsten uit Arbeid (41, 44, 46 - 48). - Bruto arbeidsinkomen bouw (bij vakantiebonnen) (45). - (Extra) betaalde premies / Inkomensvoorziening (49 - 58). - Bruto AOW-uitkering (42). - Bruto Pensioen uitkering (50). - Bijtelling auto van de zaak. - Ondernemersaftrekposten (71 - 73). - Eigen woningbezit (82 - 84). - Bijstandsuitkering (119a) - Forfaitaire bedragen (123). - Ziektekosten(verzekering) (124). - Gegevens kinderen. | C20: Vergeet niet om voor de juiste periode (maand / 4-weken) te kiezen bij de inkomenstabellen! Berekenen van eventuele toeslagen (zorg-, huurtoeslag etc.) kan via de link bij het betreffende onderdeel.
A21: 1b | B21: Werk nu in het blok kolom L t/m Z van boven naar beneden de van toepassing zijnde antwoorden in bij de:
B22: - Alleenstaande ouderenkorting (115). - Inkomensafhankelijke Combinatiekorting (Werkende / AOW-ers) (115)
A24: 2 | B24: Tabblad "Alimentatie 20xx-x" | C24: Opmerkingen
B25: Loop, na het invullen van de BLAUWE VELDEN in het tabblad "Basisgegevens" langs de - minder vaak voorkomende LICHT BLAUWE velden in het tabblad "Alimentatie 20xx-x"en vul in de van toepassing zijnde velden de juistte gegevens in (soms is er vooraf rekenwerk nodig) | C25: Lees de toelichtingen, opmerkingen en/of aanwijzingen in de kolom "" zorgvuldig.
A27: 3 | B27: Tabblad "Jusvergelijking" | C27: Opmerkingen
B28: Als de uitkomsten van de alimentatieberekening kloppen moet in het tabblad "Jusvergelijking" de "Vrije ruimte" van de beide partners nog in evenwicht worden gebracht. Dit door in cel H12 een zodanig alimentatiebedrag in te vullen dat de "Vrije ruimte" in evenwicht is. Een voorzet voor het (start)bedrag staat in cel J14. | C28: Lees de toelichtingen, opmerkingen en/of aanwijzingen in de kolom "I" zorgvuldig.
B30: De overige tabbladen & hun functie | C30: Opmerkingen
B31: - In het tabblad "Samenvatting" staan de kerngetallen uit de berekening samengevat, samen met de (kinder)alimentatie bedragen
B32: - In het tabblad "Behoefteberekening" staan de details van de alimentatieberekening op basis van de behoefte.
B33: - In het tabblad "Kinderalimentatie" staan de details van de kinderalimentatie berekening.
B34: - In het tabblad "Wijzijgingen & To Do's" staan de gedane aanpassingen en/of de openstaande punten.
B35: - In het tabblad "Keuzelijsten" staan de tabellen met de gegevens voor de keuzelijsten in deze Excel sheet.
B37: Tenslotte:
A38: Noot: | B38: In deze Excel wordt uitgegaan van een werkende die in een "standaard"-scheiding zit. Speciale zaken zoals de invloed van samengestelde gezinnen is hier NIET in opgenomen. Dit gezien de complexiteit en diversiteit hierin. Vaak is in zo'n situatie ook een deskundige vereist.
A39: Vragen? | B39: Bij vragen, wensen of onverhoopte fouten: Mail deze dan samen met je berekening en een eventuele schermafdruk naar: info@levennascheiding.nl. Waar mogelijk en passend ga ik hier dan mee aan de slag!
B41: Advies
A42: ALERT | B42: Is alles helder en oke? Dan wel de dringende aanbeveling om - zeker t.a.v. rechtbankstukken - een officiele berekening te (laten) maken. De mogelijkheden hiervoor tegen relatief geringe kosten (onder de € 100,-) vind je op: https://www.levennascheiding.nl
B44: Disclaimer
B45: Deze gratis Excel sheet is met zorgvuldigheid gemaakt en via proefberekeningen getoetst op juistheid van de verschillende berekeningen. Desondanks is het mogelijk dat er in deze Excel nog onjuistheden en/of onvolkomenheden voorkomen. Noch voor onverhoopte schade etc. als gevolg van onjuistheden en/of onvolkomenheden etc., noch voor problemen bij/door het gebruiken en/of het verspreiden van deze Excel sheet kan ik verantwoording dragen en/of op geen enkele wijze aansprakelijk worden gesteld.

Sheet Basisgegevens
B1: Invulblad voor de benodigde basisgegevens t.b.v. de alimentatieberekening | L1: Te betalen belasting (samengesteld uit de onderstaande 4 tariefsoorten (niet AOW / Geboren voor of juist op/na 01-01-1946 / In berekeningsjaar pas recht op AOW | V1: Belasting t.b.v. JUS-vergelijking | X1: Netto behoefte PA --> Bruto PA
N2: =$C$4 -> AP | R2: =$D$4 -> AG | T2: =$C$4 -> AP | U2: =$D$4 -> AG | V2: =$C$4 -> AP | W2: =$D$4 -> AG | X2: =$D$4 -> AG
A3: Nr. | B3: Algemene gegevens | C3: Partner 1 (AP) | D3: Partner 2 (AG) | E3: Opmerkingen | L3: Verzamelinkomen: | N3: ='Alimentatie 2019-2 (Juli)'!$E$104 -> 0 | O3: = nr.94 | P3: Verzamelinkomen: | R3: ='Alimentatie 2019-2 (Juli)'!$G$104 -> 0 | S3: Verzamelinkomen geschoond van Eigen Woning: | T3: =N3-T4 -> 0 | U3: =R3-U4 -> 0 | V3: JUS-alimentatie: | W3: JUS-alimentatie: | X3: Netto behoefte:
A4: a | B4: Naam | C4: AP | D4: AG | E4: Vul in bij partner 1 de alimatieplichtigde (AP) in en bij partner 2 de alimatatiegerechtigde (AG) | L4: Jaar waarin recht op AOW: | N4: =YEAR($C$9) -> 1900 | P4: Jaar waarin recht op AOW: | R4: =YEAR($D$9) -> 1900 | S4: Invloed Eigen woning: | T4: ='Alimentatie 2019-2 (Juli)'!E80 -> 0 | U4: ='Alimentatie 2019-2 (Juli)'!G80 -> 0 | V4: =Jusvergelijking!H12+Jusvergelijking!E25 -> 0 | W4: =Jusvergelijking!H12+Jusvergelijking!G25 -> 0 | X4: =Behoefteberekening!F59*1.057 -> -0.076104
A5: b | B5: Geboortedatum | C5: 0 | D5: 0 | L5: Huidig berekeningsjaar is: | N5: =$C$16 -> 2019 | P5: Huidig berekeningsjaar is: | R5: =$C$16 -> 2019 | T5: Belasting bij kinderalimentatie | U5: Belasting bij kinderalimentatie | V5: Belasting gecorrigeerd | W5: Belasting gecorrigeerd | X5: Netto behoefte bedrag / jaar | Y5: Bruto behoefte bedrag / jaar
A6: c | B6: Leeftijd (o.b.v. ingevulde berekeningsdatum) | C6: =YEAR($C$15-(C$5-2))-1900 -> 119 | D6: =YEAR($C$15-(D$5-2))-1900 -> 119 | E6: Wordt berekend o.b.v. de geboortedatum & (vastgezette) berekeningsdatum (zie cel C13) | L6: Schijf | M6: Belasting | N6: Samengevoegd | Q6: Belasting | R6: Samengevoegd
A7: d | B7: Inkomsten uit arbeid? | C7: Ja | D7: Ja | E7: Ja invullen als er sprake is van inkomsten uit arbeid (BOX I) | L7: 1 | M7: =IF(Q15="n.v.t",IF(Q25="n.v.t",IF(Q38="n.v.t",IF(Q47="n.v.t",IF(Q48="n.v.t",IF(Q49="n.v.t",IF(Q50="n.v.t",IF(Q51="n.v.t",IF(Q52="n.v.t",IF(Q53="n.v.t",IF(Q54="n.v.t",IF(Q55="n.v.t",IF(Q56="n.v.t",IF(Q57="n.v.t",IF(Q58="n.v.t","???",Q58),Q57),Q56),Q55),Q54),Q53),Q52),Q51),Q50),Q49),Q48),Q47),Q38),Q25),Q15) -> 0 | N7: =IF($Q15="n.v.t",IF($Q25="n.v.t",IF($Q38="n.v.t",IF($Q47="n.v.t",IF($Q48="n.v.t",IF($Q49="n.v.t",IF($Q50="n.v.t",IF($Q51="n.v.t",IF($Q52="n.v.t",IF($Q53="n.v.t",IF($Q54="n.v.t",IF($Q55="n.v.t",IF($Q56="n.v.t",IF($Q57="n.v.t",IF($Q58="n.v.t","???",S58),S57),S56),S55),S54),S53),S52),S51),S50),S49),S48),S47),S38),S25),S15) -> 1: 0 t/m 20384 tarief: 18,75% - Max. 3822 | Q7: =IF(R15="n.v.t",IF(R25="n.v.t",IF(R38="n.v.t",IF(R47="n.v.t",IF(R48="n.v.t",IF(R49="n.v.t",IF(R50="n.v.t",IF(R51="n.v.t",IF(R52="n.v.t",IF(R53="n.v.t",IF(R54="n.v.t",IF(R55="n.v.t",IF(R56="n.v.t",IF(R57="n.v.t",IF(R58="n.v.t","???",R58),R57),R56),R55),R54),R53),R52),R51),R50),R49),R48),R47),R38),R25),R15) -> 0 | R7: =IF($R15="n.v.t",IF($R25="n.v.t",IF($R38="n.v.t",IF($R47="n.v.t",IF($R48="n.v.t",IF($R49="n.v.t",IF($R50="n.v.t",IF($R51="n.v.t",IF($R52="n.v.t",IF($R53="n.v.t",IF($R54="n.v.t",IF($R55="n.v.t",IF($R56="n.v.t",IF($R57="n.v.t",IF($R58="n.v.t","???",S58),S57),S56),S55),S54),S53),S52),S51),S50),S49),S48),S47),S38),S25),S15) -> 1: 0 t/m 20384 tarief: 18,75% - Max. 3822 | T7: =IF(T15="n.v.t",IF(T25="n.v.t",IF(T38="n.v.t",IF(T47="n.v.t",IF(T48="n.v.t",IF(T49="n.v.t",IF(T50="n.v.t",IF(T51="n.v.t",IF(T52="n.v.t",IF(T53="n.v.t",IF(T54="n.v.t",IF(T55="n.v.t",IF(T56="n.v.t",IF(T57="n.v.t",IF(T58="n.v.t","???",T58),T57),T56),T55),T54),T53),T52),T51),T50),T49),T48),T47),T38),T25),T15) -> 0 | U7: =IF(U15="n.v.t",IF(U25="n.v.t",IF(U38="n.v.t",IF(U47="n.v.t",IF(U48="n.v.t",IF(U49="n.v.t",IF(U50="n.v.t",IF(U51="n.v.t",IF(U52="n.v.t",IF(U53="n.v.t",IF(U54="n.v.t",IF(U55="n.v.t",IF(U56="n.v.t",IF(U57="n.v.t",IF(U58="n.v.t","???",U58),U57),U56),U55),U54),U53),U52),U51),U50),U49),U48),U47),U38),U25),U15) -> 0 | V7: =IF(V15="n.v.t",IF(V25="n.v.t",IF(V38="n.v.t",IF(V47="n.v.t",IF(V48="n.v.t",IF(V49="n.v.t",IF(V50="n.v.t",IF(V51="n.v.t",IF(V52="n.v.t",IF(V53="n.v.t",IF(V54="n.v.t",IF(V55="n.v.t",IF(V56="n.v.t",IF(V57="n.v.t",IF(V58="n.v.t","???",V58),V57),V56),V55),V54),V53),V52),V51),V50),V49),V48),V47),V38),V25),V15) -> 0 | W7: =IF(W15="n.v.t",IF(W25="n.v.t",IF(W38="n.v.t",IF(W47="n.v.t",IF(W48="n.v.t",IF(W49="n.v.t",IF(W50="n.v.t",IF(W51="n.v.t",IF(W52="n.v.t",IF(W53="n.v.t",IF(W54="n.v.t",IF(W55="n.v.t",IF(W56="n.v.t",IF(W57="n.v.t",IF(W58="n.v.t","???",W58),W57),W56),W55),W54),W53),W52),W51),W50),W49),W48),W47),W38),W25),W15) -> 0 | X7: =IF(X15="n.v.t",IF(X25="n.v.t",IF(X38="n.v.t",IF(X47="n.v.t",IF(X48="n.v.t",IF(X49="n.v.t",IF(X50="n.v.t",IF(X51="n.v.t",IF(X52="n.v.t",IF(X53="n.v.t",IF(X54="n.v.t",IF(X55="n.v.t",IF(X56="n.v.t",IF(X57="n.v.t",IF(X58="n.v.t","???",X58),X57),X56),X55),X54),X53),X52),X51),X50),X49),X48),X47),X38),X25),X15) -> 0 | Y7: =IF(Y15="n.v.t",IF(Y25="n.v.t",IF(Y38="n.v.t",IF(Y47="n.v.t",IF(Y48="n.v.t",IF(Y49="n.v.t",IF(Y50="n.v.t",IF(Y51="n.v.t",IF(Y52="n.v.t",IF(Y53="n.v.t",IF(Y54="n.v.t",IF(Y55="n.v.t",IF(Y56="n.v.t",IF(Y57="n.v.t",IF(Y58="n.v.t","???",Y58),Y57),Y56),Y55),Y54),Y53),Y52),Y51),Y50),Y49),Y48),Y47),Y38),Y25),Y15) -> 0
A8: e | B8: Bijstandsuitkering? | C8: Nee | D8: Nee | E8: Ja invullen als er sprake is van een (gedeeltelijke) bijstandsuitkering | L8: 2 | M8: =IF(Q16="n.v.t",IF(Q26="n.v.t",IF(Q39="n.v.t",IF(Q59="n.v.t",IF(Q60="n.v.t",IF(Q61="n.v.t",IF(Q62="n.v.t",IF(Q63="n.v.t",IF(Q64="n.v.t",IF(Q65="n.v.t",IF(Q66="n.v.t",IF(Q67="n.v.t",IF(Q68="n.v.t",IF(Q69="n.v.t",IF(Q70="n.v.t","",Q70),Q69),Q68),Q67),Q66),Q65),Q64),Q63),Q62),Q61),Q60),Q59),Q39),Q26),Q16) -> 0 | N8: =IF($Q16="n.v.t",IF($Q26="n.v.t",IF($Q39="n.v.t",IF($Q59="n.v.t",IF($Q60="n.v.t",IF($Q61="n.v.t",IF($Q62="n.v.t",IF($Q63="n.v.t",IF($Q64="n.v.t",IF($Q65="n.v.t",IF($Q66="n.v.t",IF($Q67="n.v.t",IF($Q68="n.v.t",IF($Q69="n.v.t",IF($Q70="n.v.t","",S70),S69),S68),S67),S66),S65),S64),S63),S62),S61),S60),S59),S39),S26),S16) -> 2: 20385 t/m 34817 tarief: 20,2% - Max. 2915 | Q8: =IF(R16="n.v.t",IF(R26="n.v.t",IF(R39="n.v.t",IF(R59="n.v.t",IF(R60="n.v.t",IF(R61="n.v.t",IF(R62="n.v.t",IF(R63="n.v.t",IF(R64="n.v.t",IF(R65="n.v.t",IF(R66="n.v.t",IF(R67="n.v.t",IF(R68="n.v.t",IF(R69="n.v.t",IF(R70="n.v.t","",R70),R69),R68),R67),R66),R65),R64),R63),R62),R61),R60),R59),R39),R26),R16) -> 0 | R8: =IF($R16="n.v.t",IF($R26="n.v.t",IF($R39="n.v.t",IF($R59="n.v.t",IF($R60="n.v.t",IF($R61="n.v.t",IF($R62="n.v.t",IF($R63="n.v.t",IF($R64="n.v.t",IF($R65="n.v.t",IF($R66="n.v.t",IF($R67="n.v.t",IF($R68="n.v.t",IF($R69="n.v.t",IF($R70="n.v.t","",S70),S69),S68),S67),S66),S65),S64),S63),S62),S61),S60),S59),S39),S26),S16) -> 2: 20385 t/m 34817 tarief: 20,2% - Max. 2915 | T8: =IF(T16="n.v.t",IF(T26="n.v.t",IF(T39="n.v.t",IF(T59="n.v.t",IF(T60="n.v.t",IF(T61="n.v.t",IF(T62="n.v.t",IF(T63="n.v.t",IF(T64="n.v.t",IF(T65="n.v.t",IF(T66="n.v.t",IF(T67="n.v.t",IF(T68="n.v.t",IF(T69="n.v.t",IF(T70="n.v.t","",T70),T69),T68),T67),T66),T65),T64),T63),T62),T61),T60),T59),T39),T26),T16) -> 0 | U8: =IF(U16="n.v.t",IF(U26="n.v.t",IF(U39="n.v.t",IF(U59="n.v.t",IF(U60="n.v.t",IF(U61="n.v.t",IF(U62="n.v.t",IF(U63="n.v.t",IF(U64="n.v.t",IF(U65="n.v.t",IF(U66="n.v.t",IF(U67="n.v.t",IF(U68="n.v.t",IF(U69="n.v.t",IF(U70="n.v.t","",U70),U69),U68),U67),U66),U65),U64),U63),U62),U61),U60),U59),U39),U26),U16) -> 0 | V8: =IF(V16="n.v.t",IF(V26="n.v.t",IF(V39="n.v.t",IF(V59="n.v.t",IF(V60="n.v.t",IF(V61="n.v.t",IF(V62="n.v.t",IF(V63="n.v.t",IF(V64="n.v.t",IF(V65="n.v.t",IF(V66="n.v.t",IF(V67="n.v.t",IF(V68="n.v.t",IF(V69="n.v.t",IF(V70="n.v.t","",V70),V69),V68),V67),V66),V65),V64),V63),V62),V61),V60),V59),V39),V26),V16) -> 0 | W8: =IF(W16="n.v.t",IF(W26="n.v.t",IF(W39="n.v.t",IF(W59="n.v.t",IF(W60="n.v.t",IF(W61="n.v.t",IF(W62="n.v.t",IF(W63="n.v.t",IF(W64="n.v.t",IF(W65="n.v.t",IF(W66="n.v.t",IF(W67="n.v.t",IF(W68="n.v.t",IF(W69="n.v.t",IF(W70="n.v.t","",W70),W69),W68),W67),W66),W65),W64),W63),W62),W61),W60),W59),W39),W26),W16) -> 0 | X8: =IF(X16="n.v.t",IF(X26="n.v.t",IF(X39="n.v.t",IF(X59="n.v.t",IF(X60="n.v.t",IF(X61="n.v.t",IF(X62="n.v.t",IF(X63="n.v.t",IF(X64="n.v.t",IF(X65="n.v.t",IF(X66="n.v.t",IF(X67="n.v.t",IF(X68="n.v.t",IF(X69="n.v.t",IF(X70="n.v.t","",X70),X69),X68),X67),X66),X65),X64),X63),X62),X61),X60),X59),X39),X26),X16) -> 0 | Y8: =IF(Y16="n.v.t",IF(Y26="n.v.t",IF(Y39="n.v.t",IF(Y59="n.v.t",IF(Y60="n.v.t",IF(Y61="n.v.t",IF(Y62="n.v.t",IF(Y63="n.v.t",IF(Y64="n.v.t",IF(Y65="n.v.t",IF(Y66="n.v.t",IF(Y67="n.v.t",IF(Y68="n.v.t",IF(Y69="n.v.t",IF(Y70="n.v.t","",Y70),Y69),Y68),Y67),Y66),Y65),Y64),Y63),Y62),Y61),Y60),Y59),Y39),Y26),Y16) -> 0
A9: f | B9: Bereken de pensioendatum op site SVB | C9: 0 | D9: 0 | E9: Bereken de juiste AOW datum op: | G9: https://www.svb.nl/int/nl/aow/wat_is_de_aow/wanneer_aow/ | L9: 3 | M9: =IF(Q17="n.v.t",IF(Q27="n.v.t",IF(Q40="n.v.t",IF(Q71="n.v.t","???",Q71),Q40),Q27),Q17) -> 0 | N9: =IF($Q17="n.v.t",IF($Q27="n.v.t",IF($Q40="n.v.t",IF($Q71="n.v.t","???",S71),S40),S27),S17) -> 3: 34818 t/m 68507 tarief: 38,1% - Max. 12836 | Q9: =IF(R17="n.v.t",IF(R27="n.v.t",IF(R40="n.v.t",IF(R71="n.v.t","???",R71),R40),R27),R17) -> 0 | R9: =IF($R17="n.v.t",IF(R27="n.v.t",IF(R40="n.v.t",IF(R71="n.v.t","???",S71),S40),S27),S17) -> 3: 34818 t/m 68507 tarief: 38,1% - Max. 12836 | T9: =IF(T17="n.v.t",IF(T27="n.v.t",IF(T40="n.v.t",IF(T71="n.v.t","???",T71),T40),T27),T17) -> 0 | U9: =IF(U17="n.v.t",IF(U27="n.v.t",IF(U40="n.v.t",IF(U71="n.v.t","???",U71),U40),U27),U17) -> 0 | V9: =IF(V17="n.v.t",IF(V27="n.v.t",IF(V40="n.v.t",IF(V71="n.v.t","???",V71),V40),V27),V17) -> 0 | W9: =IF(W17="n.v.t",IF(W27="n.v.t",IF(W40="n.v.t",IF(W71="n.v.t","???",W71),W40),W27),W17) -> 0 | X9: =IF(X17="n.v.t",IF(X27="n.v.t",IF(X40="n.v.t",IF(X71="n.v.t","???",X71),X40),X27),X17) -> 0 | Y9: =IF(Y17="n.v.t",IF(Y27="n.v.t",IF(Y40="n.v.t",IF(Y71="n.v.t","???",Y71),Y40),Y27),Y17) -> 0
A10: g | B10: Is o.b.v. berekeningsdatum de AOW-leeftijd bereikt? | C10: =IF(C$9<=$C$15,"Ja","Nee") -> Ja | D10: =IF(D$9<=$C$15,"Ja","Nee") -> Ja | E10: Ja/Nee wordt bepaald o.b.v. de ingevulde pensioendatum & ingevulde berekeningsdatum (cel C13) | L10: 4 | M10: =IF(Q18="n.v.t",IF(Q28="n.v.t",IF(Q41="n.v.t",IF(Q72="n.v.t","???",Q72),Q41),Q28),Q18) -> 0 | N10: =IF($Q18="n.v.t",IF($Q28="n.v.t",IF($Q41="n.v.t",IF($Q72="n.v.t","???",S72),S41),S28),S18) -> 4: vanaf 68508 tarief: 51,75% | Q10: =IF(R18="n.v.t",IF(R28="n.v.t",IF(R41="n.v.t",IF(R72="n.v.t","???",R72),R41),R28),R18) -> 0 | R10: =IF($R18="n.v.t",IF(R28="n.v.t",IF(R41="n.v.t",IF(R72="n.v.t","???",S72),S41),S28),S18) -> 4: vanaf 68508 tarief: 51,75% | T10: =IF(T18="n.v.t",IF(T28="n.v.t",IF(T41="n.v.t",IF(T72="n.v.t","???",T72),T41),T28),T18) -> 0 | U10: =IF(U18="n.v.t",IF(U28="n.v.t",IF(U41="n.v.t",IF(U72="n.v.t","???",U72),U41),U28),U18) -> 0 | V10: =IF(V18="n.v.t",IF(V28="n.v.t",IF(V41="n.v.t",IF(V72="n.v.t","???",V72),V41),V28),V18) -> 0 | W10: =IF(W18="n.v.t",IF(W28="n.v.t",IF(W41="n.v.t",IF(W72="n.v.t","???",W72),W41),W28),W18) -> 0 | X10: =IF(X18="n.v.t",IF(X28="n.v.t",IF(X41="n.v.t",IF(X72="n.v.t","???",X72),X41),X28),X18) -> 0 | Y10: =IF(Y18="n.v.t",IF(Y28="n.v.t",IF(Y41="n.v.t",IF(Y72="n.v.t","???",Y72),Y41),Y28),Y18) -> 0
A11: h | B11: Leeftijd van 66 jaar wordt bereikt op | C11: =DATE(YEAR(C5)+66,MONTH(C5),DAY(C5)) -> 24107 | D11: =DATE(YEAR(D5)+66,MONTH(D5),DAY(D5)) -> 24107 | E11: Wordt gebruikt bij de netto --> bruto alimentatie berekening | M11: =SUM(M7:M10) -> 0 | Q11: =SUM(Q7:Q10) -> 0 | T11: =SUM(T7:T10) -> 0 | U11: =SUM(U7:U10) -> 0 | V11: =SUM(V7:V10) -> 0 | W11: =SUM(W7:W10) -> 0 | X11: =SUM(X7:X10) -> 0 | Y11: =SUM(Y7:Y10) -> 0
A12: i | B12: Leeftijd van 66 jaar + 4 maanden wordt bereikt op | C12: =EDATE(DATE(YEAR(C11),MONTH(C11),DAY(C11)),4) -> 24227 | D12: =EDATE(DATE(YEAR(D11),MONTH(D11),DAY(D11)),4) -> 24227 | E12: Wordt gebruikt bij de netto --> bruto alimentatie berekening
L13: Belasting schijf box 1 in 2019 AOW leeftijd nog niet bereikt | P13: https://www.belastingdienst.nl/wps/wcm/connect/bldcontentnl/belastingdienst/prive/inkomstenbelasting/heffingskortingen_boxen_tarieven/boxen_en_tarieven/overzicht_tarieven_en_schijven/ | T13: Belasting bij kinderalimentatie | U13: Belasting bij kinderalimentatie | V13: Belasting | W13: Belasting | X13: Netto behoefte bedrag | Y13: Bruto behoefte bedrag
A14: Nr. | B14: Berekeningsdatum & jaar | C14: Waarde | D14: Opmerkingen | L14: Schijf | M14: Vanaf | N14: Tot en met | O14: Percentage | P14: Maximaal | Q14: =$C$4 -> AP | R14: =$D$4 -> AG | S14: Samengevoegd
A15: j | B15: Berekeningsdatum vastgezet op | C15: 43466 | D15: Vul hier de datum is waarop de berekening moet worden vastgezet, standaard staat hier de datum van vandaag | L15: 1 | M15: 0 | N15: 20384 | O15: 0.3665 | P15: =ROUND(O15*N15,0) -> 7471 | Q15: =IF(C$10="Nee",IF($N$3>$N15,$N15*$O15,$N$3*$O15),"n.v.t") -> n.v.t | R15: =IF(D$10="Nee",IF($R$3>$N15,$N15*$O15,$R$3*$O15),"n.v.t") -> n.v.t | S15: =CONCATENATE(L15,": ",M15," t/m ",N15," tarief: ",(O15*100),"% - Max. ",ROUND(P15,0)) -> 1: 0 t/m 20384 tarief: 36,65% - Max. 7471 | T15: =IF(C$10="Nee",IF($T$3>$N15,$N15*$O15,$T$3*$O15),"n.v.t") -> n.v.t | U15: =IF(D$10="Nee",IF($U$3>$N15,$N15*$O15,$U$3*$O15),"n.v.t") -> n.v.t | V15: =IF(C$10="Nee",IF($N$3-$V$4>$N15,$N15*$O15,($N$3-$V$4)*$O15),"n.v.t") -> n.v.t | W15: =IF(D$10="Nee",IF($R$3+$W$4>$N15,$N15*$O15,($R$3+$W$4)*$O15),"n.v.t") -> n.v.t | X15: =IF($D$10="Nee",IF($X$4<=$M15,0,IF($X$4>$N15-SUM($P$15:$P15),$N15-$P15,$X$4)),"n.v.t") -> n.v.t | Y15: =IF(X15="n.v.t",X15,X15/(1-$O15)) -> n.v.t
A16: k | B16: Alimentatieberekeningsjaar | C16: =YEAR(C15) -> 2019 | D16: Deze wordt bepaald o.b.v. berekeningsdatum, wordt gebruikt in de diverse tabellen om de juiste tabel te kiezen | L16: 2 | M16: =N15+1 -> 20385 | N16: 34300 | O16: 0.381 | P16: =ROUND(O16*(N16-N15),0) -> 5302 | Q16: =IF(C$10="Nee",IF($N$3<$M16,0,IF($N$3>$N16,($N16-$N15)*$O16,($N$3-$N15)*$O16)),"n.v.t") -> n.v.t | R16: =IF(D$10="Nee",IF($R$3<$M16,0,IF($R$3>$N16,($N16-$N15)*$O16,($R$3-$N15)*$O16)),"n.v.t") -> n.v.t | S16: =CONCATENATE(L16,": ",M16," t/m ",N16," tarief: ",(O16*100),"% - Max. ",ROUND(P16,0)) -> 2: 20385 t/m 34300 tarief: 38,1% - Max. 5302 | T16: =IF(C$10="Nee",IF($T$3<$M16,0,IF($T$3>$N16,($N16-$N15)*$O16,($T$3-$N15)*$O16)),"n.v.t") -> n.v.t | U16: =IF(D$10="Nee",IF($U$3<$M16,0,IF($U$3>$N16,($N16-$N15)*$O16,($U$3-$N15)*$O16)),"n.v.t") -> n.v.t | V16: =IF(C$10="Nee",IF($N$3-$V$4<$M16,0,IF($N$3-$V$4>$N16,($N16-$N15)*$O16,($N$3-$V$4-$N15)*$O16)),"n.v.t") -> n.v.t | W16: =IF(D$10="Nee",IF($R$3+$W$4<$M16,0,IF($R$3+$W$4>$N16,($N16-$N15)*$O16,($R$3+$W$4-$N15)*$O16)),"n.v.t") -> n.v.t | X16: =IF($D$10="Nee",IF($X$4<$M16-SUM($P$15:$P15),0,IF($X$4>$N16-SUM($P$15:$P16),$N16-$M16-$P16,$X$4-SUM(X$15:X15))),"n.v.t") -> n.v.t | Y16: =IF(X16="n.v.t",X16,X16/(1-$O16)) -> n.v.t
L17: 3 | M17: =N16+1 -> 34301 | N17: 68507 | O17: 0.381 | P17: =ROUND(O17*(N17-N16),0) -> 13033 | Q17: =IF(C$10="Nee",IF($N$3<$M17,0,IF($N$3>$N17,($N17-$N16)*$O17,($N$3-$N16)*$O17)),"n.v.t") -> n.v.t | R17: =IF(D$10="Nee",IF($R$3<$M17,0,IF($R$3>$N17,($N17-$N16)*$O17,($R$3-$N16)*$O17)),"n.v.t") -> n.v.t | S17: =CONCATENATE(L17,": ",M17," t/m ",N17," tarief: ",(O17*100),"% - Max. ",ROUND(P17,0)) -> 3: 34301 t/m 68507 tarief: 38,1% - Max. 13033 | T17: =IF(C$10="Nee",IF($T$3<$M17,0,IF($T$3>$N17,($N17-$N16)*$O17,($T$3-$N16)*$O17)),"n.v.t") -> n.v.t | U17: =IF(D$10="Nee",IF($U$3<$M17,0,IF($U$3>$N17,($N17-$N16)*$O17,($U$3-$N16)*$O17)),"n.v.t") -> n.v.t | V17: =IF(C$10="Nee",IF($N$3-$V$4<$M17,0,IF($N$3-$V$4>$N17,($N17-$N16)*$O17,($N$3-$V$4-$N16)*$O17)),"n.v.t") -> n.v.t | W17: =IF(D$10="Nee",IF($R$3+$W$4<$M17,0,IF($R$3+$W$4>$N17,($N17-$N16)*$O17,($R$3+$W$4-$N16)*$O17)),"n.v.t") -> n.v.t | X17: =IF($D$10="Nee",IF($X$4<$M17-SUM($P$15:$P16),0,IF($X$4>$N17-SUM($P$15:$P17),$N17-$M17-$P17,$X$4-SUM(X$15:X16))),"n.v.t") -> n.v.t | Y17: =IF(X17="n.v.t",X17,X17/(1-$O17)) -> n.v.t
A18: Nr. | B18: (Eerdere) alimentatie gegevens: | C18: Waarde | D18: Opmerkingen | L18: 4 | M18: =N17+1 -> 68508 | O18: 0.5175 | P18: =IF(N3<M18,0,(N3-Basisgegevens!N17)*Basisgegevens!O18) -> 0 | Q18: =IF(C$10="Nee",IF($N$3<$M18,0,($N$3-$N17)*$O18),"n.v.t") -> n.v.t | R18: =IF(D$10="Nee",IF($R$3<$M18,0,($R$3-$N17)*$O18),"n.v.t") -> n.v.t | S18: =CONCATENATE(L18,": vanaf ",M18," tarief: ",(O18*100),"%") -> 4: vanaf 68508 tarief: 51,75% | T18: =IF(C$10="Nee",IF($T$3<$M18,0,($T$3-$N17)*$O18),"n.v.t") -> n.v.t | U18: =IF(D$10="Nee",IF($U$3<$M18,0,($U$3-$N17)*$O18),"n.v.t") -> n.v.t | V18: =IF(C$10="Nee",IF($N$3-$V$4<$M18,0,($N$3-$V$4-$N17)*$O18),"n.v.t") -> n.v.t | W18: =IF(D$10="Nee",IF($R$3+$W$4<$M18,0,($R$3+$W$4-$N17)*$O18),"n.v.t") -> n.v.t | X18: =IF($D$10="Nee",IF($X$4<$M18-SUM($P$15:$P17),0,IF($X$4>=$M18-SUM($P$15:$P17),$X$4-SUM(X$15:X17))),"n.v.t") -> n.v.t | Y18: =IF(X18="n.v.t",X18,X18/(1-$O18)) -> n.v.t
A19: l | B19: Jaar van scheiding (t.b.v. NBI K.A.) | C19: =YEAR(C15) -> 2019 | D19: Als het om een herberekening gaat hier het jaar waarin de officiele scheiding is uitgesproken invullen | O19: Verschuldigde belasting: | Q19: =SUM(Q15:Q18) -> 0 | R19: =SUM(R15:R18) -> 0 | T19: =SUM(T15:T18) -> 0 | U19: =SUM(U15:U18) -> 0 | V19: =SUM(V15:V18) -> 0 | W19: =SUM(W15:W18) -> 0 | X19: =SUM(X15:X18) -> 0 | Y19: =SUM(Y15:Y18) -> 0
A20: m | B20: Vastgesteld NBI in (eerdere) scheidingsjaar | C20: 0 | D20: Als het om een herberekening gaat hier het Netto Besteedbaar Gezinsinkomen uit het jaar van scheiding invullen
A21: n | B21: Berekeningstijdvak | C21: 2019 - 2e halfjaar
L22: Belasting schijf box 1 AOW leeftijd is VOOR 2019 bereikt EN: | P22: https://www.belastingdienst.nl/wps/wcm/connect/bldcontentnl/belastingdienst/prive/inkomstenbelasting/heffingskortingen_boxen_tarieven/boxen_en_tarieven/overzicht_tarieven_en_schijven/
A23: 41 | B23: Inkomsten uit arbeid | C23: =$C$4 -> AP | E23: =$D$4 -> AG | M23: Geboren voor: | N23: 16803 | T23: Belasting bij kinderalimentatie | U23: Belasting bij kinderalimentatie | V23: Netto behoefte bedrag | W23: Bruto behoefte bedrag | X23: Netto behoefte bedrag | Y23: Bruto behoefte bedrag
B24: Loon per: | C24: Maand | D24: Loon per: | E24: Maand | L24: Schijf | M24: Begin | N24: Eind | O24: Percentage | P24: Maximaal | Q24: =$C$4 -> AP | R24: =$D$4 -> AG | S24: Samengevoegd
A25: Nr. | B25: Omschrijving | C25: =IF(C24="Maand","Maandloon",IF(C24="4 Weken","4-Wekenloon",IF(C24="Anders","Anders",""))) -> Maandloon | D25: Jaarloon | E25: =IF(E24="Maand","Maandloon",IF(E24="4 Weken","4-Wekenloon",IF(E24="Anders","Anders",""))) -> Maandloon | F25: Jaarloon | G25: Opmerkingen | L25: 1 | M25: 0 | N25: 20384 | O25: 0.1875 | P25: =O25*N25 -> 3822 | Q25: =IF(AND(C$5<$N$23,C$10="Ja"),IF($N$3>$N25,$N25*$O25,$N$3*$O25),"n.v.t") -> 0 | R25: =IF(AND(D$5<$N$23,D$10="Ja"),IF($R$3>$N25,$N25*$O25,$R$3*$O25),"n.v.t") -> 0 | S25: =CONCATENATE(L25,": ",M25," t/m ",N25," tarief: ",(O25*100),"% - Max. ",ROUND(P25,0)) -> 1: 0 t/m 20384 tarief: 18,75% - Max. 3822 | T25: =IF(AND(C$5<$N$23,C$10="Ja"),IF($T$3>$N25,$N25*$O25,$T$3*$O25),"n.v.t") -> 0 | U25: =IF(AND(D$5<$N$23,D$10="Ja"),IF($U$3>$N25,$N25*$O25,$U$3*$O25),"n.v.t") -> 0 | V25: =IF(AND(C$5<$N$23,C$10="Ja"),IF($N$3-$V$4>$N25,$N25*$O25,($N$3-$V$4)*$O25),"n.v.t") -> 0 | W25: =IF(AND(D$5<$N$23,D$10="Ja"),IF($R$3+$W$4>$N25,$N25*$O25,($R$3+$W$4)*$O25),"n.v.t") -> 0 | X25: =IF(AND(D$5<$N$23,D$10="Ja"),IF($X$4<=M25,0,IF($X$4>N25-SUM(P$25:P25),N25-P25,$X$4)),"n.v.t") -> 0 | Y25: =IF(X25="n.v.t",X25,X25/(1-$O25)) -> 0
B26: Bruto salaris | C26: 0 | D26: =IF(C$24="Maand",C26*12,IF(C$24="4 Weken",C26*13,0)) -> 0 | E26: 0 | F26: =IF(E$24="Maand",E26*12,IF(E$24="4 Weken",E26*13,0)) -> 0 | G26: Telt mee in vakantiegeldberekening | L26: 2 | M26: =N25+1 -> 20385 | N26: 34817 | O26: 0.202 | P26: =O26*(N26-N25) -> 2915.466 | Q26: =IF(AND(C$5<$N$23,C$10="Ja"),IF($N$3<$M26,0,IF($N$3>$N26,($N26-$N25)*$O26,($N$3-$N25)*$O26)),"n.v.t") -> 0 | R26: =IF(AND(D$5<$N$23,D$10="Ja"),IF($R$3<$M26,0,IF($R$3>$N26,($N26-$N25)*$O26,($R$3-$N25)*$O26)),"n.v.t") -> 0 | S26: =CONCATENATE(L26,": ",M26," t/m ",N26," tarief: ",(O26*100),"% - Max. ",ROUND(P26,0)) -> 2: 20385 t/m 34817 tarief: 20,2% - Max. 2915 | T26: =IF(AND(C$5<$N$23,C$10="Ja"),IF($T$3<$M26,0,IF($T$3>$N26,($N26-$N25)*$O26,($T$3-$N25)*$O26)),"n.v.t") -> 0 | U26: =IF(AND(D$5<$N$23,D$10="Ja"),IF($U$3<$M26,0,IF($U$3>$N26,($N26-$N25)*$O26,($U$3-$N25)*$O26)),"n.v.t") -> 0 | V26: =IF(AND(C$5<$N$23,C$10="Ja"),IF($N$3-$V$4<$M26,0,IF($N$3-$V$4>$N26,($N26-$N25)*$O26,($N$3-$V$4-$N25)*$O26)),"n.v.t") -> 0 | W26: =IF(AND(D$5<$N$23,D$10="Ja"),IF($R$3+$W$4<$M26,0,IF($R$3+$W$4>$N26,($N26-$N25)*$O26,($R$3+$W$4-$N25)*$O26)),"n.v.t") -> 0 | X26: =IF(AND(D$5<$N$23,D$10="Ja"),IF($X$4<M26-SUM(P$25:P25),0,IF($X$4>N26-SUM(P$25:P26),N26-M26-P26,$X$4-SUM(X$25:X25))),"n.v.t") -> 0 | Y26: =IF(X26="n.v.t",X26,X26/(1-$O26)) -> 0
B27: (Vaste) toelage | C27: 0 | D27: =IF(C$24="Maand",C27*12,IF(C$24="4 Weken",C27*13,0)) -> 0 | E27: 0 | F27: =IF(E$24="Maand",E27*12,IF(E$24="4 Weken",E27*13,0)) -> 0 | G27: Telt mee in vakantiegeldberekening | L27: 3 | M27: =N26+1 -> 34818 | N27: 68507 | O27: 0.381 | P27: =O27*(N27-N26) -> 12835.89 | Q27: =IF(AND(C$5<$N$23,C$10="Ja"),IF($N$3<$M27,0,IF($N$3>$N27,($N27-$N26)*$O27,($N$3-$N26)*$O27)),"n.v.t") -> 0 | R27: =IF(AND(D$5<$N$23,D$10="Ja"),IF($R$3<$M27,0,IF($R$3>$N27,($N27-$N26)*$O27,($R$3-$N26)*$O27)),"n.v.t") -> 0 | S27: =CONCATENATE(L27,": ",M27," t/m ",N27," tarief: ",(O27*100),"% - Max. ",ROUND(P27,0)) -> 3: 34818 t/m 68507 tarief: 38,1% - Max. 12836 | T27: =IF(AND(C$5<$N$23,C$10="Ja"),IF($T$3<$M27,0,IF($T$3>$N27,($N27-$N26)*$O27,($T$3-$N26)*$O27)),"n.v.t") -> 0 | U27: =IF(AND(D$5<$N$23,D$10="Ja"),IF($U$3<$M27,0,IF($U$3>$N27,($N27-$N26)*$O27,($U$3-$N26)*$O27)),"n.v.t") -> 0 | V27: =IF(AND(C$5<$N$23,C$10="Ja"),IF($N$3-$V$4<$M27,0,IF($N$3-$V$4>$N27,($N27-$N26)*$O27,($N$3-$V$4-$N26)*$O27)),"n.v.t") -> 0 | W27: =IF(AND(D$5<$N$23,D$10="Ja"),IF($R$3+$W$4<$M27,0,IF($R$3+$W$4>$N27,($N27-$N26)*$O27,($R$3+$W$4-$N26)*$O27)),"n.v.t") -> 0 | X27: =IF(AND(D$5<$N$23,D$10="Ja"),IF($X$4<M27-SUM(P$25:P26),0,IF($X$4>N27-SUM(P$25:P27),N27-M27-P27,$X$4-SUM(X$25:X26))),"n.v.t") -> 0 | Y27: =IF(X27="n.v.t",X27,X27/(1-$O27)) -> 0
B28: Inkomenstoeslag / Bonus | C28: 0 | D28: =IF(C$24="Maand",C28*12,IF(C$24="4 Weken",C28*13,0)) -> 0 | E28: 0 | F28: =IF(E$24="Maand",E28*12,IF(E$24="4 Weken",E28*13,0)) -> 0 | G28: Telt niet mee in de berekening van het vakantiegeld | L28: 4 | M28: =N27+1 -> 68508 | O28: 0.5175 | P28: =IF(Q23<M28,0,(Q23-Basisgegevens!N27)*Basisgegevens!O28) -> 0 | Q28: =IF(AND(C$5<$N$23,C$10="Ja"),IF($N$3<$M28,0,($N$3-$N27)*$O28),"n.v.t") -> 0 | R28: =IF(AND(D$5<$N$23,D$10="Ja"),IF($R$3<$M28,0,($R$3-$N27)*$O28),"n.v.t") -> 0 | S28: =CONCATENATE(L28,": vanaf ",M28," tarief: ",(O28*100),"%") -> 4: vanaf 68508 tarief: 51,75% | T28: =IF(AND(C$5<$N$23,C$10="Ja"),IF($T$3<$M28,0,($T$3-$N27)*$O28),"n.v.t") -> 0 | U28: =IF(AND(D$5<$N$23,D$10="Ja"),IF($U$3<$M28,0,($U$3-$N27)*$O28),"n.v.t") -> 0 | V28: =IF(AND(C$5<$N$23,C$10="Ja"),IF($N$3-$V$4<$M28,0,($N$3-$V$4-$N27)*$O28),"n.v.t") -> 0 | W28: =IF(AND(D$5<$N$23,D$10="Ja"),IF($R$3+$W$4<$M28,0,($R$3+$W$4-$N27)*$O28),"n.v.t") -> 0 | X28: =IF(AND(D$5<$N$23,D$10="Ja"),IF($X$4<M28-SUM(P$25:P27),0,IF($X$4>=M28-SUM(P$25:P27),$X$4-SUM(X$25:X27))),"n.v.t") -> 0 | Y28: =IF(X28="n.v.t",X28,X28/(1-$O28)) -> 0
A29: 41 | B29: Totaal bruto maandloon | C29: =SUM(C26:C28) -> 0 | D29: =SUM(D26:D28) -> 0 | E29: =SUM(E26:E28) -> 0 | F29: =SUM(F26:F28) -> 0 | O29: Verschuldigde belasting: | Q29: =SUM(Q25:Q28) -> 0 | R29: =SUM(R25:R28) -> 0 | T29: =SUM(T25:T28) -> 0 | U29: =SUM(U25:U28) -> 0 | V29: =SUM(V25:V28) -> 0 | W29: =SUM(W25:W28) -> 0 | X29: =SUM(X25:X28) -> 0 | Y29: =SUM(Y25:Y28) -> 0
A30: 46 | B30: (Structurele) inkomsten uit overwerk | C30: 0 | D30: =IF(C$24="Maand",C30*12,IF(C$24="4 Weken",C30*13,0)) -> 0 | E30: 0 | F30: =IF(E$24="Maand",E30*12,IF(E$24="4 Weken",E30*13,0)) -> 0 | G30: Telt vanaf 1-1-2019 mee in vakantiegeldberekening
A31: 44 | B31: Vakantietoeslag (vul % in) | C31: 0.08 | D31: =C31*(D26+D27+D30) -> 0 | E31: 0.08 | F31: =E31*(F26+F27+F30) -> 0
B32: Vakantiegeld telt mee in jaarloon voor post 48? | C32: Nee | E32: Nee
A33: 47 | B33: 13e maand / 14e periodiek | C33: 0 | D33: =IF(C$24="Anders",0,C33) -> 0 | E33: 0 | F33: =IF(E$24="Anders",0,E33) -> 0
A34: 48 | B34: Eindejaarsuitkering (vul % in) | C34: 0 | D34: =IF(C32="Ja",(D26+D31)*C34,D26*C34) -> 0 | E34: 0 | F34: =IF(E32="Ja",(F26+F31)*E34,F26*E34) -> 0
B35: Bruto jaarloon | D35: =SUM(D29:D34) -> 0 | F35: =SUM(F29:F34) -> 0 | L35: Belasting schijf box 1 AOW leeftijd is VOOR 2019 bereikt EN: | P35: https://www.belastingdienst.nl/wps/wcm/connect/bldcontentnl/belastingdienst/prive/inkomstenbelasting/heffingskortingen_boxen_tarieven/boxen_en_tarieven/overzicht_tarieven_en_schijven/
M36: Geboren op/na: | N36: =N23 -> 16803 | O36: Geboren voor: | P36: 19360 | T36: Belasting bij kinderalimentatie | U36: Belasting bij kinderalimentatie | V36: Netto behoefte bedrag | W36: Bruto behoefte bedrag | X36: Netto behoefte bedrag | Y36: Bruto behoefte bedrag
A37: 45 | B37: Bruto arbeidsinkomen bouw inclusief belast deel waarde vakantiebonnen | L37: Schijf | M37: Begin | N37: Eind | O37: Percentage | P37: Maximaal | Q37: =$C$4 -> AP | R37: =$D$4 -> AG | S37: Samengevoegd
A38: Nr. | B38: Omschrijving | C38: =$C$4 -> AP | D38: Jaarloon | E38: =$D$4 -> AG | F38: Jaarloon | G38: Opmerkingen | L38: 1 | M38: 0 | N38: 20384 | O38: 0.1875 | P38: =O38*N38 -> 3822 | Q38: =IF(AND(C$5>=$N$36,C$5<$P$36,C$10="Ja"),IF($N$3>$N38,$N38*$O38,$N$3*$O38),"n.v.t") -> n.v.t | R38: =IF(AND(D$5>=$N$36,D$5<$P$36,D$10="Ja"),IF($R$3>$N38,$N38*$O38,$R$3*$O38),"n.v.t") -> n.v.t | S38: =CONCATENATE(L38,": ",M38," t/m ",N38," tarief: ",(O38*100),"% - Max. ",ROUND(P38,0)) -> 1: 0 t/m 20384 tarief: 18,75% - Max. 3822 | T38: =IF(AND(C$5>=$N$36,C$5<$P$36,C$10="Ja"),IF($T$3>$N38,$N38*$O38,$T$3*$O38),"n.v.t") -> n.v.t | U38: =IF(AND(D$5>=$N$36,D$5<$P$36,D$10="Ja"),IF($U$3>$N38,$N38*$O38,$U$3*$O38),"n.v.t") -> n.v.t | V38: =IF(AND(C$5>=$N$36,C$5<$P$36,C$10="Ja"),IF($N$3-$V$4>$N38,$N38*$O38,($N$3-$V$4)*$O38),"n.v.t") -> n.v.t | W38: =IF(AND(D$5>=$N$36,D$5<$P$36,D$10="Ja"),IF($R$3+$W$4>$N38,$N38*$O38,($R$3+$W$4)*$O38),"n.v.t") -> n.v.t | X38: =IF(AND(D$5>=$N$36,D$5<=$P$36,D$10="Ja"),IF($X$4<M38,0,IF($X$4>N38-SUM(P$38:P38),N38-P38,$X$4)),"n.v.t") -> n.v.t | Y38: =IF(X38="n.v.t",X38,X38/(1-$O38)) -> n.v.t
B39: Bruto weekinkomen | C39: 0 | E39: 0 | G39: Dit is de gebruikelijke berekening als er sprake is van een weekloon: (46 x bruto weekloon) + (46 x belaste waarde vakantiebonnen) | L39: 2 | M39: =N38+1 -> 20385 | N39: 34300 | O39: 0.202 | P39: =O39*(N39-N38) -> 2811.032 | Q39: =IF(AND(C$5>=$N$36,C$5<$P$36,C$10="Ja"),IF($N$3<$M39,0,IF($N$3>$N39,($N39-$N38)*$O39,($N$3-$N38)*$O39)),"n.v.t") -> n.v.t | R39: =IF(AND(D$5>=$N$36,D$5<$P$36,D$10="Ja"),IF($R$3<$M39,0,IF($R$3>$N39,($N39-$N38)*$O39,($R$3-$N38)*$O39)),"n.v.t") -> n.v.t | S39: =CONCATENATE(L39,": ",M39," t/m ",N39," tarief: ",(O39*100),"% - Max. ",ROUND(P39,0)) -> 2: 20385 t/m 34300 tarief: 20,2% - Max. 2811 | T39: =IF(AND(C$5>=$N$36,C$5<$P$36,C$10="Ja"),IF($T$3<$M39,0,IF($T$3>$N39,($N39-$N38)*$O39,($T$3-$N38)*$O39)),"n.v.t") -> n.v.t | U39: =IF(AND(D$5>=$N$36,D$5<$P$36,D$10="Ja"),IF($U$3<$M39,0,IF($U$3>$N39,($N39-$N38)*$O39,($U$3-$N38)*$O39)),"n.v.t") -> n.v.t | V39: =IF(AND(C$5>=$N$36,C$5<$P$36,C$10="Ja"),IF($N$3-$V$4<$M39,0,IF($N$3-$V$4>$N39,($N39-$N38)*$O39,($N$3-$V$4-$N38)*$O39)),"n.v.t") -> n.v.t | W39: =IF(AND(D$5>=$N$36,D$5<$P$36,D$10="Ja"),IF($R$3+$W$4<$M39,0,IF($R$3+$W$4>$N39,($N39-$N38)*$O39,($R$3+$W$4-$N38)*$O39)),"n.v.t") -> n.v.t | X39: =IF(AND(D$5>=$N$36,D$5<$P$36,D$10="Ja"),IF($X$4<M39-SUM(P$38:P38),0,IF($X$4>N39-SUM(P$38:P39),N39-M39-P39,$X$4-SUM(X$38:X38))),"n.v.t") -> n.v.t | Y39: =IF(X39="n.v.t",X39,X39/(1-$O39)) -> n.v.t
B40: Belaste waarde van de vakantiebonnen | C40: 0 | E40: 0 | L40: 3 | M40: =N39+1 -> 34301 | N40: 68507 | O40: 0.381 | P40: =O40*(N40-N39) -> 13032.867 | Q40: =IF(AND(C$5>=$N$36,C$5<$P$36,C$10="Ja"),IF($N$3<$M40,0,IF($N$3>$N40,($N40-$N39)*$O40,($N$3-$N39)*$O40)),"n.v.t") -> n.v.t | R40: =IF(AND(D$5>=$N$36,D$5<$P$36,D$10="Ja"),IF($R$3<$M40,0,IF($R$3>$N40,($N40-$N39)*$O40,($R$3-$N39)*$O40)),"n.v.t") -> n.v.t | S40: =CONCATENATE(L40,": ",M40," t/m ",N40," tarief: ",(O40*100),"% - Max. ",ROUND(P40,0)) -> 3: 34301 t/m 68507 tarief: 38,1% - Max. 13033 | T40: =IF(AND(C$5>=$N$36,C$5<$P$36,C$10="Ja"),IF($T$3<$M40,0,IF($T$3>$N40,($N40-$N39)*$O40,($T$3-$N39)*$O40)),"n.v.t") -> n.v.t | U40: =IF(AND(D$5>=$N$36,D$5<$P$36,D$10="Ja"),IF($U$3<$M40,0,IF($U$3>$N40,($N40-$N39)*$O40,($U$3-$N39)*$O40)),"n.v.t") -> n.v.t | V40: =IF(AND(C$5>=$N$36,C$5<$P$36,C$10="Ja"),IF($N$3-$V$4<$M40,0,IF($N$3-$V$4>$N40,($N40-$N39)*$O40,($N$3-$V$4-$N39)*$O40)),"n.v.t") -> n.v.t | W40: =IF(AND(D$5>=$N$36,D$5<$P$36,D$10="Ja"),IF($R$3+$W$4<$M40,0,IF($R$3+$W$4>$N40,($N40-$N39)*$O40,($R$3+$W$4-$N39)*$O40)),"n.v.t") -> n.v.t | X40: =IF(AND(D$5>=$N$36,D$5<$P$36,D$10="Ja"),IF($X$4<M40-SUM(P$38:P39),0,IF($X$4>N40-SUM(P$38:P40),N40-M40-P40,$X$4-SUM(X$38:X39))),"n.v.t") -> n.v.t | Y40: =IF(X40="n.v.t",X40,X40/(1-$O40)) -> n.v.t
A41: 45 | B41: Fiscale bruto jaarinkomen | C41: =SUM(C39:C40) -> 0 | D41: =46*C41 -> 0 | E41: =SUM(E39:E40) -> 0 | F41: =46*E41 -> 0 | L41: 4 | M41: =N40+1 -> 68508 | O41: 0.5175 | P41: =IF(Q36<M41,0,(Q36-Basisgegevens!N40)*Basisgegevens!O41) -> 0 | Q41: =IF(AND(C$5>=$N$36,C$5<$P$36,C$10="Ja"),IF($N$3<$M41,0,($N$3-$N40)*$O41),"n.v.t") -> n.v.t | R41: =IF(AND(D$5>=$N$36,D$5<$P$36,D$10="Ja"),IF($R$3<$M41,0,($R$3-$N40)*$O41),"n.v.t") -> n.v.t | S41: =CONCATENATE(L41,": vanaf ",M41," tarief: ",(O41*100),"%") -> 4: vanaf 68508 tarief: 51,75% | T41: =IF(AND(C$5>=$N$36,C$5<$P$36,C$10="Ja"),IF($T$3<$M41,0,($T$3-$N40)*$O41),"n.v.t") -> n.v.t | U41: =IF(AND(D$5>=$N$36,D$5<$P$36,D$10="Ja"),IF($U$3<$M41,0,($U$3-$N40)*$O41),"n.v.t") -> n.v.t | V41: =IF(AND(C$5>=$N$36,C$5<$P$36,C$10="Ja"),IF($N$3-$V$4<$M41,0,($N$3-$V$4-$N40)*$O41),"n.v.t") -> n.v.t | W41: =IF(AND(D$5>=$N$36,D$5<$P$36,D$10="Ja"),IF($R$3+$W$4<$M41,0,($R$3+$W$4-$N40)*$O41),"n.v.t") -> n.v.t | X41: =IF(AND(D$5>=$N$36,D$5<$P$36,D$10="Ja"),IF($X$4<M41-SUM(P$38:P40),0,IF($X$4>=M41-SUM(P$38:P40),$X$4-SUM(X$38:X40))),"n.v.t") -> n.v.t | Y41: =IF(X41="n.v.t",X41,X41/(1-$O41)) -> n.v.t
B42: Alternatief (= zelf handmatig berekend) | O42: Verschuldigde belasting: | Q42: =SUM(Q38:Q41) -> 0 | R42: =SUM(R38:R41) -> 0 | T42: =SUM(T38:T41) -> 0 | U42: =SUM(U38:U41) -> 0 | V42: =SUM(V38:V41) -> 0 | W42: =SUM(W38:W41) -> 0 | X42: =SUM(X38:X41) -> 0 | Y42: =SUM(Y38:Y41) -> 0
A43: 45 | B43: Fiscale bruto jaarinkomen | D43: 0 | F43: 0 | G43: Als weekloon n.v.t. is hier het berekende jaarbedrag invullen
T44: Belasting bij kinderalimentatie | U44: Belasting bij kinderalimentatie | V44: Netto behoefte bedrag | W44: Bruto behoefte bedrag | X44: Netto behoefte bedrag | Y44: Bruto behoefte bedrag
A45: 42 | B45: Bruto AOW uitkering | C45: =$C$4 -> AP | E45: =$D$4 -> AG | L45: Belasting schijf box 1 AOW leeftijd wordt in 2019 bereikt | P45: https://www.belastingdienst.nl/wps/wcm/connect/bldcontentnl/belastingdienst/prive/inkomstenbelasting/heffingskortingen_boxen_tarieven/boxen_en_tarieven/overzicht_tarieven_en_schijven/
B46: Uitkering per | C46: Maand | D46: Uitkering per | E46: Maand | L46: Schijf | M46: Begin | N46: Eind | O46: Percentage | P46: Maximaal | Q46: =$C$4 -> AP | R46: =$D$4 -> AG | S46: Samengevoegd | Z46: Maand
A47: Nr. | B47: Omschrijving | C47: =IF(C46="Maand","Per Maand",IF(C46="4 Weken","Per 4-weken",IF(C46="Anders","Anders",""))) -> Per Maand | D47: Jaarbedrag | E47: =IF(E46="Maand","Per Maand",IF(E46="4 Weken","Per 4-weken",IF(E46="Anders","Anders",""))) -> Per Maand | F47: Jaarbedrag | G47: Opmerkingen | L47: 1 | M47: 0 | N47: 20384 | O47: 0.1875 | P47: =O47*N47 -> 3822 | Q47: =IF(AND(C$10="Ja",YEAR(C$9)=$C$16,MONTH(C$9)=$Z47),IF($N$3>$N47,$N47*$O47,$N$3*$O47),"n.v.t") -> n.v.t | R47: =IF(AND(D$10="Ja",YEAR(D$9)=$C$16,MONTH(D$9)=$Z47),IF($N$3>$N47,$N47*$O47,$N$3*$O47),"n.v.t") -> n.v.t | S47: =CONCATENATE(L47,": ",M47," t/m ",N47," tarief: ",(O47*100),"% - Max. ",ROUND(P47,0)) -> 1: 0 t/m 20384 tarief: 18,75% - Max. 3822 | T47: =IF(AND(C$10="Ja",YEAR(C$9)=$C$16,MONTH(C$9)=$Z47),IF($T$3>$N47,$N47*$O47,$T$3*$O47),"n.v.t") -> n.v.t | U47: =IF(AND(D$10="Ja",YEAR(D$9)=$C$16,MONTH(D$9)=$Z47),IF($U$3>$N47,$N47*$O47,$U$3*$O47),"n.v.t") -> n.v.t | V47: =IF(AND(C$10="Ja",YEAR(C$9)=$C$16,MONTH(C$9)=$Z47),IF($V$4>$N47,$N47*$O47,$V$4*$O47),"n.v.t") -> n.v.t | W47: =IF(AND(D$10="Ja",YEAR(D$9)=$C$16,MONTH(D$9)=$Z47),IF($W$4>$N47,$N47*$O47,$W$4*$O47),"n.v.t") -> n.v.t | X47: =IF(AND(D$10="Ja",YEAR(D$9)=$C$16,MONTH(D$9)=$Z47),IF($X$4<=M47,0,IF($X$4>N47-P47,N47-P47,$X$4)),"n.v.t") -> n.v.t | Y47: =IF(X47="n.v.t",X47,X47/(1-$O47)) -> n.v.t | Z47: 1
B48: Bruto WW, WAO/WIA of AOW uitkering | C48: 0 | D48: =IF(C$24="Maand",C48*12,IF(C$24="4 Weken",C48*13,0)) -> 0 | E48: 0 | F48: =IF(E$24="Maand",E48*12,IF(E$24="4 Weken",E48*13,0)) -> 0 | G48: Zie maandspecificatie van de betreffende uitkering(en) | L48: 1 | M48: 0 | N48: =N47 -> 20384 | O48: 0.2024 | P48: =O48*N48 -> 4125.7216 | Q48: =IF(AND(C$10="Ja",YEAR(C$9)=$C$16,MONTH(C$9)=$Z48),IF($N$3>$N48,$N48*$O48,$N$3*$O48),"n.v.t") -> n.v.t | R48: =IF(AND(D$10="Ja",YEAR(D$9)=$C$16,MONTH(D$9)=$Z48),IF($N$3>$N48,$N48*$O48,$N$3*$O48),"n.v.t") -> n.v.t | S48: =CONCATENATE(L48,": ",M48," t/m ",N48," tarief: ",(O48*100),"% - Max. ",ROUND(P48,0)) -> 1: 0 t/m 20384 tarief: 20,24% - Max. 4126 | T48: =IF(AND(C$10="Ja",YEAR(C$9)=$C$16,MONTH(C$9)=$Z48),IF($T$3>$N48,$N48*$O48,$T$3*$O48),"n.v.t") -> n.v.t | U48: =IF(AND(D$10="Ja",YEAR(D$9)=$C$16,MONTH(D$9)=$Z48),IF($U$3>$N48,$N48*$O48,$U$3*$O48),"n.v.t") -> n.v.t | V48: =IF(AND(C$10="Ja",YEAR(C$9)=$C$16,MONTH(C$9)=$Z48),IF($V$4>$N48,$N48*$O48,$V$4*$O48),"n.v.t") -> n.v.t | W48: =IF(AND(D$10="Ja",YEAR(D$9)=$C$16,MONTH(D$9)=$Z48),IF($W$4>$N48,$N48*$O48,$W$4*$O48),"n.v.t") -> n.v.t | X48: =IF(AND(D$10="Ja",YEAR(D$9)=$C$16,MONTH(D$9)=$Z48),IF($X$4<=M48,0,IF($X$4>N48-P48,N48-P48,$X$4)),"n.v.t") -> n.v.t | Y48: =IF(X48="n.v.t",X48,X48/(1-$O48)) -> n.v.t | Z48: 2
B49: Vakantietoeslag (wordt jaarlijk vastgesteld) | C49: 0 | D49: =IF(C$24="Maand",C49*12,IF(C$24="4 Weken",C49*13,0)) -> 0 | E49: 0 | F49: =IF(E$24="Maand",E49*12,IF(E$24="4 Weken",E49*13,0)) -> 0 | G49: Zie maandspecificatie van de betreffende uitkering(en) | L49: 1 | M49: 0 | N49: =N48 -> 20384 | O49: 0.2173 | P49: =O49*N49 -> 4429.4432 | Q49: =IF(AND(C$10="Ja",YEAR(C$9)=$C$16,MONTH(C$9)=$Z49),IF($N$3>$N49,$N49*$O49,$N$3*$O49),"n.v.t") -> n.v.t | R49: =IF(AND(D$10="Ja",YEAR(D$9)=$C$16,MONTH(D$9)=$Z49),IF($N$3>$N49,$N49*$O49,$N$3*$O49),"n.v.t") -> n.v.t | S49: =CONCATENATE(L49,": ",M49," t/m ",N49," tarief: ",(O49*100),"% - Max. ",ROUND(P49,0)) -> 1: 0 t/m 20384 tarief: 21,73% - Max. 4429 | T49: =IF(AND(C$10="Ja",YEAR(C$9)=$C$16,MONTH(C$9)=$Z49),IF($T$3>$N49,$N49*$O49,$T$3*$O49),"n.v.t") -> n.v.t | U49: =IF(AND(D$10="Ja",YEAR(D$9)=$C$16,MONTH(D$9)=$Z49),IF($U$3>$N49,$N49*$O49,$U$3*$O49),"n.v.t") -> n.v.t | V49: =IF(AND(C$10="Ja",YEAR(C$9)=$C$16,MONTH(C$9)=$Z49),IF($V$4>$N49,$N49*$O49,$V$4*$O49),"n.v.t") -> n.v.t | W49: =IF(AND(D$10="Ja",YEAR(D$9)=$C$16,MONTH(D$9)=$Z49),IF($W$4>$N49,$N49*$O49,$W$4*$O49),"n.v.t") -> n.v.t | X49: =IF(AND(D$10="Ja",YEAR(D$9)=$C$16,MONTH(D$9)=$Z49),IF($X$4<=M49,0,IF($X$4>N49-P49,N49-P49,$X$4)),"n.v.t") -> n.v.t | Y49: =IF(X49="n.v.t",X49,X49/(1-$O49)) -> n.v.t | Z49: 3
A50: 42 | B50: 42: Bruto uitkering | C50: =SUM(C48:C49) -> 0 | D50: =SUM(D48:D49) -> 0 | E50: =SUM(E48:E49) -> 0 | F50: =SUM(F48:F49) -> 0 | L50: 1 | M50: 0 | N50: =N49 -> 20384 | O50: 0.2323 | P50: =O50*N50 -> 4735.2032 | Q50: =IF(AND(C$10="Ja",YEAR(C$9)=$C$16,MONTH(C$9)=$Z50),IF($N$3>$N50,$N50*$O50,$N$3*$O50),"n.v.t") -> n.v.t | R50: =IF(AND(D$10="Ja",YEAR(D$9)=$C$16,MONTH(D$9)=$Z50),IF($N$3>$N50,$N50*$O50,$N$3*$O50),"n.v.t") -> n.v.t | S50: =CONCATENATE(L50,": ",M50," t/m ",N50," tarief: ",(O50*100),"% - Max. ",ROUND(P50,0)) -> 1: 0 t/m 20384 tarief: 23,23% - Max. 4735 | T50: =IF(AND(C$10="Ja",YEAR(C$9)=$C$16,MONTH(C$9)=$Z50),IF($T$3>$N50,$N50*$O50,$T$3*$O50),"n.v.t") -> n.v.t | U50: =IF(AND(D$10="Ja",YEAR(D$9)=$C$16,MONTH(D$9)=$Z50),IF($U$3>$N50,$N50*$O50,$U$3*$O50),"n.v.t") -> n.v.t | V50: =IF(AND(C$10="Ja",YEAR(C$9)=$C$16,MONTH(C$9)=$Z50),IF($V$4>$N50,$N50*$O50,$V$4*$O50),"n.v.t") -> n.v.t | W50: =IF(AND(D$10="Ja",YEAR(D$9)=$C$16,MONTH(D$9)=$Z50),IF($W$4>$N50,$N50*$O50,$W$4*$O50),"n.v.t") -> n.v.t | X50: =IF(AND(D$10="Ja",YEAR(D$9)=$C$16,MONTH(D$9)=$Z50),IF($X$4<=M50,0,IF($X$4>N50-P50,N50-P50,$X$4)),"n.v.t") -> n.v.t | Y50: =IF(X50="n.v.t",X50,X50/(1-$O50)) -> n.v.t | Z50: 4
A51: 51 | B51: Pensioenpremie | C51: 0 | D51: =IF(C$24="Maand",C51*12,IF(C$24="4 Weken",C51*13,0)) -> 0 | E51: 0 | F51: =IF(E$24="Maand",E51*12,IF(E$24="4 Weken",E51*13,0)) -> 0 | G51: Zie maandspecificatie van de betreffende uitkering(en) | L51: 1 | M51: 0 | N51: =N50 -> 20384 | O51: 0.2472 | P51: =O51*N51 -> 5038.9248 | Q51: =IF(AND(C$10="Ja",YEAR(C$9)=$C$16,MONTH(C$9)=$Z51),IF($N$3>$N51,$N51*$O51,$N$3*$O51),"n.v.t") -> n.v.t | R51: =IF(AND(D$10="Ja",YEAR(D$9)=$C$16,MONTH(D$9)=$Z51),IF($N$3>$N51,$N51*$O51,$N$3*$O51),"n.v.t") -> n.v.t | S51: =CONCATENATE(L51,": ",M51," t/m ",N51," tarief: ",(O51*100),"% - Max. ",ROUND(P51,0)) -> 1: 0 t/m 20384 tarief: 24,72% - Max. 5039 | T51: =IF(AND(C$10="Ja",YEAR(C$9)=$C$16,MONTH(C$9)=$Z51),IF($T$3>$N51,$N51*$O51,$T$3*$O51),"n.v.t") -> n.v.t | U51: =IF(AND(D$10="Ja",YEAR(D$9)=$C$16,MONTH(D$9)=$Z51),IF($U$3>$N51,$N51*$O51,$U$3*$O51),"n.v.t") -> n.v.t | V51: =IF(AND(C$10="Ja",YEAR(C$9)=$C$16,MONTH(C$9)=$Z51),IF($V$4>$N51,$N51*$O51,$V$4*$O51),"n.v.t") -> n.v.t | W51: =IF(AND(D$10="Ja",YEAR(D$9)=$C$16,MONTH(D$9)=$Z51),IF($W$4>$N51,$N51*$O51,$W$4*$O51),"n.v.t") -> n.v.t | X51: =IF(AND(D$10="Ja",YEAR(D$9)=$C$16,MONTH(D$9)=$Z51),IF($X$4<=M51,0,IF($X$4>N51-P51,N51-P51,$X$4)),"n.v.t") -> n.v.t | Y51: =IF(X51="n.v.t",X51,X51/(1-$O51)) -> n.v.t | Z51: 5
A52: 57 | B52: =CONCATENATE("Premie ZKV over AOW a ",C149*100,"% te berekenen over:") -> Premie ZKV over AOW a 5,7% te berekenen over: | C52: =IF(D50=0,0,IF($C$150-(D35+D41+D71)+SUM(D72:D74)<0.01,0,IF(D43>0,$C$150-(D35+D43+D71)+SUM(D72:D74),$C$150-(D35+D41+D71)+SUM(D72:D74)))) -> 0 | D52: =IF(C52<0.01,0,IF(C52>D50,D50*$C$149,C52*$C$149)) -> 0 | E52: =IF(F50=0,0,IF($C$150-(F35+F41+F71)+SUM(F72:F74)<0.01,0,IF(F43>0,$C$150-(F35+F43+F71)+SUM(F72:F74),$C$150-(F35+F41+F71)+SUM(F72:F74)))) -> 0 | F52: =IF(E52<0.01,0,IF(E52>F50,F50*$C$149,E52*$C$149)) -> 0 | G52: = ZKV-grens - (Nr. 41, 43 t/49 + 51 t/m53) * ZKV % | L52: 1 | M52: 0 | N52: =N51 -> 20384 | O52: 0.2621 | P52: =O52*N52 -> 5342.6464 | Q52: =IF(AND(C$10="Ja",YEAR(C$9)=$C$16,MONTH(C$9)=$Z52),IF($N$3>$N52,$N52*$O52,$N$3*$O52),"n.v.t") -> n.v.t | R52: =IF(AND(D$10="Ja",YEAR(D$9)=$C$16,MONTH(D$9)=$Z52),IF($N$3>$N52,$N52*$O52,$N$3*$O52),"n.v.t") -> n.v.t | S52: =CONCATENATE(L52,": ",M52," t/m ",N52," tarief: ",(O52*100),"% - Max. ",ROUND(P52,0)) -> 1: 0 t/m 20384 tarief: 26,21% - Max. 5343 | T52: =IF(AND(C$10="Ja",YEAR(C$9)=$C$16,MONTH(C$9)=$Z52),IF($T$3>$N52,$N52*$O52,$T$3*$O52),"n.v.t") -> n.v.t | U52: =IF(AND(D$10="Ja",YEAR(D$9)=$C$16,MONTH(D$9)=$Z52),IF($U$3>$N52,$N52*$O52,$U$3*$O52),"n.v.t") -> n.v.t | V52: =IF(AND(C$10="Ja",YEAR(C$9)=$C$16,MONTH(C$9)=$Z52),IF($V$4>$N52,$N52*$O52,$V$4*$O52),"n.v.t") -> n.v.t | W52: =IF(AND(D$10="Ja",YEAR(D$9)=$C$16,MONTH(D$9)=$Z52),IF($W$4>$N52,$N52*$O52,$W$4*$O52),"n.v.t") -> n.v.t | X52: =IF(AND(D$10="Ja",YEAR(D$9)=$C$16,MONTH(D$9)=$Z52),IF($X$4<=M52,0,IF($X$4>N52-P52,N52-P52,$X$4)),"n.v.t") -> n.v.t | Y52: =IF(X52="n.v.t",X52,X52/(1-$O52)) -> n.v.t | Z52: 6
L53: 1 | M53: 0 | N53: =N52 -> 20384 | O53: 0.277 | P53: =O53*N53 -> 5646.368 | Q53: =IF(AND(C$10="Ja",YEAR(C$9)=$C$16,MONTH(C$9)=$Z53),IF($N$3>$N53,$N53*$O53,$N$3*$O53),"n.v.t") -> n.v.t | R53: =IF(AND(D$10="Ja",YEAR(D$9)=$C$16,MONTH(D$9)=$Z53),IF($N$3>$N53,$N53*$O53,$N$3*$O53),"n.v.t") -> n.v.t | S53: =CONCATENATE(L53,": ",M53," t/m ",N53," tarief: ",(O53*100),"% - Max. ",ROUND(P53,0)) -> 1: 0 t/m 20384 tarief: 27,7% - Max. 5646 | T53: =IF(AND(C$10="Ja",YEAR(C$9)=$C$16,MONTH(C$9)=$Z53),IF($T$3>$N53,$N53*$O53,$T$3*$O53),"n.v.t") -> n.v.t | U53: =IF(AND(D$10="Ja",YEAR(D$9)=$C$16,MONTH(D$9)=$Z53),IF($U$3>$N53,$N53*$O53,$U$3*$O53),"n.v.t") -> n.v.t | V53: =IF(AND(C$10="Ja",YEAR(C$9)=$C$16,MONTH(C$9)=$Z53),IF($V$4>$N53,$N53*$O53,$V$4*$O53),"n.v.t") -> n.v.t | W53: =IF(AND(D$10="Ja",YEAR(D$9)=$C$16,MONTH(D$9)=$Z53),IF($W$4>$N53,$N53*$O53,$W$4*$O53),"n.v.t") -> n.v.t | X53: =IF(AND(D$10="Ja",YEAR(D$9)=$C$16,MONTH(D$9)=$Z53),IF($X$4<=M53,0,IF($X$4>N53-P53,N53-P53,$X$4)),"n.v.t") -> n.v.t | Y53: =IF(X53="n.v.t",X53,X53/(1-$O53)) -> n.v.t | Z53: 7
A54: 43 | B54: Bruto uitkering Soc. Verz. Wetten | C54: =$C$4 -> AP | E54: =$D$4 -> AG | L54: 1 | M54: 0 | N54: =N53 -> 20384 | O54: 0.2919 | P54: =O54*N54 -> 5950.0896 | Q54: =IF(AND(C$10="Ja",YEAR(C$9)=$C$16,MONTH(C$9)=$Z54),IF($N$3>$N54,$N54*$O54,$N$3*$O54),"n.v.t") -> n.v.t | R54: =IF(AND(D$10="Ja",YEAR(D$9)=$C$16,MONTH(D$9)=$Z54),IF($N$3>$N54,$N54*$O54,$N$3*$O54),"n.v.t") -> n.v.t | S54: =CONCATENATE(L54,": ",M54," t/m ",N54," tarief: ",(O54*100),"% - Max. ",ROUND(P54,0)) -> 1: 0 t/m 20384 tarief: 29,19% - Max. 5950 | T54: =IF(AND(C$10="Ja",YEAR(C$9)=$C$16,MONTH(C$9)=$Z54),IF($T$3>$N54,$N54*$O54,$T$3*$O54),"n.v.t") -> n.v.t | U54: =IF(AND(D$10="Ja",YEAR(D$9)=$C$16,MONTH(D$9)=$Z54),IF($U$3>$N54,$N54*$O54,$U$3*$O54),"n.v.t") -> n.v.t | V54: =IF(AND(C$10="Ja",YEAR(C$9)=$C$16,MONTH(C$9)=$Z54),IF($V$4>$N54,$N54*$O54,$V$4*$O54),"n.v.t") -> n.v.t | W54: =IF(AND(D$10="Ja",YEAR(D$9)=$C$16,MONTH(D$9)=$Z54),IF($W$4>$N54,$N54*$O54,$W$4*$O54),"n.v.t") -> n.v.t | X54: =IF(AND(D$10="Ja",YEAR(D$9)=$C$16,MONTH(D$9)=$Z54),IF($X$4<=M54,0,IF($X$4>N54-P54,N54-P54,$X$4)),"n.v.t") -> n.v.t | Y54: =IF(X54="n.v.t",X54,X54/(1-$O54)) -> n.v.t | Z54: 8
B55: Uitkering per: | C55: Maand | D55: Uitkering per: | E55: Maand | L55: 1 | M55: 0 | N55: =N54 -> 20384 | O55: 0.3068 | P55: =O55*N55 -> 6253.8112 | Q55: =IF(AND(C$10="Ja",YEAR(C$9)=$C$16,MONTH(C$9)=$Z55),IF($N$3>$N55,$N55*$O55,$N$3*$O55),"n.v.t") -> n.v.t | R55: =IF(AND(D$10="Ja",YEAR(D$9)=$C$16,MONTH(D$9)=$Z55),IF($N$3>$N55,$N55*$O55,$N$3*$O55),"n.v.t") -> n.v.t | S55: =CONCATENATE(L55,": ",M55," t/m ",N55," tarief: ",(O55*100),"% - Max. ",ROUND(P55,0)) -> 1: 0 t/m 20384 tarief: 30,68% - Max. 6254 | T55: =IF(AND(C$10="Ja",YEAR(C$9)=$C$16,MONTH(C$9)=$Z55),IF($T$3>$N55,$N55*$O55,$T$3*$O55),"n.v.t") -> n.v.t | U55: =IF(AND(D$10="Ja",YEAR(D$9)=$C$16,MONTH(D$9)=$Z55),IF($U$3>$N55,$N55*$O55,$U$3*$O55),"n.v.t") -> n.v.t | V55: =IF(AND(C$10="Ja",YEAR(C$9)=$C$16,MONTH(C$9)=$Z55),IF($V$4>$N55,$N55*$O55,$V$4*$O55),"n.v.t") -> n.v.t | W55: =IF(AND(D$10="Ja",YEAR(D$9)=$C$16,MONTH(D$9)=$Z55),IF($W$4>$N55,$N55*$O55,$W$4*$O55),"n.v.t") -> n.v.t | X55: =IF(AND(D$10="Ja",YEAR(D$9)=$C$16,MONTH(D$9)=$Z55),IF($X$4<=M55,0,IF($X$4>N55-P55,N55-P55,$X$4)),"n.v.t") -> n.v.t | Y55: =IF(X55="n.v.t",X55,X55/(1-$O55)) -> n.v.t | Z55: 9
A56: Nr. | B56: Omschrijving | C56: =IF(C55="Maand","Per Maand",IF(C55="4 Weken","Per 4-weken",IF(C55="Anders","Anders",""))) -> Per Maand | D56: Jaarbedrag | E56: =IF(E55="Maand","Per Maand",IF(E55="4 Weken","Per 4-weken",IF(E55="Anders","Anders",""))) -> Per Maand | F56: Jaarbedrag | G56: Opmerkingen | L56: 1 | M56: 0 | N56: =N55 -> 20384 | O56: 0.3218 | P56: =O56*N56 -> 6559.5712 | Q56: =IF(AND(C$10="Ja",YEAR(C$9)=$C$16,MONTH(C$9)=$Z56),IF($N$3>$N56,$N56*$O56,$N$3*$O56),"n.v.t") -> n.v.t | R56: =IF(AND(D$10="Ja",YEAR(D$9)=$C$16,MONTH(D$9)=$Z56),IF($N$3>$N56,$N56*$O56,$N$3*$O56),"n.v.t") -> n.v.t | S56: =CONCATENATE(L56,": ",M56," t/m ",N56," tarief: ",(O56*100),"% - Max. ",ROUND(P56,0)) -> 1: 0 t/m 20384 tarief: 32,18% - Max. 6560 | T56: =IF(AND(C$10="Ja",YEAR(C$9)=$C$16,MONTH(C$9)=$Z56),IF($T$3>$N56,$N56*$O56,$T$3*$O56),"n.v.t") -> n.v.t | U56: =IF(AND(D$10="Ja",YEAR(D$9)=$C$16,MONTH(D$9)=$Z56),IF($U$3>$N56,$N56*$O56,$U$3*$O56),"n.v.t") -> n.v.t | V56: =IF(AND(C$10="Ja",YEAR(C$9)=$C$16,MONTH(C$9)=$Z56),IF($V$4>$N56,$N56*$O56,$V$4*$O56),"n.v.t") -> n.v.t | W56: =IF(AND(D$10="Ja",YEAR(D$9)=$C$16,MONTH(D$9)=$Z56),IF($W$4>$N56,$N56*$O56,$W$4*$O56),"n.v.t") -> n.v.t | X56: =IF(AND(D$10="Ja",YEAR(D$9)=$C$16,MONTH(D$9)=$Z56),IF($X$4<=M56,0,IF($X$4>N56-P56,N56-P56,$X$4)),"n.v.t") -> n.v.t | Y56: =IF(X56="n.v.t",X56,X56/(1-$O56)) -> n.v.t | Z56: 10
B57: Bruto uitkering (NIET zijnde Bijstand, deze bij 119a) | C57: 0 | D57: =IF(C$24="Maand",C57*12,IF(C$24="4 Weken",C57*13,0)) -> 0 | E57: 0 | F57: =IF(E$24="Maand",E57*12,IF(E$24="4 Weken",E57*13,0)) -> 0 | G57: Zie (maand)specificatie(s) van de uitkeringsinstelling(en) | L57: 1 | M57: 0 | N57: =N56 -> 20384 | O57: 0.3367 | P57: =O57*N57 -> 6863.2928 | Q57: =IF(AND(C$10="Ja",YEAR(C$9)=$C$16,MONTH(C$9)=$Z57),IF($N$3>$N57,$N57*$O57,$N$3*$O57),"n.v.t") -> n.v.t | R57: =IF(AND(D$10="Ja",YEAR(D$9)=$C$16,MONTH(D$9)=$Z57),IF($N$3>$N57,$N57*$O57,$N$3*$O57),"n.v.t") -> n.v.t | S57: =CONCATENATE(L57,": ",M57," t/m ",N57," tarief: ",(O57*100),"% - Max. ",ROUND(P57,0)) -> 1: 0 t/m 20384 tarief: 33,67% - Max. 6863 | T57: =IF(AND(C$10="Ja",YEAR(C$9)=$C$16,MONTH(C$9)=$Z57),IF($T$3>$N57,$N57*$O57,$T$3*$O57),"n.v.t") -> n.v.t | U57: =IF(AND(D$10="Ja",YEAR(D$9)=$C$16,MONTH(D$9)=$Z57),IF($U$3>$N57,$N57*$O57,$U$3*$O57),"n.v.t") -> n.v.t | V57: =IF(AND(C$10="Ja",YEAR(C$9)=$C$16,MONTH(C$9)=$Z57),IF($V$4>$N57,$N57*$O57,$V$4*$O57),"n.v.t") -> n.v.t | W57: =IF(AND(D$10="Ja",YEAR(D$9)=$C$16,MONTH(D$9)=$Z57),IF($W$4>$N57,$N57*$O57,$W$4*$O57),"n.v.t") -> n.v.t | X57: =IF(AND(D$10="Ja",YEAR(D$9)=$C$16,MONTH(D$9)=$Z57),IF($X$4<=M57,0,IF($X$4>N57-P57,N57-P57,$X$4)),"n.v.t") -> n.v.t | Y57: =IF(X57="n.v.t",X57,X57/(1-$O57)) -> n.v.t | Z57: 11
B58: Vakantietoeslag 8% | C58: =0.08*C57 -> 0 | D58: =IF(C$24="Maand",C58*12,IF(C$24="4 Weken",C58*13,0)) -> 0 | E58: =0.08*E57 -> 0 | F58: =IF(E$24="Maand",E58*12,IF(E$24="4 Weken",E58*13,0)) -> 0 | G58: Zie (maand)specificatie(s) van de uitkeringsinstelling(en) | L58: 1 | M58: 0 | N58: =N57 -> 20384 | O58: 0.3516 | P58: =O58*N58 -> 7167.0144 | Q58: =IF(AND(C$10="Ja",YEAR(C$9)=$C$16,MONTH(C$9)=$Z58),IF($N$3>$N58,$N58*$O58,$N$3*$O58),"n.v.t") -> n.v.t | R58: =IF(AND(D$10="Ja",YEAR(D$9)=$C$16,MONTH(D$9)=$Z58),IF($N$3>$N58,$N58*$O58,$N$3*$O58),"n.v.t") -> n.v.t | S58: =CONCATENATE(L58,": ",M58," t/m ",N58," tarief: ",(O58*100),"% - Max. ",ROUND(P58,0)) -> 1: 0 t/m 20384 tarief: 35,16% - Max. 7167 | T58: =IF(AND(C$10="Ja",YEAR(C$9)=$C$16,MONTH(C$9)=$Z58),IF($T$3>$N58,$N58*$O58,$T$3*$O58),"n.v.t") -> n.v.t | U58: =IF(AND(D$10="Ja",YEAR(D$9)=$C$16,MONTH(D$9)=$Z58),IF($U$3>$N58,$N58*$O58,$U$3*$O58),"n.v.t") -> n.v.t | V58: =IF(AND(C$10="Ja",YEAR(C$9)=$C$16,MONTH(C$9)=$Z58),IF($V$4>$N58,$N58*$O58,$V$4*$O58),"n.v.t") -> n.v.t | W58: =IF(AND(D$10="Ja",YEAR(D$9)=$C$16,MONTH(D$9)=$Z58),IF($W$4>$N58,$N58*$O58,$W$4*$O58),"n.v.t") -> n.v.t | X58: =IF(AND(D$10="Ja",YEAR(D$9)=$C$16,MONTH(D$9)=$Z58),IF($X$4<=M58,0,IF($X$4>N58-P58,N58-P58,$X$4)),"n.v.t") -> n.v.t | Y58: =IF(X58="n.v.t",X58,X58/(1-$O58)) -> n.v.t | Z58: 12
A59: 43 | B59: Bruto uitkering | C59: =SUM(C57:C58) -> 0 | D59: =SUM(D57:D58) -> 0 | E59: =SUM(E57:E58) -> 0 | F59: =SUM(F57:F58) -> 0 | L59: 2 | M59: =N$47+1 -> 20385 | N59: 34300 | O59: 0.202 | P59: =O59*(N59-N$47) -> 2811.032 | Q59: =IF(AND(C$10="Ja",YEAR(C$9)=$C$16,MONTH(C$9)=$Z59),IF($N$3<$M59,0,IF($N$3>$N59,($N59-$N$47)*$O59,($N$3-$N$47)*$O59)),"n.v.t") -> n.v.t | R59: =IF(AND(D$10="Ja",YEAR(D$9)=$C$16,MONTH(D$9)=$Z59),IF($R$3<$M59,0,IF($R$3>$N59,($N59-$N$47)*$O59,($R$3-$N$47)*$O59)),"n.v.t") -> n.v.t | S59: =CONCATENATE(L59,": ",M59," t/m ",N59," tarief: ",(O59*100),"% - Max. ",ROUND(P59,0)) -> 2: 20385 t/m 34300 tarief: 20,2% - Max. 2811 | T59: =IF(AND(C$10="Ja",YEAR(C$9)=$C$16,MONTH(C$9)=$Z59),IF($T$3<$M59,0,IF($T$3>$N59,($N59-$N$47)*$O59,($T$3-$N$47)*$O59)),"n.v.t") -> n.v.t | U59: =IF(AND(D$10="Ja",YEAR(D$9)=$C$16,MONTH(D$9)=$Z59),IF($U$3<$M59,0,IF($U$3>$N59,($N59-$N$47)*$O59,($U$3-$N$47)*$O59)),"n.v.t") -> n.v.t | V59: =IF(AND(C$10="Ja",YEAR(C$9)=$C$16,MONTH(C$9)=$Z59),IF($V$4<$M59,0,IF($V$4>$N59,($N59-$N$47)*$O59,($V$4-$N$47)*$O59)),"n.v.t") -> n.v.t | W59: =IF(AND(D$10="Ja",YEAR(D$9)=$C$16,MONTH(D$9)=$Z59),IF($W$4<$M59,0,IF($W$4>$N59,($N59-$N$47)*$O59,($W$4-$N$47)*$O59)),"n.v.t") -> n.v.t | X59: =IF(AND(D$10="Ja",YEAR(D$9)=$C$16,MONTH(D$9)=$Z59),IF($X$4<M59-P47-P59,0,IF($X$4>N59-P47-P59,N59-M59-P59,$X$4-X58)),"n.v.t") -> n.v.t | Y59: =IF(X59="n.v.t",X59,X59/(1-$O59)) -> n.v.t | Z59: 1
A60: 51 | B60: Pensioenpremie | C60: 0 | D60: =IF(C$24="Maand",C60*12,IF(C$24="4 Weken",C60*13,0)) -> 0 | E60: 0 | F60: =IF(E$24="Maand",E60*12,IF(E$24="4 Weken",E60*13,0)) -> 0 | L60: 2 | M60: =N$47+1 -> 20385 | N60: =N$59 -> 34300 | O60: 0.2169 | P60: =O60*(N60-N$47) -> 3018.3804 | Q60: =IF(AND(C$10="Ja",YEAR(C$9)=$C$16,MONTH(C$9)=$Z60),IF($N$3<$M60,0,IF($N$3>$N60,($N60-$N$47)*$O60,($N$3-$N$47)*$O60)),"n.v.t") -> n.v.t | R60: =IF(AND(D$10="Ja",YEAR(D$9)=$C$16,MONTH(D$9)=$Z60),IF($R$3<$M60,0,IF($R$3>$N60,($N60-$N$47)*$O60,($R$3-$N$47)*$O60)),"n.v.t") -> n.v.t | S60: =CONCATENATE(L60,": ",M60," t/m ",N60," tarief: ",(O60*100),"% - Max. ",ROUND(P60,0)) -> 2: 20385 t/m 34300 tarief: 21,69% - Max. 3018 | T60: =IF(AND(C$10="Ja",YEAR(C$9)=$C$16,MONTH(C$9)=$Z60),IF($T$3<$M60,0,IF($T$3>$N60,($N60-$N$47)*$O60,($T$3-$N$47)*$O60)),"n.v.t") -> n.v.t | U60: =IF(AND(D$10="Ja",YEAR(D$9)=$C$16,MONTH(D$9)=$Z60),IF($U$3<$M60,0,IF($U$3>$N60,($N60-$N$47)*$O60,($U$3-$N$47)*$O60)),"n.v.t") -> n.v.t | V60: =IF(AND(C$10="Ja",YEAR(C$9)=$C$16,MONTH(C$9)=$Z60),IF($V$4<$M60,0,IF($V$4>$N60,($N60-$N$47)*$O60,($V$4-$N$47)*$O60)),"n.v.t") -> n.v.t | W60: =IF(AND(D$10="Ja",YEAR(D$9)=$C$16,MONTH(D$9)=$Z60),IF($W$4<$M60,0,IF($W$4>$N60,($N60-$N$47)*$O60,($W$4-$N$47)*$O60)),"n.v.t") -> n.v.t | X60: =IF(AND(D$10="Ja",YEAR(D$9)=$C$16,MONTH(D$9)=$Z60),IF($X$4<M60-P48-P60,0,IF($X$4>N60-P48-P60,N60-M60-P60,$X$4-X59)),"n.v.t") -> n.v.t | Y60: =IF(X60="n.v.t",X60,X60/(1-$O60)) -> n.v.t | Z60: 2
L61: 2 | M61: =N$47+1 -> 20385 | N61: =N$59 -> 34300 | O61: 0.2318 | P61: =O61*(N61-N$47) -> 3225.7288 | Q61: =IF(AND(C$10="Ja",YEAR(C$9)=$C$16,MONTH(C$9)=$Z61),IF($N$3<$M61,0,IF($N$3>$N61,($N61-$N$47)*$O61,($N$3-$N$47)*$O61)),"n.v.t") -> n.v.t | R61: =IF(AND(D$10="Ja",YEAR(D$9)=$C$16,MONTH(D$9)=$Z61),IF($R$3<$M61,0,IF($R$3>$N61,($N61-$N$47)*$O61,($R$3-$N$47)*$O61)),"n.v.t") -> n.v.t | S61: =CONCATENATE(L61,": ",M61," t/m ",N61," tarief: ",(O61*100),"% - Max. ",ROUND(P61,0)) -> 2: 20385 t/m 34300 tarief: 23,18% - Max. 3226 | T61: =IF(AND(C$10="Ja",YEAR(C$9)=$C$16,MONTH(C$9)=$Z61),IF($T$3<$M61,0,IF($T$3>$N61,($N61-$N$47)*$O61,($T$3-$N$47)*$O61)),"n.v.t") -> n.v.t | U61: =IF(AND(D$10="Ja",YEAR(D$9)=$C$16,MONTH(D$9)=$Z61),IF($U$3<$M61,0,IF($U$3>$N61,($N61-$N$47)*$O61,($U$3-$N$47)*$O61)),"n.v.t") -> n.v.t | V61: =IF(AND(C$10="Ja",YEAR(C$9)=$C$16,MONTH(C$9)=$Z61),IF($V$4<$M61,0,IF($V$4>$N61,($N61-$N$47)*$O61,($V$4-$N$47)*$O61)),"n.v.t") -> n.v.t | W61: =IF(AND(D$10="Ja",YEAR(D$9)=$C$16,MONTH(D$9)=$Z61),IF($W$4<$M61,0,IF($W$4>$N61,($N61-$N$47)*$O61,($W$4-$N$47)*$O61)),"n.v.t") -> n.v.t | X61: =IF(AND(D$10="Ja",YEAR(D$9)=$C$16,MONTH(D$9)=$Z61),IF($X$4<M61-P49-P61,0,IF($X$4>N61-P49-P61,N61-M61-P61,$X$4-X60)),"n.v.t") -> n.v.t | Y61: =IF(X61="n.v.t",X61,X61/(1-$O61)) -> n.v.t | Z61: 3
A62: 50 | B62: Bruto pensioen uitkering (50) | C62: =$C$4 -> AP | E62: =$D$4 -> AG | L62: 2 | M62: =N$47+1 -> 20385 | N62: =N$59 -> 34300 | O62: 0.2468 | P62: =O62*(N62-N$47) -> 3434.4688 | Q62: =IF(AND(C$10="Ja",YEAR(C$9)=$C$16,MONTH(C$9)=$Z62),IF($N$3<$M62,0,IF($N$3>$N62,($N62-$N$47)*$O62,($N$3-$N$47)*$O62)),"n.v.t") -> n.v.t | R62: =IF(AND(D$10="Ja",YEAR(D$9)=$C$16,MONTH(D$9)=$Z62),IF($R$3<$M62,0,IF($R$3>$N62,($N62-$N$47)*$O62,($R$3-$N$47)*$O62)),"n.v.t") -> n.v.t | S62: =CONCATENATE(L62,": ",M62," t/m ",N62," tarief: ",(O62*100),"% - Max. ",ROUND(P62,0)) -> 2: 20385 t/m 34300 tarief: 24,68% - Max. 3434 | T62: =IF(AND(C$10="Ja",YEAR(C$9)=$C$16,MONTH(C$9)=$Z62),IF($T$3<$M62,0,IF($T$3>$N62,($N62-$N$47)*$O62,($T$3-$N$47)*$O62)),"n.v.t") -> n.v.t | U62: =IF(AND(D$10="Ja",YEAR(D$9)=$C$16,MONTH(D$9)=$Z62),IF($U$3<$M62,0,IF($U$3>$N62,($N62-$N$47)*$O62,($U$3-$N$47)*$O62)),"n.v.t") -> n.v.t | V62: =IF(AND(C$10="Ja",YEAR(C$9)=$C$16,MONTH(C$9)=$Z62),IF($V$4<$M62,0,IF($V$4>$N62,($N62-$N$47)*$O62,($V$4-$N$47)*$O62)),"n.v.t") -> n.v.t | W62: =IF(AND(D$10="Ja",YEAR(D$9)=$C$16,MONTH(D$9)=$Z62),IF($W$4<$M62,0,IF($W$4>$N62,($N62-$N$47)*$O62,($W$4-$N$47)*$O62)),"n.v.t") -> n.v.t | X62: =IF(AND(D$10="Ja",YEAR(D$9)=$C$16,MONTH(D$9)=$Z62),IF($X$4<M62-P50-P62,0,IF($X$4>N62-P50-P62,N62-M62-P62,$X$4-X61)),"n.v.t") -> n.v.t | Y62: =IF(X62="n.v.t",X62,X62/(1-$O62)) -> n.v.t | Z62: 4
B63: Uitkering per: | C63: Maand | D63: Uitkering per: | E63: Maand | L63: 2 | M63: =N$47+1 -> 20385 | N63: =N$59 -> 34300 | O63: 0.2617 | P63: =O63*(N63-N$47) -> 3641.8172 | Q63: =IF(AND(C$10="Ja",YEAR(C$9)=$C$16,MONTH(C$9)=$Z63),IF($N$3<$M63,0,IF($N$3>$N63,($N63-$N$47)*$O63,($N$3-$N$47)*$O63)),"n.v.t") -> n.v.t | R63: =IF(AND(D$10="Ja",YEAR(D$9)=$C$16,MONTH(D$9)=$Z63),IF($R$3<$M63,0,IF($R$3>$N63,($N63-$N$47)*$O63,($R$3-$N$47)*$O63)),"n.v.t") -> n.v.t | S63: =CONCATENATE(L63,": ",M63," t/m ",N63," tarief: ",(O63*100),"% - Max. ",ROUND(P63,0)) -> 2: 20385 t/m 34300 tarief: 26,17% - Max. 3642 | T63: =IF(AND(C$10="Ja",YEAR(C$9)=$C$16,MONTH(C$9)=$Z63),IF($T$3<$M63,0,IF($T$3>$N63,($N63-$N$47)*$O63,($T$3-$N$47)*$O63)),"n.v.t") -> n.v.t | U63: =IF(AND(D$10="Ja",YEAR(D$9)=$C$16,MONTH(D$9)=$Z63),IF($U$3<$M63,0,IF($U$3>$N63,($N63-$N$47)*$O63,($U$3-$N$47)*$O63)),"n.v.t") -> n.v.t | V63: =IF(AND(C$10="Ja",YEAR(C$9)=$C$16,MONTH(C$9)=$Z63),IF($V$4<$M63,0,IF($V$4>$N63,($N63-$N$47)*$O63,($V$4-$N$47)*$O63)),"n.v.t") -> n.v.t | W63: =IF(AND(D$10="Ja",YEAR(D$9)=$C$16,MONTH(D$9)=$Z63),IF($W$4<$M63,0,IF($W$4>$N63,($N63-$N$47)*$O63,($W$4-$N$47)*$O63)),"n.v.t") -> n.v.t | X63: =IF(AND(D$10="Ja",YEAR(D$9)=$C$16,MONTH(D$9)=$Z63),IF($X$4<M63-P51-P63,0,IF($X$4>N63-P51-P63,N63-M63-P63,$X$4-X62)),"n.v.t") -> n.v.t | Y63: =IF(X63="n.v.t",X63,X63/(1-$O63)) -> n.v.t | Z63: 5
A64: Nr. | B64: Omschrijving | C64: =IF(C63="Maand","Per Maand",IF(C63="4 Weken","Per 4-weken",IF(C63="Anders","Anders",""))) -> Per Maand | D64: Jaarbedrag | E64: =IF(E63="Maand","Per Maand",IF(E63="4 Weken","Per 4-weken",IF(E63="Anders","Anders",""))) -> Per Maand | F64: Jaarbedrag | G64: Opmerkingen | L64: 2 | M64: =N$47+1 -> 20385 | N64: =N$59 -> 34300 | O64: 0.2766 | P64: =O64*(N64-N$47) -> 3849.1656 | Q64: =IF(AND(C$10="Ja",YEAR(C$9)=$C$16,MONTH(C$9)=$Z64),IF($N$3<$M64,0,IF($N$3>$N64,($N64-$N$47)*$O64,($N$3-$N$47)*$O64)),"n.v.t") -> n.v.t | R64: =IF(AND(D$10="Ja",YEAR(D$9)=$C$16,MONTH(D$9)=$Z64),IF($R$3<$M64,0,IF($R$3>$N64,($N64-$N$47)*$O64,($R$3-$N$47)*$O64)),"n.v.t") -> n.v.t | S64: =CONCATENATE(L64,": ",M64," t/m ",N64," tarief: ",(O64*100),"% - Max. ",ROUND(P64,0)) -> 2: 20385 t/m 34300 tarief: 27,66% - Max. 3849 | T64: =IF(AND(C$10="Ja",YEAR(C$9)=$C$16,MONTH(C$9)=$Z64),IF($T$3<$M64,0,IF($T$3>$N64,($N64-$N$47)*$O64,($T$3-$N$47)*$O64)),"n.v.t") -> n.v.t | U64: =IF(AND(D$10="Ja",YEAR(D$9)=$C$16,MONTH(D$9)=$Z64),IF($U$3<$M64,0,IF($U$3>$N64,($N64-$N$47)*$O64,($U$3-$N$47)*$O64)),"n.v.t") -> n.v.t | V64: =IF(AND(C$10="Ja",YEAR(C$9)=$C$16,MONTH(C$9)=$Z64),IF($V$4<$M64,0,IF($V$4>$N64,($N64-$N$47)*$O64,($V$4-$N$47)*$O64)),"n.v.t") -> n.v.t | W64: =IF(AND(D$10="Ja",YEAR(D$9)=$C$16,MONTH(D$9)=$Z64),IF($W$4<$M64,0,IF($W$4>$N64,($N64-$N$47)*$O64,($W$4-$N$47)*$O64)),"n.v.t") -> n.v.t | X64: =IF(AND(D$10="Ja",YEAR(D$9)=$C$16,MONTH(D$9)=$Z64),IF($X$4<M64-P52-P64,0,IF($X$4>N64-P52-P64,N64-M64-P64,$X$4-X63)),"n.v.t") -> n.v.t | Y64: =IF(X64="n.v.t",X64,X64/(1-$O64)) -> n.v.t | Z64: 6
B65: Bruto pensioen uitkering | C65: 0 | D65: =IF(C$24="Maand",C65*12,IF(C$24="4 Weken",C65*13,0)) -> 0 | E65: 0 | F65: =IF(E$24="Maand",E65*12,IF(E$24="4 Weken",E65*13,0)) -> 0 | G65: Zie de maandspecificatie van de pensioenuitkering(en) | L65: 2 | M65: =N$47+1 -> 20385 | N65: =N$59 -> 34300 | O65: 0.2915 | P65: =O65*(N65-N$47) -> 4056.514 | Q65: =IF(AND(C$10="Ja",YEAR(C$9)=$C$16,MONTH(C$9)=$Z65),IF($N$3<$M65,0,IF($N$3>$N65,($N65-$N$47)*$O65,($N$3-$N$47)*$O65)),"n.v.t") -> n.v.t | R65: =IF(AND(D$10="Ja",YEAR(D$9)=$C$16,MONTH(D$9)=$Z65),IF($R$3<$M65,0,IF($R$3>$N65,($N65-$N$47)*$O65,($R$3-$N$47)*$O65)),"n.v.t") -> n.v.t | S65: =CONCATENATE(L65,": ",M65," t/m ",N65," tarief: ",(O65*100),"% - Max. ",ROUND(P65,0)) -> 2: 20385 t/m 34300 tarief: 29,15% - Max. 4057 | T65: =IF(AND(C$10="Ja",YEAR(C$9)=$C$16,MONTH(C$9)=$Z65),IF($T$3<$M65,0,IF($T$3>$N65,($N65-$N$47)*$O65,($T$3-$N$47)*$O65)),"n.v.t") -> n.v.t | U65: =IF(AND(D$10="Ja",YEAR(D$9)=$C$16,MONTH(D$9)=$Z65),IF($U$3<$M65,0,IF($U$3>$N65,($N65-$N$47)*$O65,($U$3-$N$47)*$O65)),"n.v.t") -> n.v.t | V65: =IF(AND(C$10="Ja",YEAR(C$9)=$C$16,MONTH(C$9)=$Z65),IF($V$4<$M65,0,IF($V$4>$N65,($N65-$N$47)*$O65,($V$4-$N$47)*$O65)),"n.v.t") -> n.v.t | W65: =IF(AND(D$10="Ja",YEAR(D$9)=$C$16,MONTH(D$9)=$Z65),IF($W$4<$M65,0,IF($W$4>$N65,($N65-$N$47)*$O65,($W$4-$N$47)*$O65)),"n.v.t") -> n.v.t | X65: =IF(AND(D$10="Ja",YEAR(D$9)=$C$16,MONTH(D$9)=$Z65),IF($X$4<M65-P53-P65,0,IF($X$4>N65-P53-P65,N65-M65-P65,$X$4-X64)),"n.v.t") -> n.v.t | Y65: =IF(X65="n.v.t",X65,X65/(1-$O65)) -> n.v.t | Z65: 7
B66: Eventuele vakantietoeslag | C66: 0 | D66: =IF(C$24="Maand",C66*12,IF(C$24="4 Weken",C66*13,0)) -> 0 | E66: 0 | F66: =IF(E$24="Maand",E66*12,IF(E$24="4 Weken",E66*13,0)) -> 0 | G66: Zie de maandspecificatie van de pensioenuitkering(en) | L66: 2 | M66: =N$47+1 -> 20385 | N66: =N$59 -> 34300 | O66: 0.3064 | P66: =O66*(N66-N$47) -> 4263.8624 | Q66: =IF(AND(C$10="Ja",YEAR(C$9)=$C$16,MONTH(C$9)=$Z66),IF($N$3<$M66,0,IF($N$3>$N66,($N66-$N$47)*$O66,($N$3-$N$47)*$O66)),"n.v.t") -> n.v.t | R66: =IF(AND(D$10="Ja",YEAR(D$9)=$C$16,MONTH(D$9)=$Z66),IF($R$3<$M66,0,IF($R$3>$N66,($N66-$N$47)*$O66,($R$3-$N$47)*$O66)),"n.v.t") -> n.v.t | S66: =CONCATENATE(L66,": ",M66," t/m ",N66," tarief: ",(O66*100),"% - Max. ",ROUND(P66,0)) -> 2: 20385 t/m 34300 tarief: 30,64% - Max. 4264 | T66: =IF(AND(C$10="Ja",YEAR(C$9)=$C$16,MONTH(C$9)=$Z66),IF($T$3<$M66,0,IF($T$3>$N66,($N66-$N$47)*$O66,($T$3-$N$47)*$O66)),"n.v.t") -> n.v.t | U66: =IF(AND(D$10="Ja",YEAR(D$9)=$C$16,MONTH(D$9)=$Z66),IF($U$3<$M66,0,IF($U$3>$N66,($N66-$N$47)*$O66,($U$3-$N$47)*$O66)),"n.v.t") -> n.v.t | V66: =IF(AND(C$10="Ja",YEAR(C$9)=$C$16,MONTH(C$9)=$Z66),IF($V$4<$M66,0,IF($V$4>$N66,($N66-$N$47)*$O66,($V$4-$N$47)*$O66)),"n.v.t") -> n.v.t | W66: =IF(AND(D$10="Ja",YEAR(D$9)=$C$16,MONTH(D$9)=$Z66),IF($W$4<$M66,0,IF($W$4>$N66,($N66-$N$47)*$O66,($W$4-$N$47)*$O66)),"n.v.t") -> n.v.t | X66: =IF(AND(D$10="Ja",YEAR(D$9)=$C$16,MONTH(D$9)=$Z66),IF($X$4<M66-P54-P66,0,IF($X$4>N66-P54-P66,N66-M66-P66,$X$4-X65)),"n.v.t") -> n.v.t | Y66: =IF(X66="n.v.t",X66,X66/(1-$O66)) -> n.v.t | Z66: 8
A67: 50 | B67: Bruto uitkering | C67: =SUM(C65:C66) -> 0 | D67: =SUM(D65:D66) -> 0 | E67: =SUM(E65:E66) -> 0 | F67: =SUM(F65:F66) -> 0 | L67: 2 | M67: =N$47+1 -> 20385 | N67: =N$59 -> 34300 | O67: 0.3213 | P67: =O67*(N67-N$47) -> 4471.2108 | Q67: =IF(AND(C$10="Ja",YEAR(C$9)=$C$16,MONTH(C$9)=$Z67),IF($N$3<$M67,0,IF($N$3>$N67,($N67-$N$47)*$O67,($N$3-$N$47)*$O67)),"n.v.t") -> n.v.t | R67: =IF(AND(D$10="Ja",YEAR(D$9)=$C$16,MONTH(D$9)=$Z67),IF($R$3<$M67,0,IF($R$3>$N67,($N67-$N$47)*$O67,($R$3-$N$47)*$O67)),"n.v.t") -> n.v.t | S67: =CONCATENATE(L67,": ",M67," t/m ",N67," tarief: ",(O67*100),"% - Max. ",ROUND(P67,0)) -> 2: 20385 t/m 34300 tarief: 32,13% - Max. 4471 | T67: =IF(AND(C$10="Ja",YEAR(C$9)=$C$16,MONTH(C$9)=$Z67),IF($T$3<$M67,0,IF($T$3>$N67,($N67-$N$47)*$O67,($T$3-$N$47)*$O67)),"n.v.t") -> n.v.t | U67: =IF(AND(D$10="Ja",YEAR(D$9)=$C$16,MONTH(D$9)=$Z67),IF($U$3<$M67,0,IF($U$3>$N67,($N67-$N$47)*$O67,($U$3-$N$47)*$O67)),"n.v.t") -> n.v.t | V67: =IF(AND(C$10="Ja",YEAR(C$9)=$C$16,MONTH(C$9)=$Z67),IF($V$4<$M67,0,IF($V$4>$N67,($N67-$N$47)*$O67,($V$4-$N$47)*$O67)),"n.v.t") -> n.v.t | W67: =IF(AND(D$10="Ja",YEAR(D$9)=$C$16,MONTH(D$9)=$Z67),IF($W$4<$M67,0,IF($W$4>$N67,($N67-$N$47)*$O67,($W$4-$N$47)*$O67)),"n.v.t") -> n.v.t | X67: =IF(AND(D$10="Ja",YEAR(D$9)=$C$16,MONTH(D$9)=$Z67),IF($X$4<M67-P55-P67,0,IF($X$4>N67-P55-P67,N67-M67-P67,$X$4-X66)),"n.v.t") -> n.v.t | Y67: =IF(X67="n.v.t",X67,X67/(1-$O67)) -> n.v.t | Z67: 9
L68: 2 | M68: =N$47+1 -> 20385 | N68: =N$59 -> 34300 | O68: 0.3363 | P68: =O68*(N68-N$47) -> 4679.9508 | Q68: =IF(AND(C$10="Ja",YEAR(C$9)=$C$16,MONTH(C$9)=$Z68),IF($N$3<$M68,0,IF($N$3>$N68,($N68-$N$47)*$O68,($N$3-$N$47)*$O68)),"n.v.t") -> n.v.t | R68: =IF(AND(D$10="Ja",YEAR(D$9)=$C$16,MONTH(D$9)=$Z68),IF($R$3<$M68,0,IF($R$3>$N68,($N68-$N$47)*$O68,($R$3-$N$47)*$O68)),"n.v.t") -> n.v.t | S68: =CONCATENATE(L68,": ",M68," t/m ",N68," tarief: ",(O68*100),"% - Max. ",ROUND(P68,0)) -> 2: 20385 t/m 34300 tarief: 33,63% - Max. 4680 | T68: =IF(AND(C$10="Ja",YEAR(C$9)=$C$16,MONTH(C$9)=$Z68),IF($T$3<$M68,0,IF($T$3>$N68,($N68-$N$47)*$O68,($T$3-$N$47)*$O68)),"n.v.t") -> n.v.t | U68: =IF(AND(D$10="Ja",YEAR(D$9)=$C$16,MONTH(D$9)=$Z68),IF($U$3<$M68,0,IF($U$3>$N68,($N68-$N$47)*$O68,($U$3-$N$47)*$O68)),"n.v.t") -> n.v.t | V68: =IF(AND(C$10="Ja",YEAR(C$9)=$C$16,MONTH(C$9)=$Z68),IF($V$4<$M68,0,IF($V$4>$N68,($N68-$N$47)*$O68,($V$4-$N$47)*$O68)),"n.v.t") -> n.v.t | W68: =IF(AND(D$10="Ja",YEAR(D$9)=$C$16,MONTH(D$9)=$Z68),IF($W$4<$M68,0,IF($W$4>$N68,($N68-$N$47)*$O68,($W$4-$N$47)*$O68)),"n.v.t") -> n.v.t | X68: =IF(AND(D$10="Ja",YEAR(D$9)=$C$16,MONTH(D$9)=$Z68),IF($X$4<M68-P56-P68,0,IF($X$4>N68-P56-P68,N68-M68-P68,$X$4-X67)),"n.v.t") -> n.v.t | Y68: =IF(X68="n.v.t",X68,X68/(1-$O68)) -> n.v.t | Z68: 10
L69: 2 | M69: =N$47+1 -> 20385 | N69: =N$59 -> 34300 | O69: 0.3512 | P69: =O69*(N69-N$47) -> 4887.2992 | Q69: =IF(AND(C$10="Ja",YEAR(C$9)=$C$16,MONTH(C$9)=$Z69),IF($N$3<$M69,0,IF($N$3>$N69,($N69-$N$47)*$O69,($N$3-$N$47)*$O69)),"n.v.t") -> n.v.t | R69: =IF(AND(D$10="Ja",YEAR(D$9)=$C$16,MONTH(D$9)=$Z69),IF($R$3<$M69,0,IF($R$3>$N69,($N69-$N$47)*$O69,($R$3-$N$47)*$O69)),"n.v.t") -> n.v.t | S69: =CONCATENATE(L69,": ",M69," t/m ",N69," tarief: ",(O69*100),"% - Max. ",ROUND(P69,0)) -> 2: 20385 t/m 34300 tarief: 35,12% - Max. 4887 | T69: =IF(AND(C$10="Ja",YEAR(C$9)=$C$16,MONTH(C$9)=$Z69),IF($T$3<$M69,0,IF($T$3>$N69,($N69-$N$47)*$O69,($T$3-$N$47)*$O69)),"n.v.t") -> n.v.t | U69: =IF(AND(D$10="Ja",YEAR(D$9)=$C$16,MONTH(D$9)=$Z69),IF($U$3<$M69,0,IF($U$3>$N69,($N69-$N$47)*$O69,($U$3-$N$47)*$O69)),"n.v.t") -> n.v.t | V69: =IF(AND(C$10="Ja",YEAR(C$9)=$C$16,MONTH(C$9)=$Z69),IF($V$4<$M69,0,IF($V$4>$N69,($N69-$N$47)*$O69,($V$4-$N$47)*$O69)),"n.v.t") -> n.v.t | W69: =IF(AND(D$10="Ja",YEAR(D$9)=$C$16,MONTH(D$9)=$Z69),IF($W$4<$M69,0,IF($W$4>$N69,($N69-$N$47)*$O69,($W$4-$N$47)*$O69)),"n.v.t") -> n.v.t | X69: =IF(AND(D$10="Ja",YEAR(D$9)=$C$16,MONTH(D$9)=$Z69),IF($X$4<M69-P57-P69,0,IF($X$4>N69-P57-P69,N69-M69-P69,$X$4-X68)),"n.v.t") -> n.v.t | Y69: =IF(X69="n.v.t",X69,X69/(1-$O69)) -> n.v.t | Z69: 11
A70: Nr. | B70: Extra betaalde premies / Inkomensvoorziening | C70: =C24 -> Maand | D70: Totaal per jaar | E70: =E24 -> Maand | F70: Totaal / jaar | G70: Opmerkingen | L70: 2 | M70: =N$47+1 -> 20385 | N70: =N$59 -> 34300 | O70: 0.3661 | P70: =O70*(N70-N$47) -> 5094.6476 | Q70: =IF(AND(C$10="Ja",YEAR(C$9)=$C$16,MONTH(C$9)=$Z70),IF($N$3<$M70,0,IF($N$3>$N70,($N70-$N$47)*$O70,($N$3-$N$47)*$O70)),"n.v.t") -> n.v.t | R70: =IF(AND(D$10="Ja",YEAR(D$9)=$C$16,MONTH(D$9)=$Z70),IF($R$3<$M70,0,IF($R$3>$N70,($N70-$N$47)*$O70,($R$3-$N$47)*$O70)),"n.v.t") -> n.v.t | S70: =CONCATENATE(L70,": ",M70," t/m ",N70," tarief: ",(O70*100),"% - Max. ",ROUND(P70,0)) -> 2: 20385 t/m 34300 tarief: 36,61% - Max. 5095 | T70: =IF(AND(C$10="Ja",YEAR(C$9)=$C$16,MONTH(C$9)=$Z70),IF($T$3<$M70,0,IF($T$3>$N70,($N70-$N$47)*$O70,($T$3-$N$47)*$O70)),"n.v.t") -> n.v.t | U70: =IF(AND(D$10="Ja",YEAR(D$9)=$C$16,MONTH(D$9)=$Z70),IF($U$3<$M70,0,IF($U$3>$N70,($N70-$N$47)*$O70,($U$3-$N$47)*$O70)),"n.v.t") -> n.v.t | V70: =IF(AND(C$10="Ja",YEAR(C$9)=$C$16,MONTH(C$9)=$Z70),IF($V$4<$M70,0,IF($V$4>$N70,($N70-$N$47)*$O70,($V$4-$N$47)*$O70)),"n.v.t") -> n.v.t | W70: =IF(AND(D$10="Ja",YEAR(D$9)=$C$16,MONTH(D$9)=$Z70),IF($W$4<$M70,0,IF($W$4>$N70,($N70-$N$47)*$O70,($W$4-$N$47)*$O70)),"n.v.t") -> n.v.t | X70: =IF(AND(D$10="Ja",YEAR(D$9)=$C$16,MONTH(D$9)=$Z70),IF($X$4<M70-P58-P70,0,IF($X$4>N70-P58-P70,N70-M70-P70,$X$4-X69)),"n.v.t") -> n.v.t | Y70: =IF(X70="n.v.t",X70,X70/(1-$O70)) -> n.v.t | Z70: 12
A71: 49 | B71: Belaste onkostenvergoeding | C71: 0 | D71: =IF(Basisgegevens!C$24="Maand",C71*12,IF(Basisgegevens!C$24="4 Weken",C71*13,0)) -> 0 | E71: 0 | F71: =IF(Basisgegevens!E$24="Maand",E71*12,IF(Basisgegevens!E$24="4 Weken",E71*13,0)) -> 0 | G71: Zie hiervoor de salarisstrook | L71: 3 | M71: =N70+1 -> 34301 | N71: 68507 | O71: 0.381 | P71: =O71*(N71-N70) -> 13032.867 | Q71: =IF(AND(C$10="Ja",YEAR(C$9)=$C$16),IF($N$3<$M71,0,IF($N$3>$N71,($N71-$N70)*$O71,($N$3-$N$59)*$O71)),"n.v.t") -> n.v.t | R71: =IF(AND(D$10="Ja",YEAR(D$9)=$C$16),IF($R$3<$M71,0,IF($R$3>$N71,($N71-$N70)*$O71,($R$3-$N$59)*$O71)),"n.v.t") -> n.v.t | S71: =CONCATENATE(L71,": ",M71," t/m ",N71," tarief: ",(O71*100),"% - Max. ",ROUND(P71,0)) -> 3: 34301 t/m 68507 tarief: 38,1% - Max. 13033 | T71: =IF(AND(C$10="Ja",YEAR(C$9)=$C$16),IF($T$3<$M71,0,IF($T$3>$N71,($N71-$N70)*$O71,($T$3-$N$59)*$O71)),"n.v.t") -> n.v.t | U71: =IF(AND(D$10="Ja",YEAR(D$9)=$C$16),IF($U$3<$M71,0,IF($U$3>$N71,($N71-$N70)*$O71,($U$3-$N$59)*$O71)),"n.v.t") -> n.v.t | V71: =IF(AND(C$10="Ja",YEAR(C$9)=$C$16),IF($V$4<$M71,0,IF($V$4>$N71,($N71-$N70)*$O71,($V$4-$N$59)*$O71)),"n.v.t") -> n.v.t | W71: =IF(AND(D$10="Ja",YEAR(D$9)=$C$16),IF($W$4<$M71,0,IF($W$4>$N71,($N71-$N70)*$O71,($W$4-$N$59)*$O71)),"n.v.t") -> n.v.t | X71: =IF(AND(D$10="Ja",YEAR(D$9)=$C$16),IF($X$4<M71-(SUM(Y$47:Y70)-SUM(X$47:X70))-P71,0,IF($X$4>N71-(SUM(Y$47:Y70)-SUM(X$47:X70))-P71,N71-M71-P71,$X$4-SUM(X$47:X70))),"n.v.t") -> n.v.t | Y71: =IF(X71="n.v.t",X71,X71/(1-$O71)) -> n.v.t
A72: 51 | B72: Pensioenpremie | C72: 0 | D72: =IF(C$24="Maand",C72*12,IF(C$24="4 Weken",C72*13,0)) -> 0 | E72: 0 | F72: =IF(E$24="Maand",E72*12,IF(E$24="4 Weken",E72*13,0)) -> 0 | G72: Zie hiervoor de salarisstrook | L72: 4 | M72: =N71+1 -> 68508 | O72: 0.5175 | P72: =IF(Q$44<M72,0,(Q$44-N71)*O72) -> 0 | Q72: =IF(AND(C$10="Ja",YEAR(C$9)=$C$16),IF($N$3<$M72,0,($N$3-$N71)*$O72),"n.v.t") -> n.v.t | R72: =IF(AND(D$10="Ja",YEAR(D$9)=$C$16),IF($R$3<$M72,0,($R$3-$N71)*$O72),"n.v.t") -> n.v.t | S72: =CONCATENATE(L72,": vanaf ",M72," tarief: ",(O72*100),"%") -> 4: vanaf 68508 tarief: 51,75% | T72: =IF(AND(C$10="Ja",,YEAR(C$9)=$C$16),IF($T$3<$M72,0,($T$3-$N71)*$O72),"n.v.t") -> n.v.t | U72: =IF(AND(D$10="Ja",YEAR(D$9)=$C$16),IF($U$3<$M72,0,($U$3-$N71)*$O72),"n.v.t") -> n.v.t | V72: =IF(AND(C$10="Ja",YEAR(C$9)=$C$16),IF($V$4<$M72,0,($V$4-$N71)*$O72),"n.v.t") -> n.v.t | W72: =IF(AND(D$10="Ja",YEAR(D$9)=$C$16),IF($W$4<$M72,0,($W$4-$N71)*$O72),"n.v.t") -> n.v.t | X72: =IF(AND(D$10="Ja",YEAR(D$9)=$C$16),IF($X$4<M72-(SUM(Y47:Y71)-SUM(X47:X71)),0,IF($X$4>=M72-SUM(P$15:P33),$X$4-SUM(X$15:X33))),"n.v.t") -> n.v.t | Y72: =IF(X72="n.v.t",X72,X72/(1-$O72)) -> n.v.t
A73: 52 | B73: VUT / FPU premie | C73: 0 | D73: =IF(C$24="Maand",C73*12,IF(C$24="4 Weken",C73*13,0)) -> 0 | E73: 0 | F73: =IF(E$24="Maand",E73*12,IF(E$24="4 Weken",E73*13,0)) -> 0 | G73: Zie hiervoor de salarisstrook | O73: Verschuldigde belasting: | Q73: =SUM(Q47:Q72) -> 0 | R73: =SUM(R47:R72) -> 0 | T73: =SUM(T47:T72) -> 0 | U73: =SUM(U47:U72) -> 0 | V73: =SUM(V47:V72) -> 0 | W73: =SUM(W47:W72) -> 0 | X73: =SUM(X47:X72) -> 0 | Y73: =SUM(Y47:Y72) -> 0
A74: 53 | B74: Aanv. Ingeh. premie inkomensvoorz. | C74: 0 | D74: =IF(C$24="Maand",C74*12,IF(C$24="4 Weken",C74*13,0)) -> 0 | E74: 0 | F74: =IF(E$24="Maand",E74*12,IF(E$24="4 Weken",E74*13,0)) -> 0 | G74: Betreft via CAO geregelde, collectief ingehouden premie
A75: 55 | B75: Premie WW | C75: 0 | D75: =IF(C$24="Maand",C75*12,IF(C$24="4 Weken",C75*13,0)) -> 0 | E75: 0 | F75: =IF(E$24="Maand",E75*12,IF(E$24="4 Weken",E75*13,0)) -> 0 | G75: Zie hiervoor de salarisstrook | L75: 115 | M75: Alleenstaande ouderenkorting | O75: https://www.belastingdienst.nl/wps/wcm/connect/bldcontentnl/belastingdienst/prive/inkomstenbelasting/heffingskortingen_boxen_tarieven/heffingskortingen/heffingskortingen_voor_aow_gerechtigden
A76: 56 | B76: Arbeidsongeschiktheidsverz. WAO/WIA gat | C76: 0 | D76: =IF(C$24="Maand",C76*12,IF(C$24="4 Weken",C76*13,0)) -> 0 | E76: 0 | F76: =IF(E$24="Maand",E76*12,IF(E$24="4 Weken",E76*13,0)) -> 0 | G76: Individuele deelname aan collectieve WAO-gat verzekering | O76: Vast bedrag | Q76: =$C$4 -> AP | R76: =$D$4 -> AG
A77: 57 | B77: Ink.afhankelijke bijdrage premie ZVW (niet AOW) | C77: 0 | D77: =IF(C$24="Maand",C77*12,IF(C$24="4 Weken",C77*13,0)) -> 0 | E77: 0 | F77: =IF(E$24="Maand",E77*12,IF(E$24="4 Weken",E77*13,0)) -> 0 | O77: 429 | Q77: =IF(AND(YEAR($C$9)<=$C$16,Q80="Ja"),$O77,"n.v.t") -> n.v.t | R77: =IF(AND(YEAR($D$9)<=$C$16,R80="Ja"),$O77,"n.v.t") -> n.v.t
A78: 58 | B78: Bijdrage werkgever in ziektekosten | C78: 0 | D78: =IF(C$24="Maand",C78*12,IF(C$24="4 Weken",C78*13,0)) -> 0 | E78: 0 | F78: =IF(E$24="Maand",E78*12,IF(E$24="4 Weken",E78*13,0)) -> 0 | O78: AOW-jaar: | Q78: =YEAR($C$9) -> 1900 | R78: =YEAR($D$9) -> 1900
O79: Huidig berekeningsjaar is: | Q79: =$C$16 -> 2019 | R79: =$C$16 -> 2019
A80: Nr. | B80: Geschoond verzamelinkomen | C80: =C34 -> 0 | D80: Totaal per jaar | E80: =E34 -> 0 | F80: Totaal / jaar | M80: Wordt er voldaan aan de onderstaande voorwaarden? | Q80: Nee | R80: Nee
A81: 60 | B81: Verzamelinkomen over het kalenderjaar | C81: 0 | D81: =C81 -> 0 | E81: 0 | F81: =E81 -> 0 | G81: Opmerkingen | M81: U krijgt de alleenstaandeouderenkorting als u:
C82: Gebruik liever post 41 t/m 58 | E82: Gebruik liever post 41 t/m 58 | G82: LET OP: Werken met de posten 41 t/m 58 wordt i.v.m. de zuiverheid van de berekening STERK aanbevolen !!! | M82: In het jaar van aangifte een AOW-uitkering voor een alleenstaande krijgt of daar recht op hebt
M83: In het jaar van aangifte geen of een gedeeltelijke AOW-uitkering voor een alleenstaande krijgt, omdat u vóór de AOW-leeftijd in het buitenland woonde
G84: Toch deze? Schoon dan in ieder geval het verzamelinkomen van invloeden als: Auto werkgever, Incidentele inkomsten etc. !!! | M84: of erkend gemoedsbezwaarde bent en daarom geen (volledig) recht op een AOW-uitkering hebt opgebouwd
B85: Bijtelling auto (t.b.v. verzamelinkomen) | C85: =$C$4 -> AP | E85: =$D$4 -> AG
B86: Bijdrage per: | C86: Maand | D86: Bijdrage per: | E86: Maand | L86: 115 | M86: Ink.afh. Combinatiekorting (Werkende / AOW-ers)
A87: Nr. | B87: Omschrijving | C87: =IF(C86="Maand","Per Maand",IF(C86="4 Weken","Per 4-weken",IF(C86="Anders","Anders",""))) -> Per Maand | D87: Jaarbedrag | E87: =IF(E86="Maand","Per Maand",IF(E86="4 Weken","Per 4-weken",IF(E86="Anders","Anders",""))) -> Per Maand | F87: Jaarbedrag | G87: Opmerkingen | M87: U krijgt de inkomensafhankelijke combinatiekorting als u aan de volgende voorwaarden voldoet:
B88: Bijtelling volgens salarisstrook | C88: 0 | D88: =IF(C$24="Maand",C88*12,IF(C$24="4 Weken",C88*13,0)) -> 0 | E88: 0 | F88: =IF(E$24="Maand",E88*12,IF(E$24="4 Weken",E88*13,0)) -> 0 | G88: Is van belang voor bepalen van het verzamelinkomen | M88: 1) U hebt een kind dat geboren is ná 31 december 2006.
B89: Eigen bijdrage | C89: 0 | D89: =IF(C$24="Maand",C89*12,IF(C$24="4 Weken",C89*13,0)) -> 0 | E89: 0 | F89: =IF(E$24="Maand",E89*12,IF(E$24="4 Weken",E89*13,0)) -> 0 | G89: Is van belang voor bepalen van het verzamelinkomen | M89: 2) Dit kind staat in 2019 ten minste 6 maanden ingeschreven op uw woonadres.
B90: Bijtelling auto van de zaak | C90: =C88-C89 -> 0 | D90: =D88-D89 -> 0 | E90: =E88-E89 -> 0 | F90: =F88-F89 -> 0 | M90: U bent co-ouder in de volgende gevallen: | AI90: JUS-Vergelijking | AK90: Behoeftebepaling
M91: Uw kind woont ten minste 3 dagen per week bij u én ten minste 3 dagen per week bij uw ex.
B92: Ondernemersaftrekposten | M92: Uw kind woont om en om 1 week bij u en 1 week bij uw ex.
A93: Nr. | B93: Onderdeel | C93: Bedrag | D93: =$C$4 -> AP | E93: =$D$4 -> AG | F93: Toelichting | M93: 3) U werkt en uw inkomen uit werk is in 2019 hoger dan € 4.993. Of u hebt als ondernemer recht op de zelfstandigenaftrek.
A94: 71 | B94: Zelfstandigenaftrek (Op 1-1 AOW-er? Dan 50% !!) | C94: 7280 | D94: Nee | E94: Nee | F94: Zie https://www.belastingdienst.nl voor informatie over deze post | M94: 4) U hebt geen fiscale partner of u hebt minder dan 6 maanden een fiscale partner.
A95: 71 | B95: Startersaftrek (Op 1-1 AOW-er? Dan 50% !!) | C95: 2123 | D95: Nee | E95: Nee | F95: Zie https://www.belastingdienst.nl voor informatie over deze post | M95: Hebt u langer dan 6 maanden een fiscale partner, maar is uw inkomen lager dan dat van uw fiscale partner? Dan ook recht op de korting.
M96: Wordt er voldaan aan de onderstaande voorwaarden? | Q96: Nee | R96: Nee | S96: Zie ook: Aantal kids in tabblad "Behoeftetabel 2019"
B97: Ondernemersaftrekposten | M97: =CONCATENATE("Als één van beiden in ",C16," de AOW leeftijd bereikt gelden speciale tarieven, hiervoor moet een aanvraag worden ingediend !!!") -> Als één van beiden in 2019 de AOW leeftijd bereikt gelden speciale tarieven, hiervoor moet een aanvraag worden ingediend !!!
A98: Nr. | B98: Onderdeel | C98: Bedrag | D98: =$C$4 -> AP | E98: =$D$4 -> AG | F98: Toelichting
B99: Speur- en ontwikkelingswerk: S & O aftrek | C99: 12775 | D99: Nee | E99: Nee | F99: Zie https://www.belastingdienst.nl voor informatie over deze post | L99: 115 | M99: Ink.afh. Combinatiekorting (Werkende) | O99: https://www.belastingdienst.nl/wps/wcm/connect/bldcontentnl/belastingdienst/prive/inkomstenbelasting/heffingskortingen_boxen_tarieven/heffingskortingen/inkomensafhankelijke_combikorting/inkomensafhankelijke-combinatiekorting-2019 | T99: JUS-Vergelijking
B100: Speur- en ontwikkelingswerk: Extra aftrek | C100: 6391 | D100: Nee | E100: Nee | F100: Zie https://www.belastingdienst.nl voor informatie over deze post | M100: =CONCATENATE("AOW leeftijd wordt in ",$C$16," nog NIET bereikt") -> AOW leeftijd wordt in 2019 nog NIET bereikt | P100: Arbeidsinkomen | Q100: =('Alimentatie 2019-2 (Juli)'!$E$29+'Alimentatie 2019-2 (Juli)'!$E$57+'Alimentatie 2019-2 (Juli)'!$E$68-'Alimentatie 2019-2 (Juli)'!E8) -> 0 | R100: =('Alimentatie 2019-2 (Juli)'!$G$29+'Alimentatie 2019-2 (Juli)'!$G$57+'Alimentatie 2019-2 (Juli)'!$G$68-'Alimentatie 2019-2 (Juli)'!G8) -> 0 | S100: = (nr.54 + 70 + 74 - 42) | T100: =Q100-Jusvergelijking!$H$12-(12*'Alimentatie 2019-2 (Juli)'!E$234) -> 0 | U100: =R100+Jusvergelijking!$H$12-(12*'Alimentatie 2019-2 (Juli)'!G$234) -> 0 | V100: (= incl alimentatie eerdere partner)
...

Sheet Alimentatie 2019-2 (Juli)
A1: 1 | C1: Bruto methode
A2: 2
A3: Nr. | B3: Nr | C3: Onderwerp / Onderdeel | D3: +/- | E3: =Basisgegevens!C4 -> AP | F3: Kinderalimentie | G3: =Basisgegevens!D4 -> AG | H3: Kinderalimentie | I3: Toelichting / uitleg / Wetenwaardigheden
A4: 4
A5: 5 | C5: BOX I: Inkomen uit woning en werk
A6: 6 | C6: Loon
A7: 7 | B7: 41 | C7: Bruto arbeidsinkomen uit dienstbetrekking | D7: + | E7: =Basisgegevens!D29 -> 0 | F7: n.v.t | G7: =Basisgegevens!F26 -> 0 | H7: n.v.t | I7: Gebruik de loonstroken van een compleet jaar LET OP: Inkomsten van werknemers die vakantiebonnen ontvangen moeten bij nr. 45 worden ingevuld, niet hier!
A8: 8 | B8: 42 | C8: Bruto AOW-uitkering (geen premies werknemersverzekeringen) | D8: + | E8: =Basisgegevens!D50 -> 0 | G8: =Basisgegevens!F50 -> 0 | I8: Uitkering in het kader van WW-, WAO/WIA- en AOW-uitkering
A9: 9 | B9: 43 | C9: Bruto uitkering andere sociale verzekeringswetten | D9: + | E9: =Basisgegevens!D57 -> 0 | G9: =Basisgegevens!F57 -> 0 | I9: Uitkering in het kader van andere sociale verzekeringswetten (o.a. bijstand)
A10: 10 | B10: 44 | C10: Vakantietoeslag (8%) | D10: + | E10: =SUM(Basisgegevens!D31+Basisgegevens!D58) -> 0 | G10: =SUM(Basisgegevens!F31+Basisgegevens!F58) -> 0 | I10: Bij een ZW-uitkering van het UWV blijft recht op de Arbeidskorting bestaan.
A11: 11 | B11: 45 | C11: Bruto arbeidsinkomen bouw inclusief belast deel waarde vakantiebonnen, 46 weken (zie 118 belast deel) | D11: + | E11: =IF(Basisgegevens!D43>0,Basisgegevens!D43,Basisgegevens!D41) -> 0 | G11: =IF(Basisgegevens!F43>0,Basisgegevens!F43,Basisgegevens!F41) -> 0 | I11: Komt in plaats van post 41 als er sprake in van loon en vakantiebonnen, dit Inkomen kan niet zonder meer uit de salarisspecificatie worden afgelezen maar moet worden berekend!
A12: 12 | B12: 46 | C12: Inkomen uit overwerk (hier ook vakantiegeld over per 1-1-2019) | D12: + | E12: =Basisgegevens!D30 -> 0 | G12: =Basisgegevens!F30 -> 0 | I12: Dit is een lastig vast te stellen post. Mag en kan men vrijwillig stoppen? Ook al tijdens de relatie? Bij schommelingen middelen!
A13: 13 | B13: 47 | C13: 13e maand / 14e periodiek | D13: + | E13: =Basisgegevens!D33 -> 0 | G13: =Basisgegevens!F33 -> 0
A14: 14 | B14: 48 | C14: Belaste gratificaties, tantiemes, eindejaarsuitkering | D14: + | E14: =Basisgegevens!D34 -> 0 | G14: =Basisgegevens!F34 -> 0 | I14: Andere bruto arbeidsinkomsten, dit is niet van toepassing voor incidentele of al in het bruto inkomen opgenomen posten!
A15: 15 | B15: 49 | C15: Belaste onkostenvergoeding | D15: + | E15: =Basisgegevens!D71 -> 0 | G15: =Basisgegevens!F71 -> 0 | I15: Zie salarisspecificatie, het belast zijn betekend nog niet dat het dus gaat om verkapt inkomen !!
A16: 16 | B16: 50 | C16: Bruto pensioen (vakantietoeslag niet altijd inbegrepen) | D16: + | E16: =Basisgegevens!D67 -> 0 | G16: =Basisgegevens!F67 -> 0 | I16: Bruto pensioen uitkering (inclusief eventueel vakantiegeld)
A17: 17 | C17: Bruto jaar inkomen: | E17: =SUM(E7:E16) -> 0 | F17: =E17 -> 0 | G17: =SUM(G7:G16) -> 0 | H17: =G17 -> 0 | I17: (nr. 41 t/m 50)
A18: 18
A19: 19 | C19: Bijtelling auto (t.b.v. verzamelinkomen)
A20: 20 | C20: =Basisgegevens!B88 -> Bijtelling volgens salarisstrook | D20: + | E20: =Basisgegevens!D88 -> 0 | F20: n.v.t | G20: =Basisgegevens!F88 -> 0 | H20: n.v.t
A21: 21 | C21: =Basisgegevens!B89 -> Eigen bijdrage | D21: - | E21: =Basisgegevens!D89 -> 0 | G21: =Basisgegevens!F89 -> 0
A22: 22 | C22: =Basisgegevens!B90 -> Bijtelling auto van de zaak | E22: =Basisgegevens!D90 -> 0 | G22: =Basisgegevens!F90 -> 0
A23: 23 | E23: =E22+E17 -> 0 | G23: =G22+G17 -> 0
A24: 24
A25: 25 | C25: Premies
A26: 26 | B26: 51 | C26: Ingehouden pensioenpremie | D26: - | E26: =SUM(Basisgegevens!D72+Basisgegevens!D51+Basisgegevens!D60) -> 0 | F26: n.v.t | G26: =SUM(Basisgegevens!F72+Basisgegevens!F51+Basisgegevens!F60) -> 0 | H26: n.v.t | I26: Ingehouden pensioenpremie op jaarbasis, zie de loonstroken
A27: 27 | B27: 52 | C27: VUT / FPU-premie e.d. | D27: - | E27: =Basisgegevens!D73 -> 0 | G27: =Basisgegevens!F73 -> 0
A28: 28 | B28: 53 | C28: Aanvullende pensioenpremie / premie reparatie WAO/WIA gat (ingehouden door werkgever) | D28: - | E28: =Basisgegevens!D74 -> 0 | G28: =Basisgegevens!F74 -> 0 | I28: Betreft hier aanvullende, collectief door de werkgever ingehouden WAO/WIA-gat premie (zoals premie AP/AOP)
A29: 29 | B29: 54 | C29: Loon voor de premies werknemersverzekeringen: | D29: A | E29: =E17-SUM(E26:E28) -> 0 | F29: =E29 -> 0 | G29: =G17-SUM(G26:G28) -> 0 | H29: =G29 -> 0 | I29: (nr. 41 t/m 50) - (nr. 51 t/m 53)
A30: 30
A31: 31 | C31: Premies werknemersverzekeringen (NB Premie-inkomensgrens)
A32: 32 | B32: 55 | C32: Premie WW | D32: - | E32: =Basisgegevens!D75 -> 0 | F32: n.v.t | G32: =Basisgegevens!F75 -> 0 | H32: n.v.t | I32: Wordt berekend over het loon per werkdag, maar dan over niet meer dan het maximum dagloon na aftrek van een franchise.
A33: 33 | B33: 56 | C33: Premie arbeidsongeschiktheidsverzekering i.v.m. reparatie WAO/WIA-gat (collectieve regeling, premie ingehouden door werkgever) | D33: - | E33: =Basisgegevens!D76 -> 0 | G33: =Basisgegevens!F76 -> 0 | I33: Premie collectieve aanvullende verzekering arbeidsongeschiktheid t.b.v. reparatie van het WAO/WIA gat. Premie staat op de loonstrook
A34: 34
A35: 35 | C35: Premie Zorgverzekeringswet
A36: 36 | B36: 57 | C36: (Op aanslag betaalde) inkomensafhankelijke bijdrage ZVW | D36: - | E36: =Basisgegevens!D52+Basisgegevens!D77 -> 0 | F36: n.v.t | G36: =Basisgegevens!F52+Basisgegevens!F77 -> 0 | H36: n.v.t | I36: Alleen invullen als de bijdrage ZVW op het loon van de onderhoudsplichtige wordt ingehouden. Als de werkgever/instantie deze bijdrage betaald (wordt dus niet ingehouden) 0 invullen.
A37: 37 | B37: 58 | C37: Belaste bijdrage in ziektekosten | D37: + | E37: =Basisgegevens!D78 -> 0 | G37: =Basisgegevens!F78 -> 0 | I37: Een werkgeversbijdrage in de ziektekosten (anders dan bij 57) wordt normaal gezien als belast loon. De bijdrage dan hier invullen.
A38: 38 | B38: 59 | C38: Inkomsten uit arbeid: | E38: =IF(E41>0,"Zie Post 60",E29-SUM(E32:E35)+E37) -> 0 | F38: =E38 -> 0 | G38: =IF(G41>0,"Zie Post 60",G29-SUM(G32:G35)+G37) -> 0 | H38: =G38 -> 0 | I38: (nr. 54) - (nr. 55 t/m 57) + nr.58
A39: 39
A40: 40 | C40: Alternatief
A41: 41 | B41: 60 | C41: Loon volgens jaaropgaaf | E41: =Basisgegevens!C81 -> 0 | F41: n.v.t | G41: =Basisgegevens!E81 -> 0 | H41: n.v.t | I41: Bij gebruik van een jaaropgave, maar dit wordt afgeraden i.v.m. zuiverheid van de berekening. TIP: Bereken het ook altijd door de nr's 41 t/m 58 in te vullen! ==> Dit veld moet dan wel 0 zijn in het blad "Basisgegevens"
A42: 42
A43: 43 | C43: Werknemersaftrek
A44: 44 | B44: 61 | C44: Fietsaftrek (vervallen) | D44: - | E44: 0 | F44: n.v.t | G44: 0 | H44: n.v.t | I44: Vervallen
A45: 45 | B45: 62 | C45: Reisaftrek (alleen bij regelmatig OV reizen > 10 km minus vergoeding) | D45: - | E45: 0 | G45: 0 | I45: Kosten o.b.v. OV-verklaring bij regelmatig woon-/werkverkeer en meer dan 10 km/dag, verminderd met een eventuele ontvangen vergoeding.
A46: 46 | B46: 63 | C46: Zeedagenaftrek (vervallen) | D46: - | E46: 0 | G46: 0 | I46: Vervallen
A47: 47 | B47: 64 | C47: Belastbaar loon: | D47: (a) | E47: =IF(E41>0,E41-SUM(E44:E46),E38-SUM(E44:E46)) -> 0 | F47: =E47 -> 0 | G47: =IF(G41>0,G41-SUM(G44:G46),G38-SUM(G44:G46)) -> 0 | H47: =G47 -> 0 | I47: (nr. 59/60) - (nr.61 t/m 63)
A48: 48
A49: 49 | C49: Winst uit onderneming
A50: 50 | B50: 65 | C50: Te verwachten beschikbare winst | D50: + | E50: 0 | F50: n.v.t | G50: 0 | H50: n.v.t
A51: 51 | B51: 65b | C51: Afwijken winst uit ondernemirng | D51: + | E51: 0 | G51: 0
A52: 52 | C52: Winst uit onderneming (door te voeren bij Nr.113): | E52: =SUM(E50:E51) -> 0 | G52: =SUM(G50:G51) -> 0
A53: 53 | B53: 66 | C53: Aftrekbeperkingen | D53: + | E53: 0 | G53: 0
A54: 54 | B54: 67 | C54: Investeringsaftrek | D54: - | E54: 0 | G54: 0
A55: 55 | B55: 68 | C55: Scholingsaftrek (vervallen) | D55: - | E55: 0 | G55: 0 | I55: Vervallen
A56: 56 | B56: 69 | C56: Fiscale oudedagreserve | D56: - | E56: 0 | G56: 0
A57: 57 | B57: 70 | C57: Winst uit onderneming: | E57: =(E50+E53)-SUM(E54:E56) -> 0 | F57: =E57 -> 0 | G57: =(G50+G53)-SUM(G54:G56) -> 0 | H57: =G57 -> 0 | I57: (nr. 65 + 66) - (nr. 67 t/m 69)
A58: 58
A59: 59 | C59: Ondernemersaftrek
A60: 60 | B60: 71 | C60: Zelfstandigenaftrek? 1225 uur | D60: - | E60: =IF(Basisgegevens!D94="Ja",IF(YEAR(Basisgegevens!C$9)<Basisgegevens!$C$16,Basisgegevens!$C$94/2,Basisgegevens!$C$94),0) -> 0 | F60: n.v.t | G60: =IF(Basisgegevens!E94="Ja",IF(YEAR(Basisgegevens!D$9)<Basisgegevens!$C$16,Basisgegevens!$C$94/2,Basisgegevens!$C$94),0) -> 0 | H60: n.v.t | I60: Aftrek is als op 1-1 de AOW leeftijd is bereikt nog maar 50%
A61: 61 | C61: Recht op Startersaftrek | D61: - | E61: =IF(Basisgegevens!D95="Ja",IF(YEAR(Basisgegevens!C$9)<Basisgegevens!$C$16,Basisgegevens!$C$95/2,Basisgegevens!$C$95),0) -> 0 | G61: =IF(Basisgegevens!E95="Ja",IF(YEAR(Basisgegevens!D$9)<Basisgegevens!$C$16,Basisgegevens!$C$95/2,Basisgegevens!$C$95),0) -> 0 | I61: Aftrek is als op 1-1 de AOW leeftijd is bereikt nog maar 50%
A62: 62 | B62: 72 | C62: Speur- en Ontwikkelingswerkaftrek | D62: - | E62: =Basisgegevens!D101 -> 0 | G62: =Basisgegevens!E101 -> 0
A63: 63 | B63: 73 | C63: Meewerkaftrek | D63: - | E63: =Basisgegevens!D110*E57 -> 0 | G63: =Basisgegevens!E110*G57 -> 0
A64: 64 | B64: 74 | C64: Stakingsaftrek | D64: - | E64: 0 | G64: 0
A65: 65 | C65: MKB-winstvrijstelling 14% | D65: - | E65: =(E57-SUM(E60:E64))*Basisgegevens!$C$147 -> 0 | G65: =(G57-SUM(G60:G64))*Basisgegevens!$C$147 -> 0
A66: 66 | B66: 75 | C66: Belastbare winst uit onderneming: | D66: (b) | E66: =E57-SUM(E60:E65) -> 0 | F66: =E66 -> 0 | G66: =G57-SUM(G60:G65) -> 0 | H66: =G66 -> 0 | I66: (nr. 70) - (nr. 71 t/m 74)
A67: 67
A68: 68 | B68: 76 | C68: Resultaat uit overige werkzaamheden | D68: + | E68: 0 | F68: n.v.t | G68: 0 | H68: n.v.t
A69: 69 | B69: 77 | C69: Aftrekbeperkingen | D69: + | E69: 0 | G69: 0
A70: 70 | B70: 78 | C70: Belastbaar resultaat uit overige werkzaamheden: | D70: (c) | E70: =SUM(E68:E69) -> 0 | F70: =E70 -> 0 | G70: =SUM(G68:G69) -> 0 | H70: =G70 -> 0 | I70: (nr.76 + nr.77)
A71: 71
A72: 72 | B72: 79 | C72: Periodieke uitkeringen en verstrekkingen | D72: + | E72: 0 | F72: n.v.t | G72: 0 | H72: n.v.t | I72: O.a. ontvangen alimentie, termijnen lijfrente, pensioensverrekenings-/vereveningsuitkeringen, uitkeringen uit vrijwillige AOW/ANW verzekering
A73: 73 | B73: 80 | C73: Aftrekbare kosten (vervallen) | D73: - | E73: 0 | G73: 0 | I73: Vervallen
A74: 74 | B74: 81 | C74: Belastbare periodieke uitkeringen en verstrekkingen: | D74: (d) | E74: =E72-E73 -> 0 | F74: =E74 -> 0 | G74: =G72-G73 -> 0 | H74: =G74 -> 0 | I74: (nr.79 - nr.80)
A75: 75
A76: 76 | C76: Eigen woning
A77: 77 | B77: 82 | C77: Eigen woning forfait (o.b.v. WOZ waarde 2018, 0,70% bij waarde tussen de € 75.000 en € 1.050.000) | D77: + | E77: =Basisgegevens!E116+Basisgegevens!G128 -> 0 | F77: n.v.t | G77: =Basisgegevens!G116+Basisgegevens!E128 -> 0 | H77: n.v.t | I77: Vul de benodigde gegevens in in het tabblad "Basisgegevens"
A78: 78 | B78: 83 | C78: Rente en kosten van (hypothecaire) schulden i.v.m. de eigen woning | D78: - | E78: =Basisgegevens!E120+Basisgegevens!G132 -> 0 | G78: =Basisgegevens!G120+Basisgegevens!E132 -> 0 | I78: Vul de benodigde gegevens in in het tabblad "Basisgegevens"
A79: 79 | B79: 84 | C79: Periodieke betalingen van erfpacht e.d. | D79: - | E79: =(Basisgegevens!E121+Basisgegevens!G133)*12 -> 0 | G79: =(Basisgegevens!G121+Basisgegevens!E133)*12 -> 0 | I79: Vul de benodigde gegevens in in het tabblad "Basisgegevens"
A80: 80 | B80: 85 | C80: Belastbaar inkomen uit eigen woning: | D80: (e) | E80: =E77-SUM(E78:E79) -> 0 | F80: 0 | G80: =G77-SUM(G78:G79) -> 0 | H80: 0 | I80: (nr. 82) - (nr.83 t/m 84)
A81: 81
A82: 82 | C82: Inkomensvoorzieningen
A83: 83 | B83: 86 | C83: Premies voor lijfrenten | D83: + | E83: 0 | F83: n.v.t | G83: 0 | H83: n.v.t | I83: Premies voor lijfrente ter compensatie van een pensioentekort zijn in bepaalde omstandigheden aftrekbaar
A84: 84 | B84: 87 | C84: Premies voor uitkering bij invaliditeit, ziekte of ongeval | D84: + | E84: 0 | G84: 0 | I84: Deze premies zijn geheel aftrekbaar
A85: 85 | B85: 88 | C85: Premies WAZ (vervallen) | D85: + | E85: 0 | G85: 0 | I85: Vervallen
A86: 86 | B86: 89 | C86: Uitgaven voor inkomensvoorziening: | D86: (f) | E86: =SUM(E83:E85) -> 0 | F86: =E86 -> 0 | G86: =SUM(G83:G85) -> 0 | H86: =G86 -> 0 | I86: (nr.86 t/m 88)
A87: 87
A88: 88 | B88: 90 | C88: Uitgaven voor kinderopvang: | D88: (g) | E88: 0 | F88: =E88 -> 0 | G88: 0 | H88: =G88 -> 0 | I88: Bereken deze op bijv. https://www.berekenhet.nl/werk-en-inkomen/kosten-kinderopvang.html
A89: 89
A90: 90 | B90: 91 | C90: =CONCATENATE("Buitengewone uitgaven (minus een drempel van € ",ROUND(Basisgegevens!Q168,0)," respectievelijk € ",ROUND(Basisgegevens!R168,0),")") -> Buitengewone uitgaven (minus een drempel van € 0 respectievelijk € 0) | D90: + | E90: 0 | F90: n.v.t | G90: 0 | H90: n.v.t | I90: Let op de inkomensafhankelijke drempel! Zie voor details https://www.belastingdienst.nl
A91: 91 | B91: 92 | C91: =CONCATENATE("Scholingsuitgaven (minus een drempel van € ",ROUND(Basisgegevens!N183,0)," / maximaal aftrekbaar: € ",ROUND(Basisgegevens!O183,0),")") -> Scholingsuitgaven (minus een drempel van € 250 / maximaal aftrekbaar: € 15000) | D91: + | E91: 0 | G91: 0 | I91: Let op de vaste drempel! Post wordt alleen geaccepteerd als de opleiding naar redelijke verwachting zal gaan leiden tot meer inkomen c.q. aantoonbaar noodzakelijk is, zie voor details https://www.belastingdienst.nl
A92: 92 | B92: 93 | C92: Persoonsgebonden aftrek: | D92: (h) | E92: =SUM(E90:E91) -> 0 | F92: =E92 -> 0 | G92: =SUM(G90:G91) -> 0 | H92: =G92 -> 0 | I92: (nr.81 + nr.82) (Post 93 telt NIET mee voor het drempelinkomen !!!)
A93: 93 | E93: Alimentatieplichtige | F93: Kinderalimentatie | G93: Alimentatiegerechtigd | H93: Kinderalimentatie
A94: 94 | C94: Heffingen BOX 1
A95: 95 | B95: =B47 -> 64 | C95: =C47 -> Belastbaar loon: | D95: =D47 -> (a) | E95: =E47 -> 0 | F95: =F47 -> 0 | G95: =G47 -> 0 | H95: =H47 -> 0 | I95: (transport)
A96: 96 | B96: =B66 -> 75 | C96: =C66 -> Belastbare winst uit onderneming: | D96: =D66 -> (b) | E96: =E66 -> 0 | F96: =F66 -> 0 | G96: =G66 -> 0 | H96: =H66 -> 0 | I96: (transport)
A97: 97 | B97: =B70 -> 78 | C97: =C70 -> Belastbaar resultaat uit overige werkzaamheden: | D97: =D70 -> (c) | E97: =E70 -> 0 | F97: =F70 -> 0 | G97: =G70 -> 0 | H97: =H70 -> 0 | I97: (transport)
A98: 98 | C98: Af: Terbeschikingsstellings vrijstelling | I98: (transport)
A99: 99 | B99: =B74 -> 81 | C99: =C74 -> Belastbare periodieke uitkeringen en verstrekkingen: | D99: =D74 -> (d) | E99: =E74 -> 0 | F99: =F74 -> 0 | G99: =G74 -> 0 | H99: =H74 -> 0 | I99: (transport)
A100: 100 | B100: =B80 -> 85 | C100: =C80 -> Belastbaar inkomen uit eigen woning: | D100: =D80 -> (e) | E100: =E80 -> 0 | F100: =F80 -> 0 | G100: =G80 -> 0 | H100: =H80 -> 0 | I100: (transport)
...

Sheet Jusvergelijking
A1: Jusvergelijking
A3: Algemeen | J3: In de JUS-vergelijking moet de "Vrije ruimte" voor beide partners gelijk zijn. Vul bij een verschil in vrije ruimte in cel H12 het correctie bedrag in. Zodanig dat de vrije ruimte bij beiden gelijk wordt. In Cel J14 de schatting van het startbedrag.
B4: De berekeningsdatum is vastgezet op: | D4: =Basisgegevens!C15 -> 43466 | F4: Tijdvak: | G4: =Basisgegevens!C21 -> 2019 - 2e halfjaar
A6: Samenvatting berekening
D8: Inkomsten | F8: ='Alimentatie 2019-2 (Juli)'!$E$3 -> AP | H8: ='Alimentatie 2019-2 (Juli)'!$G$3 -> AG
D9: Inkomsten BOX I (excl. Alimentatie) | F9: =IF(Basisgegevens!C81>0,'Alimentatie 2019-2 (Juli)'!E41+'Alimentatie 2019-2 (Juli)'!E50+'Alimentatie 2019-2 (Juli)'!E51+'Alimentatie 2019-2 (Juli)'!E68+'Alimentatie 2019-2 (Juli)'!E72-'Alimentatie 2019-2 (Juli)'!E73,'Alimentatie 2019-2 (Juli)'!E38+'Alimentatie 2019-2 (Juli)'!E50+'Alimentatie 2019-2 (Juli)'!E51+'Alimentatie 2019-2 (Juli)'!E68+'Alimentatie 2019-2 (Juli)'!E72-'Alimentatie 2019-2 (Juli)'!E73) -> 0 | H9: =IF(Basisgegevens!E81>0,'Alimentatie 2019-2 (Juli)'!G41+'Alimentatie 2019-2 (Juli)'!G50+'Alimentatie 2019-2 (Juli)'!G51+'Alimentatie 2019-2 (Juli)'!G68+'Alimentatie 2019-2 (Juli)'!G72-'Alimentatie 2019-2 (Juli)'!G73,'Alimentatie 2019-2 (Juli)'!G38+'Alimentatie 2019-2 (Juli)'!G50+'Alimentatie 2019-2 (Juli)'!G51+'Alimentatie 2019-2 (Juli)'!G68+'Alimentatie 2019-2 (Juli)'!G72-'Alimentatie 2019-2 (Juli)'!G73) -> 0
D10: Feitenlijke inkomsten BOX II en BOX III | F10: ='Alimentatie 2019-2 (Juli)'!F114+'Alimentatie 2019-2 (Juli)'!F125 -> 0 | H10: ='Alimentatie 2019-2 (Juli)'!H114+'Alimentatie 2019-2 (Juli)'!H125 -> 0
D11: Onbelast inkomen | F11: ='Alimentatie 2019-2 (Juli)'!E158+'Alimentatie 2019-2 (Juli)'!E159+'Alimentatie 2019-2 (Juli)'!E162-'Alimentatie 2019-2 (Juli)'!E164 -> 0 | H11: ='Alimentatie 2019-2 (Juli)'!G158+'Alimentatie 2019-2 (Juli)'!G159+'Alimentatie 2019-2 (Juli)'!G162-'Alimentatie 2019-2 (Juli)'!G164 -> 0
D12: Te ontvangen alimentatie | F12: 0 | H12: 0
D13: Totaal aan inkomsten: | F13: =SUM(F9:F12) -> 0 | H13: =SUM(H9:H12) -> 0 | I13: Verschil in Jus | J13: Corrigeer met:
D14: Vrije ruimte: | F14: =F65 -> -10716.36 | H14: =H65 -> -10716.36 | I14: =F14-H14 -> 0 | J14: =Basisgegevens!F362 -> 0
A16: Nr. | B16: Onderdeel | E16: ='Alimentatie 2019-2 (Juli)'!$E$3 -> AP | G16: ='Alimentatie 2019-2 (Juli)'!$G$3 -> AG
A17: 64 | B17: ='Alimentatie 2019-2 (Juli)'!C47 -> Belastbaar loon: | E17: ='Alimentatie 2019-2 (Juli)'!E47 -> 0 | F17: + | G17: ='Alimentatie 2019-2 (Juli)'!G47 -> 0 | H17: +
A18: 75 | B18: ='Alimentatie 2019-2 (Juli)'!C66 -> Belastbare winst uit onderneming: | E18: ='Alimentatie 2019-2 (Juli)'!E66 -> 0 | F18: + | G18: ='Alimentatie 2019-2 (Juli)'!G66 -> 0 | H18: +
A19: 78 | B19: ='Alimentatie 2019-2 (Juli)'!C70 -> Belastbaar resultaat uit overige werkzaamheden: | E19: ='Alimentatie 2019-2 (Juli)'!E70 -> 0 | F19: + | G19: ='Alimentatie 2019-2 (Juli)'!G70 -> 0 | H19: +
A20: 81 | B20: ='Alimentatie 2019-2 (Juli)'!C74 -> Belastbare periodieke uitkeringen en verstrekkingen: | E20: ='Alimentatie 2019-2 (Juli)'!E74 -> 0 | F20: + | G20: ='Alimentatie 2019-2 (Juli)'!G74 -> 0 | H20: +
A21: 85 | B21: ='Alimentatie 2019-2 (Juli)'!C80 -> Belastbaar inkomen uit eigen woning: | E21: ='Alimentatie 2019-2 (Juli)'!E80 -> 0 | F21: + | G21: ='Alimentatie 2019-2 (Juli)'!G80 -> 0 | H21: +
A22: 89 | B22: ='Alimentatie 2019-2 (Juli)'!C86 -> Uitgaven voor inkomensvoorziening: | E22: ='Alimentatie 2019-2 (Juli)'!E86 -> 0 | F22: + | G22: ='Alimentatie 2019-2 (Juli)'!G86 -> 0 | H22: +
A23: 90 | B23: ='Alimentatie 2019-2 (Juli)'!C88 -> Uitgaven voor kinderopvang: | E23: ='Alimentatie 2019-2 (Juli)'!E88 -> 0 | F23: + | G23: ='Alimentatie 2019-2 (Juli)'!G88 -> 0 | H23: +
A24: 93 | B24: ='Alimentatie 2019-2 (Juli)'!C92 -> Persoonsgebonden aftrek: | E24: ='Alimentatie 2019-2 (Juli)'!E92 -> 0 | F24: + | G24: ='Alimentatie 2019-2 (Juli)'!G92 -> 0 | H24: +
A25: 138 | B25: ='Alimentatie 2019-2 (Juli)'!C234 -> Alimentatieverplichting (eerdere) ex-partner | E25: ='Alimentatie 2019-2 (Juli)'!E234*12 -> 0 | F25: - | G25: ='Alimentatie 2019-2 (Juli)'!G234 -> 0 | H25: -
B26: Te betalen / ontvagen alimentatie (komt uit cel E11) | E26: =H12 -> 0 | F26: - | G26: =H12 -> 0 | H26: +
A27: 94 | B27: Belastbaar inkomen: | E27: =SUM(E17:E24)-SUM(E25:E26) -> 0 | G27: =SUM(G17:G26) -> 0
B28: Belasting schijf 1 | E28: =Basisgegevens!V7 -> 0 | F28: + | G28: =Basisgegevens!W7 -> 0 | H28: +
B29: Belasting schijf 2 | E29: =Basisgegevens!V8 -> 0 | F29: + | G29: =Basisgegevens!W8 -> 0 | H29: +
B30: Belasting schijf 3 | E30: =Basisgegevens!V9 -> 0 | F30: + | G30: =Basisgegevens!W9 -> 0 | H30: +
B31: Belasting schijf 4 | E31: =Basisgegevens!V10 -> 0 | F31: + | G31: =Basisgegevens!W10 -> 0 | H31: +
A32: 95 | B32: Inkomensheffing Box I: | E32: =SUM(E28:E31) -> 0 | F32: + | G32: =SUM(G28:G31) -> 0 | H32: +
A33: ='Alimentatie 2019-2 (Juli)'!B117 -> 101 | B33: ='Alimentatie 2019-2 (Juli)'!C117 -> Inkomstebelasting (vast tarief 25%) box II: | E33: ='Alimentatie 2019-2 (Juli)'!E117 -> 0 | F33: + | G33: ='Alimentatie 2019-2 (Juli)'!G117 -> 0 | H33: +
A34: ='Alimentatie 2019-2 (Juli)'!B142 -> 112 | B34: ='Alimentatie 2019-2 (Juli)'!C142 -> Inkomstebelasting (vast tarief 30%) box III: | E34: ='Alimentatie 2019-2 (Juli)'!E142 -> 0 | F34: + | G34: ='Alimentatie 2019-2 (Juli)'!G142 -> 0 | H34: +
B35: Totaal inkomstenbelastingen (Box I, II en II) | E35: =SUM(E32:E34) -> 0 | G35: =SUM(G32:G34) -> 0
B37: Heffingskortingen: | E37: ='Alimentatie 2019-2 (Juli)'!$E$3 -> AP | G37: ='Alimentatie 2019-2 (Juli)'!$G$3 -> AG
B38: - algemene heffingskorting | E38: =IF(Basisgegevens!C$10="Nee",Basisgegevens!T121,Basisgegevens!T130) -> 0 | F38: + | G38: =IF(Basisgegevens!D$10="Nee",Basisgegevens!U121,Basisgegevens!U130) -> 0 | H38: +
B39: - arbeidskorting | E39: =IF(Basisgegevens!C$10="Nee",Basisgegevens!T142,Basisgegevens!T151) -> 0 | F39: + | G39: =IF(Basisgegevens!D$10="Nee",Basisgegevens!U142,Basisgegevens!U151) -> 0 | H39: +
B40: - inkomensonafhankelijke combinatiekorting | E40: =IF(OR(Basisgegevens!T105="n.v.t",Basisgegevens!T105="zie AOW-tabel"),Basisgegevens!T113,Basisgegevens!T105) -> n.v.t | F40: + | G40: =IF(OR(Basisgegevens!U105="n.v.t",Basisgegevens!U105="zie AOW-tabel"),Basisgegevens!U113,Basisgegevens!U105) -> n.v.t | H40: +
B41: - ouderenkorting | E41: =Basisgegevens!T159 -> 0 | F41: + | G41: =Basisgegevens!U159 -> 0 | H41: +
B42: - alleenstaande ouderenkorting (AOW-ers) | E42: =Basisgegevens!Q77 -> n.v.t | F42: + | G42: =Basisgegevens!R77 -> n.v.t | H42: +
B43: - andere kortingen (Jonggehandicapten, Levensloop, Groene beleggingen) | E43: ='Alimentatie 2019-2 (Juli)'!E154 -> 0 | F43: + | G43: ='Alimentatie 2019-2 (Juli)'!G154 -> 0 | H43: +
A44: ='Alimentatie 2019-2 (Juli)'!B155 -> 116 | B44: Totaal Heffingskortingen: | E44: =SUM(E38:E43) -> 0 | G44: =SUM(G38:G43) -> 0
A45: ='Alimentatie 2019-2 (Juli)'!B156 -> 117 | B45: ='Alimentatie 2019-2 (Juli)'!C156 -> Verschuldigde inkomensheffing: | F45: =E35-E44 -> 0 | H45: =G35-G44 -> 0
B47: Besteedbaar inkomen per jaar | E47: ='Alimentatie 2019-2 (Juli)'!$E$3 -> AP | G47: ='Alimentatie 2019-2 (Juli)'!$G$3 -> AG
A48: ='Alimentatie 2019-2 (Juli)'!B173 -> 121 | B48: Besteedbaar inkomen per jaar | E48: =F13-F45 -> 0 | G48: =H13-H45 -> 0
A49: ='Alimentatie 2019-2 (Juli)'!B222 -> 135 | B49: ='Alimentatie 2019-2 (Juli)'!C222 -> Draagkrachtloos inkomen: | E49: ='Alimentatie 2019-2 (Juli)'!E222*12 -> 10716.36 | G49: ='Alimentatie 2019-2 (Juli)'!G222*12 -> 10716.36
B50: Besteedbaar inkomen na aftrek draagkrachtloos inkomen: | F50: =E48-E49 -> -10716.36 | H50: =G48-G49 -> -10716.36
A52: Nr. | B52: Inhoudingen / Verplichtingen | E52: ='Alimentatie 2019-2 (Juli)'!$E$3 -> AP | G52: ='Alimentatie 2019-2 (Juli)'!$G$3 -> AG
A53: ='Alimentatie 2019-2 (Juli)'!B164 -> 119b | B53: ='Alimentatie 2019-2 (Juli)'!C165 -> - Door werkgever ingehouden inkomensafhankelijke bijdrage ZVW | E53: ='Alimentatie 2019-2 (Juli)'!E165 -> 0 | F53: + | G53: ='Alimentatie 2019-2 (Juli)'!G165 -> 0 | H53: +
A54: ='Alimentatie 2019-2 (Juli)'!B164 -> 119b | B54: ='Alimentatie 2019-2 (Juli)'!C166 -> - Op aanslag zelf betaalde inkomensafhankelijke bijdrage ZVW | E54: ='Alimentatie 2019-2 (Juli)'!E166 -> 0 | F54: + | G54: ='Alimentatie 2019-2 (Juli)'!G166 -> 0 | H54: +
B55: Inkomensfhankelijke bijdrage ZVW over partneralimentatie | E55: 0 | F55: + | G55: =H12*Basisgegevens!C149 -> 0 | H55: +
A56: ='Alimentatie 2019-2 (Juli)'!B239 -> 141 | B56: ='Alimentatie 2019-2 (Juli)'!C241 -> Eigen aandeel kosten kinderen | E56: ='Alimentatie 2019-2 (Juli)'!E241*12 -> 0 | F56: + | G56: ='Alimentatie 2019-2 (Juli)'!G241*12 -> 0 | H56: +
A57: ='Alimentatie 2019-2 (Juli)'!B239 -> 141 | B57: ='Alimentatie 2019-2 (Juli)'!C240 -> Verblijfskosten kinderen (Zorgkorting) | E57: ='Alimentatie 2019-2 (Juli)'!E240*12 -> 0 | F57: + | G57: ='Alimentatie 2019-2 (Juli)'!G240*12 -> 0 | H57: +
A58: ='Alimentatie 2019-2 (Juli)'!B239 -> 141 | B58: ='Alimentatie 2019-2 (Juli)'!C239 -> Kinderalimentatie | E58: ='Alimentatie 2019-2 (Juli)'!E239*12 -> 0 | F58: + | G58: ='Alimentatie 2019-2 (Juli)'!G239*12 -> 0 | H58: +
A59: ='Alimentatie 2019-2 (Juli)'!B233 -> 137a | B59: ='Alimentatie 2019-2 (Juli)'!C233 -> Andere onderhoudsverplichtimgen | E59: ='Alimentatie 2019-2 (Juli)'!E233*12 -> 0 | F59: + | G59: ='Alimentatie 2019-2 (Juli)'!G233*12 -> 0 | H59: +
A60: ='Alimentatie 2019-2 (Juli)'!B243 -> 141c | B60: ='Alimentatie 2019-2 (Juli)'!C243 -> Andere onderhoudsverplichtimgen | E60: ='Alimentatie 2019-2 (Juli)'!E243*12 -> 0 | F60: + | G60: ='Alimentatie 2019-2 (Juli)'!G243*12 -> 0 | H60: +
A61: ='Alimentatie 2019-2 (Juli)'!B234 -> 138 | B61: ='Alimentatie 2019-2 (Juli)'!C234 -> Alimentatieverplichting (eerdere) ex-partner | E61: ='Alimentatie 2019-2 (Juli)'!E234*12 -> 0 | F61: + | G61: ='Alimentatie 2019-2 (Juli)'!G234 -> 0 | H61: +
B62: Te betalen partneralimentatie | E62: =H12 -> 0 | F62: + | G62: 0 | H62: +
B63: Totaal inhoudingen / verplichtingen: | F63: =SUM(E53:E62) -> 0 | H63: =SUM(G53:G62) -> 0
I64: Verschil is
B65: Vrije ruimte: | F65: =F50-F63 -> -10716.36 | H65: =H50-H63 -> -10716.36 | I65: =F65-H65 -> 0

Sheet Behoefteberekening
A1: Behoeftebepaling volgens de Hofnorm
A3: Algemeen
B4: De berekeningsdatum is vastgezet op: | D4: =Basisgegevens!C15 -> 43466 | F4: Tijdvak: | G4: =Basisgegevens!C21 -> 2019 - 2e halfjaar
E7: Per maand | F7: Per jaar
A8: ='Alimentatie 2019-2 (Juli)'!B173 -> 121 | B8: Alimentatieplichtige: | C8: =Basisgegevens!C4 -> AP | D8: =Basisgegevens!C5 -> 0 | E8: ='Alimentatie 2019-2 (Juli)'!F173 -> 0 | F8: =E8*12 -> 0 | G8: +
A9: ='Alimentatie 2019-2 (Juli)'!B173 -> 121 | B9: Alimentatiegerechtigde: | C9: =Basisgegevens!D4 -> AG | D9: =Basisgegevens!D5 -> 0 | E9: ='Alimentatie 2019-2 (Juli)'!G173 -> 0 | F9: =E9*12 -> 0 | G9: +
B10: Netto Besteedbaar Gezinsinkomen ten tijde van de relatie: | E10: =SUM(E8:E9) -> 0 | F10: =E10*12 -> 0
B12: =Kinderalimentatie!B21 -> Eigen aandeel ouders conform NIBUD tabel: | E12: =Kinderalimentatie!F21 -> 0.01 | F12: =E12*12 -> 0.12 | G12: -
B13: Beschikbaar voor AP/AG: | E13: =E10-E12 -> -0.01 | F13: =E13*12 -> -0.12
B14: =CONCATENATE("Behoefte AP/AG a ",Basisgegevens!C155*100,"%:") -> Behoefte AP/AG a 60%: | E14: =Basisgegevens!C155*Behoefteberekening!E13 -> -0.006 | F14: =E14*12 -> -0.072
G16: Belastbaar per jaar
A17: Nr. | B17: BOX I inkomen | E17: Per maand | F17: Per jaar
A18: =IF(Basisgegevens!E81>0,'Alimentatie 2019-2 (Juli)'!B41,'Alimentatie 2019-2 (Juli)'!B38) -> 59 | B18: =IF(Basisgegevens!E81>0,'Alimentatie 2019-2 (Juli)'!C41,'Alimentatie 2019-2 (Juli)'!C38) -> Inkomsten uit arbeid: | E18: =F18/12 -> 0 | F18: =IF(Basisgegevens!E81>0,'Alimentatie 2019-2 (Juli)'!G41-'Alimentatie 2019-2 (Juli)'!G9,'Alimentatie 2019-2 (Juli)'!G38-'Alimentatie 2019-2 (Juli)'!G9) -> 0 | G18: =F18 -> 0 | H18: +
A19: ='Alimentatie 2019-2 (Juli)'!B9 -> 43 | B19: ='Alimentatie 2019-2 (Juli)'!C9 -> Bruto uitkering andere sociale verzekeringswetten | E19: =F19/12 -> 0 | F19: ='Alimentatie 2019-2 (Juli)'!G9 -> 0 | G19: =F19 -> 0 | H19: +
A20: ='Alimentatie 2019-2 (Juli)'!B57 -> 70 | B20: ='Alimentatie 2019-2 (Juli)'!C57 -> Winst uit onderneming: | E20: =F20/12 -> 0 | F20: ='Alimentatie 2019-2 (Juli)'!G57 -> 0 | G20: =F20-'Alimentatie 2019-2 (Juli)'!G65 -> 0 | H20: +
A21: ='Alimentatie 2019-2 (Juli)'!B70 -> 78 | B21: ='Alimentatie 2019-2 (Juli)'!C70 -> Belastbaar resultaat uit overige werkzaamheden: | E21: =F21/12 -> 0 | F21: ='Alimentatie 2019-2 (Juli)'!G70 -> 0 | G21: =F21 -> 0 | H21: +
A22: ='Alimentatie 2019-2 (Juli)'!B74 -> 81 | B22: ='Alimentatie 2019-2 (Juli)'!C74 -> Belastbare periodieke uitkeringen en verstrekkingen: | E22: =F22/12 -> 0 | F22: ='Alimentatie 2019-2 (Juli)'!G74 -> 0 | G22: =F22 -> 0 | H22: +
A23: 94 | B23: Totaal Belastbaar inkomen uit woning & werk (BOX I): | E23: =SUM(E18:E22) -> 0 | F23: =SUM(F18:F22) -> 0 | G23: =SUM(G18:G22) -> 0
A24: =CONCATENATE('Alimentatie 2019-2 (Juli)'!B114,"/",'Alimentatie 2019-2 (Juli)'!B116) -> 98/100 | B24: ='Alimentatie 2019-2 (Juli)'!C116 -> Belastbaar inkomen uit aanmerkelijk belang (Box II): | E24: =G24/12 -> 0 | F24: ='Alimentatie 2019-2 (Juli)'!G114 -> 0 | G24: ='Alimentatie 2019-2 (Juli)'!G116 -> 0 | H24: +
A25: ='Alimentatie 2019-2 (Juli)'!B125 -> 103 | B25: ='Alimentatie 2019-2 (Juli)'!C125 -> Werkelijke vermogensinkomsten: | E25: =F25/12 -> 0 | F25: ='Alimentatie 2019-2 (Juli)'!G125 -> 0 | G25: ='Alimentatie 2019-2 (Juli)'!G141 -> 0 | H25: +
B26: Totaal inkomen in BOX I, II en II: | E26: =E23+E24+E25 -> 0 | F26: =F23+F24+F25 -> 0 | G26: =G23+G24+G25 -> 0
A29: Nr. | B29: Belasting | E29: Per maand | F29: Per jaar
A30: ='Alimentatie 2019-2 (Juli)'!B109 -> 95 | B30: ='Alimentatie 2019-2 (Juli)'!C109 -> Inkomensheffing Box 1: | E30: =IF(F30="n.v.t",0,F30/12) -> 0 | F30: ='Alimentatie 2019-2 (Juli)'!G109 -> 0 | G30: +
A31: ='Alimentatie 2019-2 (Juli)'!B117 -> 101 | B31: ='Alimentatie 2019-2 (Juli)'!C117 -> Inkomstebelasting (vast tarief 25%) box II: | E31: =IF(F31="n.v.t",0,F31/12) -> 0 | F31: ='Alimentatie 2019-2 (Juli)'!G117 -> 0 | G31: +
A32: ='Alimentatie 2019-2 (Juli)'!B142 -> 112 | B32: ='Alimentatie 2019-2 (Juli)'!C142 -> Inkomstebelasting (vast tarief 30%) box III: | E32: =IF(F32="n.v.t",0,F32/12) -> 0 | F32: ='Alimentatie 2019-2 (Juli)'!G142 -> 0 | G32: +
B33: Totaal aan belastingen: | E33: =SUM(E30:E32) -> 0 | F33: =SUM(F30:F32) -> 0
A35: ='Alimentatie 2019-2 (Juli)'!B147 -> 115 | B35: Heffingskortingen | E35: Per maand | F35: Per jaar
B36: ='Alimentatie 2019-2 (Juli)'!C148 -> - algemene heffingskorting | E36: =IF(F36="n.v.t",0,F36/12) -> 0 | F36: =IF(Basisgegevens!$D$10="Nee",Basisgegevens!V121,Basisgegevens!V130) -> 0 | G36: +
B37: ='Alimentatie 2019-2 (Juli)'!C150 -> - arbeidskorting | E37: =IF(F37="n.v.t",0,F37/12) -> 0 | F37: ='Alimentatie 2019-2 (Juli)'!G150 -> 0 | G37: +
B38: ='Alimentatie 2019-2 (Juli)'!C151 -> - inkomensonafhankelijke combinatiekorting | E38: =IF(F38="n.v.t",0,F38/12) -> 0 | F38: ='Alimentatie 2019-2 (Juli)'!G151 -> n.v.t | G38: +
B39: ='Alimentatie 2019-2 (Juli)'!C152 -> - ouderenkorting | E39: =IF(F39="n.v.t",0,F39/12) -> 0 | F39: ='Alimentatie 2019-2 (Juli)'!G152 -> 0 | G39: +
B40: ='Alimentatie 2019-2 (Juli)'!C153 -> - alleenstaande ouderenkorting (AOW-ers) | E40: =IF(F40="n.v.t",0,F40/12) -> 0 | F40: ='Alimentatie 2019-2 (Juli)'!G153 -> n.v.t | G40: +
B41: ='Alimentatie 2019-2 (Juli)'!C154 -> - andere kortingen (Jonggehandicapten, Levensloopverlof, Groene beleggingen) | E41: =IF(F41="n.v.t",0,F41/12) -> 0 | F41: ='Alimentatie 2019-2 (Juli)'!G154 -> 0 | G41: +
A42: ='Alimentatie 2019-2 (Juli)'!B155 -> 116 | B42: Totaal heffingskortingen: | E42: =IF(F42="n.v.t",0,F42/12) -> 0 | F42: =SUM(F36:F41) -> 0
A43: ='Alimentatie 2019-2 (Juli)'!B156 -> 117 | B43: Verschuldigde belasting: | E43: =IF(F43="n.v.t",0,F43/12) -> 0 | F43: =F33-F42 -> 0
A44: ='Alimentatie 2019-2 (Juli)'!B157 -> 0 | B44: ='Alimentatie 2019-2 (Juli)'!C157 -> Inkomen na aftrek van inkomensheffing: | E44: =IF(F44="n.v.t",0,F44/12) -> 0 | F44: ='Alimentatie 2019-2 (Juli)'!G145-F43 -> 0
A46: Nr. | B46: Netto inkomsten | E46: Per maand | F46: Per jaar
A47: ='Alimentatie 2019-2 (Juli)'!B159 -> 119a | B47: =LEFT('Alimentatie 2019-2 (Juli)'!C159,16) -> Netto inkomsten | E47: =IF(F47="n.v.t",0,F47/12) -> 0 | F47: ='Alimentatie 2019-2 (Juli)'!G159 -> 0 | G47: +
B48: ='Alimentatie 2019-2 (Juli)'!C161 -> - Kindgebonden budget + Alleenstaande ouderkop | E48: =IF(F48="n.v.t",0,F48/12) -> 0 | F48: ='Alimentatie 2019-2 (Juli)'!G161 -> n.v.t | G48: +
B49: ='Alimentatie 2019-2 (Juli)'!C165 -> - Door werkgever ingehouden inkomensafhankelijke bijdrage ZVW | E49: =IF(F49="n.v.t",0,F49/12) -> 0 | F49: ='Alimentatie 2019-2 (Juli)'!G165 -> 0 | G49: -
B50: ='Alimentatie 2019-2 (Juli)'!C166 -> - Op aanslag zelf betaalde inkomensafhankelijke bijdrage ZVW | E50: =IF(F50="n.v.t",0,F50/12) -> 0 | F50: ='Alimentatie 2019-2 (Juli)'!G166 -> 0 | G50: -
A51: ='Alimentatie 2019-2 (Juli)'!B163 -> 119a | B51: ='Alimentatie 2019-2 (Juli)'!C163 -> Totaal Netto inkomsten: | E51: =F51/12 -> 0 | F51: =SUM(F47:F48)-SUM(F49:F50) -> 0
B52: Werkelijke netto inkomsten: | F52: =F44+F51 -> 0
B53: Eigen bijdrage in kosten kinderen (minus KA) | E53: =SUM(Kinderalimentatie!R59:'Kinderalimentatie'!T59) -> 0 | F53: =12*E53 -> 0 | G53: -
B54: Netto inkomen t.b.v. eigen behoefte: | E54: =IF(F54="n.v.t",0,F54/12) -> 0 | F54: =F52-F53 -> 0
B56: Alimentatie behoefte volgens Bruto behoefte: | E56: Per maand | F56: Per jaar
B57: Benodigd netto inkomen: | E57: =E14 -> -0.006 | F57: =F14 -> -0.072
B58: =B54 -> Netto inkomen t.b.v. eigen behoefte: | E58: =IF(F58="n.v.t",0,F58/12) -> 0 | F58: =F54 -> 0 | G58: -
B59: Blijft aan netto behoefte over: | E59: =E57-E58 -> -0.006 | F59: =F57-F58 -> -0.072
B60: Omgerekend naar Bruto (zie Tabblad Basisgegevens): | E60: =F60/12 -> 0 | F60: =Basisgegevens!Y11 -> 0
B61: Inkomensafhankelijke bijdrage ZVW over partneralimentatie a 0,057%: | E61: =F61/12 -> 0 | F61: =F60*0.057 -> 0 | G61: +
B62: Bruto behoefte inclusief af te dragen ZVW premie: | E62: =SUM(E60:E61) -> 0 | F62: =SUM(F60:F61) -> 0
B63: Compensatie nadeel lagere Algemene Heffingskorting: | E63: =IF(F62<0.01,0,F63/12) -> 0 | F63: =IF(G62<0.01,0,G63/12) -> 0 | G63: +
B64: Alimentatie volgens Bruto behoefte: | E64: =SUM(E62:E63) -> 0 | F64: =F62+F63 -> 0

Sheet Kinderalimentatie
B1: Kinderalimentatie - Berekening Eigen aandeel conform NIBUD tabel | M1: Tabel voor 1 kind (netto gezinsinkomen per maand in Euro’s)
L2: Code | M2: Punten | N2: 1000 | O2: 1250 | P2: 1500 | Q2: 1750 | R2: 2000 | S2: 2500 | T2: 3000 | U2: 3500 | V2: 4000 | W2: 4500 | X2: 5000 | Y2: 5500 | Z2: 6000
B3: Netto Gezinsinkomen | L3: 1-4 | M3: 4 | N3: 80 | O3: 120 | P3: 155 | Q3: 195 | R3: 230 | S3: 305 | T3: 380 | U3: 455 | V3: 530 | W3: 605 | X3: 680 | Y3: 755 | Z3: 830
L4: 1-2 | M4: 2 | N4: 70 | O4: 105 | P4: 145 | Q4: 180 | R4: 220 | S4: 295 | T4: 370 | U4: 445 | V4: 520 | W4: 595 | X4: 670 | Y4: 745 | Z4: 820
B5: Netto Besteedbaar Inkomen (NBI) tijdens huwelijk / samenwonen | L5: 1-0 | M5: 0 | N5: 55 | O5: 90 | P5: 130 | Q5: 165 | R5: 205 | S5: 280 | T5: 355 | U5: 430 | V5: 505 | W5: 580 | X5: 655 | Y5: 730 | Z5: 805
C6: Besteedbaar | D6: Eerder NBI in: | F6: Draagkracht
A7: Nr. | B7: Huidig en evt. eerder berekeningsjaar: | C7: =Basisgegevens!C16 -> 2019 | D7: =Basisgegevens!C19 -> 2019 | E7: Uitgangspunt voor deze berekening is het volgende NBI: | F7: =C7 -> 2019 | M7: Tabel voor 2 kinderen (netto gezinsinkomen per maand in Euro’s)
A8: 121 | B8: =Basisgegevens!C4 -> AP | C8: =Basisgegevens!C159 -> 0 | L8: Zoekcode | M8: Punten | N8: 1000 | O8: 1250 | P8: 1500 | Q8: 1750 | R8: 2000 | S8: 2500 | T8: 3000 | U8: 3500 | V8: 4000 | W8: 4500 | X8: 5000 | Y8: 5500 | Z8: 6000
A9: 121 | B9: =Basisgegevens!D4 -> AG | C9: =Basisgegevens!D159 -> 0 | L9: 2-8 | M9: 8 | N9: 140 | O9: 205 | P9: 265 | Q9: 330 | R9: 390 | S9: 515 | T9: 640 | U9: 765 | V9: 890 | W9: 1015 | X9: 1140 | Y9: 1265 | Z9: 1390
B10: Kindgebonden budget t.t.v. de relatie | C10: =Basisgegevens!E226 -> 0 | L10: 2-6 | M10: 6 | N10: 130 | O10: 190 | P10: 255 | Q10: 315 | R10: 380 | S10: 505 | T10: 630 | U10: 755 | V10: 880 | W10: 1005 | X10: 1130 | Y10: 1255 | Z10: 1380
B11: Oppaskosten ten tijde van de relatie | C11: =Basisgegevens!E227 -> 0 | L11: 2-4 | M11: 4 | N11: 115 | O11: 180 | P11: 240 | Q11: 305 | R11: 365 | S11: 490 | T11: 615 | U11: 740 | V11: 865 | W11: 990 | X11: 1115 | Y11: 1240 | Z11: 1365
B12: Netto Besteedbaar Inkomen (NBI): | C12: =SUM(C8:C11) -> 0 | D12: =IF(C7=D7,"n.v.t",Basisgegevens!C20) -> n.v.t | E12: =IF(C7=D7,C12,IF(AND(D12<C8,D12<C9),SUM(C8:C9),IF(AND(D12<C8,D12>=C9),C8,IF(AND(D12>C8,D12<=C9),C9,IF(AND(D12>C8,D12>C9),D12,"???"))))) -> 0 | F12: =SUM(F8:F11) -> 0 | L12: 2-2 | M12: 2 | N12: 105 | O12: 165 | P12: 230 | Q12: 290 | R12: 355 | S12: 480 | T12: 605 | U12: 730 | V12: 855 | W12: 980 | X12: 1105 | Y12: 1230 | Z12: 1355
B13: =Basisgegevens!B230 -> Een NBI tbv KA > € 6000 maximaliseren op € 6000? | E13: =Basisgegevens!C230 -> Ja | L13: 2-0 | M13: 0 | N13: 95 | O13: 155 | P13: 220 | Q13: 280 | R13: 345 | S13: 470 | T13: 595 | U13: 720 | V13: 845 | W13: 970 | X13: 1095 | Y13: 1220 | Z13: 1345
F14: Minimum inkom.grens | G14: Max. inkom.grens
B15: Gevonden kosten | M15: Tabel voor 3 kinderen (netto gezinsinkomen per maand in Euro’s)
B16: Bij een Netto Besteedbaar Inkomen van: | F16: =IF($E$12<=N2,N2,IF($E$12>=Z2,Y2,IF(AND($E$12>N2,$E$12<O2),N2,IF(AND($E$12>=O2,$E$12<P2),O2,IF(AND($E$12>=P2,$E$12<Q2),P2,IF(AND($E$12>=Q2,$E$12<R2),Q2,IF(AND($E$12>=R2,$E$12<S2),R2,IF(AND($E$12>=S2,$E$12<T2),S2,IF(AND($E$12>=T2,$E$12<U2),T2,IF(AND($E$12>=U2,$E$12<V2),U2,IF(AND($E$12>=V2,$E$12<W2),V2,IF(AND($E$12>=W2,$E$12<X2),W2,IF(AND($E$12>=X2,$E$12<Y2),X2,IF(AND($E$12>=Y2,$E$12<Z2),Y2,0)))))))))))))) -> 1000 | G16: =IF($E$12<=N2,O2,IF($E$12>=Z2,Z2,IF(AND($E$12>N2,$E$12<O2),O2,IF(AND($E$12>=O2,$E$12<P2),P2,IF(AND($E$12>=P2,$E$12<Q2),Q2,IF(AND($E$12>=Q2,$E$12<R2),R2,IF(AND($E$12>=R2,$E$12<S2),S2,IF(AND($E$12>=S2,$E$12<T2),T2,IF(AND($E$12>=T2,$E$12<U2),U2,IF(AND($E$12>=U2,$E$12<V2),V2,IF(AND($E$12>=V2,$E$12<W2),W2,IF(AND($E$12>=W2,$E$12<X2),X2,IF(AND($E$12>=X2,$E$12<Y2),Y2,IF(AND($E$12>=Y2,$E$12<Z2),Z2,0)))))))))))))) -> 1250 | L16: Zoekcode | M16: Punten | N16: 1000 | O16: 1250 | P16: 1500 | Q16: 1750 | R16: 2000 | S16: 2500 | T16: 3000 | U16: 3500 | V16: 4000 | W16: 4500 | X16: 5000 | Y16: 5500 | Z16: 6000
B17: =IF(F29=1,CONCATENATE("De tabelwaarde uit: ",MID(D30,16,17)," / ",G29," punten"),CONCATENATE("De tabelwaarden uit: ",MID(D30,16,21)," / ",G29," punten")) -> De tabelwaarden uit: / 0 punten | F17: =IF(H29=0,0.01,VLOOKUP(CONCATENATE(H29,"-",G29),L2:Z35,2+MATCH(F16,N2:Z2,0),FALSE)) -> 0.01 | G17: =IF(H29=0,0.01,VLOOKUP(CONCATENATE(H29,"-",G29),L2:Z35,2+MATCH(G16,N2:Z2,0),FALSE)) -> 0.01 | H17: (zie: Wit/groene regel in de tabellen rechts) | L17: 3-12 | M17: 12 | N17: 135 | O17: 205 | P17: 280 | Q17: 350 | R17: 425 | S17: 570 | T17: 715 | U17: 860 | V17: 1005 | W17: 1150 | X17: 1295 | Y17: 1440 | Z17: 1585
B18: Stap 1: NBI minus laagste inkomensgrens: | F18: =IF(AND(E12>=Z2,E13="Ja"),0,E12-F16) -> -1000 | G18: =IF(F16>=Z2,">= E 6000: Bedrag is gemaximaliseerd op hoogste tabelwaarde","") | L18: 3-10 | M18: 10 | N18: 125 | O18: 195 | P18: 270 | Q18: 340 | R18: 415 | S18: 560 | T18: 705 | U18: 850 | V18: 995 | W18: 1140 | X18: 1285 | Y18: 1430 | Z18: 1575
B19: Stap 2: Hoogste inkomensgrens - laagste: | F19: =IF(AND(E12>=Z2,E13="Ja"),0,G16-F16) -> 250 | L19: 3-8 | M19: 8 | N19: 110 | O19: 185 | P19: 255 | Q19: 330 | R19: 400 | S19: 545 | T19: 690 | U19: 835 | V19: 980 | W19: 1125 | X19: 1270 | Y19: 1415 | Z19: 1560
B20: Stap 3: (Stap 1 : Stap 2) * (Max. - Min.): | F20: =IF(AND(E12>=Z2,E13="Ja"),0,(F18/F19)*(G17-F17)) -> 0 | L20: 3-6 | M20: 6 | N20: 100 | O20: 175 | P20: 245 | Q20: 320 | R20: 390 | S20: 535 | T20: 680 | U20: 825 | V20: 970 | W20: 1115 | X20: 1260 | Y20: 1405 | Z20: 1550
B21: Eigen aandeel ouders conform NIBUD tabel: | F21: =IF(AND(E12>=Z2,E13="Ja"),F18,((E12-F16)/((G16-F16))*(G17-F17))+F17) -> 0.01 | L21: 3-4 | M21: 4 | N21: 90 | O21: 160 | P21: 235 | Q21: 305 | R21: 380 | S21: 525 | T21: 670 | U21: 815 | V21: 960 | W21: 1105 | X21: 1250 | Y21: 1395 | Z21: 1540
L22: 3-2 | M22: 2 | N22: 80 | O22: 150 | P22: 225 | Q22: 295 | R22: 370 | S22: 515 | T22: 660 | U22: 805 | V22: 950 | W22: 1095 | X22: 1240 | Y22: 1385 | Z22: 1530
H23: =Basisgegevens!F215 -> Meer dan 4 kids? Alleen oudste 4 meetellen | L23: 3-0 | M23: 0 | N23: 65 | O23: 140 | P23: 210 | Q23: 285 | R23: 355 | S23: 500 | T23: 645 | U23: 790 | V23: 935 | W23: 1080 | X23: 1225 | Y23: 1370 | Z23: 1515
B24: Tabel 1: Punten per kind | D24: Aantal kinderen dat verzorgt wordt door | G24: Punten totaal | I24: Kosten kids tabel
B25: Leeftijd kind | C25: Punten | D25: =Basisgegevens!$C$4 -> AP | E25: =Basisgegevens!$D$4 -> AG | F25: Totaal | I25: ren tabel | M25: Tabel voor 4 kinderen (netto gezinsinkomen per maand in Euro’s)
B26: 0 t/m 5 | C26: 4 | D26: =Basisgegevens!C218 -> 0 | E26: =Basisgegevens!D218 -> 0 | F26: =SUM(D26:E26) -> 0 | G26: =C26*F26 -> 0 | H26: =Basisgegevens!F218 -> 0 | I26: =IF(H26=0,0,($F$21/H$29)*H26) -> 0 | L26: Zoekcode | M26: Punten | N26: 1000 | O26: 1250 | P26: 1500 | Q26: 1750 | R26: 2000 | S26: 2500 | T26: 3000 | U26: 3500 | V26: 4000 | W26: 4500 | X26: 5000 | Y26: 5500 | Z26: 6000
B27: 6 t/m 11 | C27: 2 | D27: =Basisgegevens!C219 -> 0 | E27: =Basisgegevens!D219 -> 0 | F27: =SUM(D27:E27) -> 0 | G27: =C27*F27 -> 0 | H27: =Basisgegevens!F219 -> 0 | I27: =IF(H27=0,0,($F$21/H$29)*H27) -> 0 | L27: 4-16 | M27: 16 | N27: 160 | O27: 245 | P27: 335 | Q27: 420 | R27: 510 | S27: 685 | T27: 860 | U27: 1035 | V27: 1210 | W27: 1385 | X27: 1560 | Y27: 1735 | Z27: 1910
B28: 12 t/m 17 | C28: 0 | D28: =Basisgegevens!C220 -> 0 | E28: =Basisgegevens!D220 -> 0 | F28: =SUM(D28:E28) -> 0 | G28: =C28*F28 -> 0 | H28: =Basisgegevens!F220 -> 0 | I28: =IF(H28=0,0,($F$21/H$29)*H28) -> 0 | L28: 4-14 | M28: 14 | N28: 150 | O28: 235 | P28: 325 | Q28: 410 | R28: 500 | S28: 675 | T28: 850 | U28: 1025 | V28: 1200 | W28: 1375 | X28: 1550 | Y28: 1725 | Z28: 1900
C29: Totalen: | D29: =SUM(D26:D28) -> 0 | E29: =SUM(E26:E28) -> 0 | F29: =SUM(F26:F28) -> 0 | G29: =SUM(G26:G28) -> 0 | H29: =SUM(H26:H28) -> 0 | I29: =SUM(I26:I28) -> 0 | L29: 4-12 | M29: 12 | N29: 140 | O29: 225 | P29: 315 | Q29: 400 | R29: 490 | S29: 665 | T29: 840 | U29: 1015 | V29: 1190 | W29: 1365 | X29: 1540 | Y29: 1715 | Z29: 1890
D30: =IF(H29=1,CONCATENATE("----> Gebruik: ",$M$1),IF(H29=2,CONCATENATE("----> Gebruik: ",$M$7),IF(H29=3,CONCATENATE("----> Gebruik: ",$M$15),IF(H29=4,CONCATENATE("----> Gebruik: ",$M$25),IF(H29>4,"----> Teveel kinderen, er wordt alleen met de oudste 4 kinderen gerekend ","--"))))) -> -- | L30: 4-10 | M30: 10 | N30: 130 | O30: 215 | P30: 305 | Q30: 390 | R30: 480 | S30: 655 | T30: 830 | U30: 1005 | V30: 1180 | W30: 1355 | X30: 1530 | Y30: 1705 | Z30: 1880
D31: =IF(F29>4,"----> Teveel kinderen, er wordt alleen met de oudste 4 kinderen gerekend ","") | L31: 4-8 | M31: 8 | N31: 120 | O31: 205 | P31: 295 | Q31: 380 | R31: 470 | S31: 645 | T31: 820 | U31: 995 | V31: 1170 | W31: 1345 | X31: 1520 | Y31: 1695 | Z31: 1870
L32: 4-6 | M32: 6 | N32: 110 | O32: 195 | P32: 285 | Q32: 370 | R32: 460 | S32: 635 | T32: 810 | U32: 985 | V32: 1160 | W32: 1335 | X32: 1510 | Y32: 1685 | Z32: 1860
D33: Verdeling bij te weinig draagkracht | L33: 4-4 | M33: 4 | N33: 100 | O33: 185 | P33: 275 | Q33: 360 | R33: 450 | S33: 625 | T33: 800 | U33: 975 | V33: 1150 | W33: 1325 | X33: 1500 | Y33: 1675 | Z33: 1850
B34: Draagkrachtvergelijking / Verdeling van de kosten | L34: 4-2 | M34: 2 | N34: 90 | O34: 175 | P34: 265 | Q34: 350 | R34: 440 | S34: 615 | T34: 790 | U34: 965 | V34: 1140 | W34: 1315 | X34: 1490 | Y34: 1665 | Z34: 1840
C35: Draagkracht | L35: 4-0 | M35: 0 | N35: 80 | O35: 165 | P35: 255 | Q35: 340 | R35: 430 | S35: 605 | T35: 780 | U35: 955 | V35: 1130 | W35: 1305 | X35: 1480 | Y35: 1655 | Z35: 1830
B36: =Basisgegevens!$C$4 -> AP | C36: ='Alimentatie 2019-2 (Juli)'!F$236 -> 0 | D36: =IF(C36<0.01,0,(C36/C$38)*$F$21) -> 0
B37: =Basisgegevens!$D$4 -> AG | C37: ='Alimentatie 2019-2 (Juli)'!H$236 -> 0 | D37: =IF(C37<0.01,0,(C37/C$38)*$F$21) -> 0
B38: Totaal gezamelijke draagkracht: | C38: =SUM(C36:C37) -> 0 | D38: =SUM(D36:D37) -> 0
B39: Eigen aandeel ouders vlgs NIBUD-tabel | C39: =F21 -> 0.01
B40: =IF(C40<0,"TEKORT","Over") -> TEKORT | C40: =C38-C39 -> -0.01 | E40: (= standaard)
B41: In mindering te brengen op zorgkorting | C41: =IF(C40<0,(C40*D41)*-1,0) -> 0.005 | D41: 0.5
B42: Korting uitgedrukt in % | C42: =IF(C38<0.01,0,IF(C40<0,(C41/K59),0)) -> 0 | M42: =Basisgegevens!$C$4 -> AP | Q42: =Basisgegevens!$D$4 -> AG
F43: Kosten kinderen volgens tabel | G43: Aantoon- bare extra kosten | H43: Totaal kosten kinderen | J43: Zorgkor- tings % | K43: Zorgkor-ting maximaal | L43: Zorgkor-ting na correctie | M43: Draag-kracht per kind | N43: KA na aftrek zorg-korting | O43: Na aftrek zorg-korting | P43: Eigen aandeel | Q43: Draag-kracht per kind | R43: KA na aftrek zorg-korting | S43: Na aftrek zorg-korting | T43: Eigen aandeel
A46: Nr. | B46: Naam van het kind | C46: Geboren op | D46: Leeftijd (nu) | E46: KB punten | I46: Ingeschreven bij | U46: Afwijkingen t.g.v. negatieve zorgkortingen
A47: 1 | B47: =IF(Basisgegevens!B201="","--",Basisgegevens!B201) -> -- | C47: =IF(Basisgegevens!E201="","--",Basisgegevens!E201) -> -- | D47: =IF(Basisgegevens!H201="","--",Basisgegevens!H201) -> -- | E47: =IF(D47>17,"n.v.t",IF(AND(D47>=12,D47<=17),$C$28,IF(AND(D47>=6,D47<=11),$C$27,IF(AND(D47>=0,D47<=5),$C$26,"--")))) -> n.v.t | F47: =IF(E47="n.v.t","n.v.t",$F$21/F$29) -> n.v.t | G47: =IF(E47="n.v.t","n.v.t",Basisgegevens!F201) -> n.v.t | H47: =IF(E47="n.v.t",0,F47+G47) -> 0 | I47: =IF(Basisgegevens!C201=1,Basisgegevens!$C$4,IF(Basisgegevens!D201=1,Basisgegevens!$D$4,"--")) -> -- | J47: =Basisgegevens!G201 -> 0.15 | K47: =IF(E47="n.v.t",0,F47*J47) -> 0 | L47: =IF($E47="n.v.t",0,IF(K47-(K47*$C$42)<0.01,0,K47-(K47*$C$42))) -> 0 | M47: =IF($E47="n.v.t",0,IF($C$40>0,($C$36/$C$38)*$H47,($C$36/$C$38)*$H47*($C$38/$F$21))) -> 0 | N47: =IF($E47="n.v.t",0,IF(M$42=$I47,IF(AND(Q47=0,R47<0),L47,IF(AND(Q47>0,R47<0),L47-Q47,0)),M47-$L47)) -> 0 | O47: =IF($E47="n.v.t",0,IF(M$42=$I47,0,IF(N47<0,K47+N47,K47))) -> 0 | P47: =IF($E47="n.v.t",0,IF(M$42=$I47,IF(OR(AND(Q47=0,R47<0),AND(Q47>0,R47<0)),H47-K47,H47-K47-R47),0)) -> 0 | Q47: =IF($E47="n.v.t",0,IF($C$40>0,($C$37/$C$38)*$H47,($C$37/$C$38)*$H47*($C$38/$F$21))) -> 0 | R47: =IF($E47="n.v.t",0,IF(Q$42=$I47,IF(AND(M47=0,N47<0),L47,IF(AND(M47>0,N47<0),L47-Q47,0)),Q47-$L47)) -> 0 | S47: =IF($E47="n.v.t",0,IF(Q$42=$I47,0,IF(R47<0,K47+R47,K47))) -> 0 | T47: =IF($E47="n.v.t",0,IF(Q$42=$I47,IF(OR(AND(M47=0,N47<0),AND(M47>0,N47<0)),H47-K47,H47-K47-N47),0)) -> 0 | U47: =IF(E47="n.v.t","--",IF(N47<0,CONCATENATE("Negatieve zorgkorting bij ",$M$42,", deze toewijzen aan ",$Q$42),IF(R47<0,CONCATENATE("Negatieve zorgkorting bij ",$Q$42,", deze toewijzen aan ",$M$42),"--"))) -> --
A48: 2 | B48: =IF(Basisgegevens!B202="","--",Basisgegevens!B202) -> -- | C48: =IF(Basisgegevens!E202="","--",Basisgegevens!E202) -> -- | D48: =IF(Basisgegevens!H202="","--",Basisgegevens!H202) -> -- | E48: =IF(D48>17,"n.v.t",IF(AND(D48>=12,D48<=17),$C$28,IF(AND(D48>=6,D48<=11),$C$27,IF(AND(D48>=0,D48<=5),$C$26,"--")))) -> n.v.t | F48: =IF(E48="n.v.t","n.v.t",$F$21/F$29) -> n.v.t | G48: =IF(E48="n.v.t","n.v.t",Basisgegevens!F202) -> n.v.t | H48: =IF(E48="n.v.t",0,F48+G48) -> 0 | I48: =IF(Basisgegevens!C202=1,Basisgegevens!$C$4,IF(Basisgegevens!D202=1,Basisgegevens!$D$4,"--")) -> -- | J48: =Basisgegevens!G202 -> 0.15 | K48: =IF(E48="n.v.t",0,F48*J48) -> 0 | L48: =IF($E48="n.v.t",0,IF(K48-(K48*$C$42)<0.01,0,K48-(K48*$C$42))) -> 0 | M48: =IF($E48="n.v.t",0,IF($C$40>0,($C$36/$C$38)*$H48,($C$36/$C$38)*$H48*($C$38/$F$21))) -> 0 | N48: =IF($E48="n.v.t",0,IF(M$42=$I48,IF(AND(Q48=0,R48<0),L48,IF(AND(Q48>0,R48<0),L48-Q48,0)),M48-$L48)) -> 0 | O48: =IF($E48="n.v.t",0,IF(M$42=$I48,0,IF(N48<0,K48+N48,K48))) -> 0 | P48: =IF($E48="n.v.t",0,IF(M$42=$I48,IF(OR(AND(Q48=0,R48<0),AND(Q48>0,R48<0)),H48-K48,H48-K48-R48),0)) -> 0 | Q48: =IF($E48="n.v.t",0,IF($C$40>0,($C$37/$C$38)*$H48,($C$37/$C$38)*$H48*($C$38/$F$21))) -> 0 | R48: =IF($E48="n.v.t",0,IF(Q$42=$I48,IF(AND(M48=0,N48<0),L48,IF(AND(M48>0,N48<0),L48-Q48,0)),Q48-$L48)) -> 0 | S48: =IF($E48="n.v.t",0,IF(Q$42=$I48,0,IF(R48<0,K48+R48,K48))) -> 0 | T48: =IF($E48="n.v.t",0,IF(Q$42=$I48,IF(OR(AND(M48=0,N48<0),AND(M48>0,N48<0)),H48-K48,H48-K48-N48),0)) -> 0 | U48: =IF(E48="n.v.t","--",IF(N48<0,CONCATENATE("Negatieve zorgkorting bij ",$M$42,", deze toewijzen aan ",$Q$42),IF(R48<0,CONCATENATE("Negatieve zorgkorting bij ",$Q$42,", deze toewijzen aan ",$M$42),"--"))) -> --
A49: 3 | B49: =IF(Basisgegevens!B203="","--",Basisgegevens!B203) -> -- | C49: =IF(Basisgegevens!E203="","--",Basisgegevens!E203) -> -- | D49: =IF(Basisgegevens!H203="","--",Basisgegevens!H203) -> -- | E49: =IF(D49>17,"n.v.t",IF(AND(D49>=12,D49<=17),$C$28,IF(AND(D49>=6,D49<=11),$C$27,IF(AND(D49>=0,D49<=5),$C$26,"--")))) -> n.v.t | F49: =IF(E49="n.v.t","n.v.t",$F$21/F$29) -> n.v.t | G49: =IF(E49="n.v.t","n.v.t",Basisgegevens!F203) -> n.v.t | H49: =IF(E49="n.v.t",0,F49+G49) -> 0 | I49: =IF(Basisgegevens!C203=1,Basisgegevens!$C$4,IF(Basisgegevens!D203=1,Basisgegevens!$D$4,"--")) -> -- | J49: =Basisgegevens!G203 -> 0.15 | K49: =IF(E49="n.v.t",0,F49*J49) -> 0 | L49: =IF($E49="n.v.t",0,IF(K49-(K49*$C$42)<0.01,0,K49-(K49*$C$42))) -> 0 | M49: =IF($E49="n.v.t",0,IF($C$40>0,($C$36/$C$38)*$H49,($C$36/$C$38)*$H49*($C$38/$F$21))) -> 0 | N49: =IF($E49="n.v.t",0,IF(M$42=$I49,IF(AND(Q49=0,R49<0),L49,IF(AND(Q49>0,R49<0),L49-Q49,0)),M49-$L49)) -> 0 | O49: =IF($E49="n.v.t",0,IF(M$42=$I49,0,IF(N49<0,K49+N49,K49))) -> 0 | P49: =IF($E49="n.v.t",0,IF(M$42=$I49,IF(OR(AND(Q49=0,R49<0),AND(Q49>0,R49<0)),H49-K49,H49-K49-R49),0)) -> 0 | Q49: =IF($E49="n.v.t",0,IF($C$40>0,($C$37/$C$38)*$H49,($C$37/$C$38)*$H49*($C$38/$F$21))) -> 0 | R49: =IF($E49="n.v.t",0,IF(Q$42=$I49,IF(AND(M49=0,N49<0),L49,IF(AND(M49>0,N49<0),L49-Q49,0)),Q49-$L49)) -> 0 | S49: =IF($E49="n.v.t",0,IF(Q$42=$I49,0,IF(R49<0,K49+R49,K49))) -> 0 | T49: =IF($E49="n.v.t",0,IF(Q$42=$I49,IF(OR(AND(M49=0,N49<0),AND(M49>0,N49<0)),H49-K49,H49-K49-N49),0)) -> 0 | U49: =IF(E49="n.v.t","--",IF(N49<0,CONCATENATE("Negatieve zorgkorting bij ",$M$42,", deze toewijzen aan ",$Q$42),IF(R49<0,CONCATENATE("Negatieve zorgkorting bij ",$Q$42,", deze toewijzen aan ",$M$42),"--"))) -> --
A50: 4 | B50: =IF(Basisgegevens!B204="","--",Basisgegevens!B204) -> -- | C50: =IF(Basisgegevens!E204="","--",Basisgegevens!E204) -> -- | D50: =IF(Basisgegevens!H204="","--",Basisgegevens!H204) -> -- | E50: =IF(D50>17,"n.v.t",IF(AND(D50>=12,D50<=17),$C$28,IF(AND(D50>=6,D50<=11),$C$27,IF(AND(D50>=0,D50<=5),$C$26,"--")))) -> n.v.t | F50: =IF(E50="n.v.t","n.v.t",$F$21/F$29) -> n.v.t | G50: =IF(E50="n.v.t","n.v.t",Basisgegevens!F204) -> n.v.t | H50: =IF(E50="n.v.t",0,F50+G50) -> 0 | I50: =IF(Basisgegevens!C204=1,Basisgegevens!$C$4,IF(Basisgegevens!D204=1,Basisgegevens!$D$4,"--")) -> -- | J50: =Basisgegevens!G204 -> 0.15 | K50: =IF(E50="n.v.t",0,F50*J50) -> 0 | L50: =IF($E50="n.v.t",0,IF(K50-(K50*$C$42)<0.01,0,K50-(K50*$C$42))) -> 0 | M50: =IF($E50="n.v.t",0,IF($C$40>0,($C$36/$C$38)*$H50,($C$36/$C$38)*$H50*($C$38/$F$21))) -> 0 | N50: =IF($E50="n.v.t",0,IF(M$42=$I50,IF(AND(Q50=0,R50<0),L50,IF(AND(Q50>0,R50<0),L50-Q50,0)),M50-$L50)) -> 0 | O50: =IF($E50="n.v.t",0,IF(M$42=$I50,0,IF(N50<0,K50+N50,K50))) -> 0 | P50: =IF($E50="n.v.t",0,IF(M$42=$I50,IF(OR(AND(Q50=0,R50<0),AND(Q50>0,R50<0)),H50-K50,H50-K50-R50),0)) -> 0 | Q50: =IF($E50="n.v.t",0,IF($C$40>0,($C$37/$C$38)*$H50,($C$37/$C$38)*$H50*($C$38/$F$21))) -> 0 | R50: =IF($E50="n.v.t",0,IF(Q$42=$I50,IF(AND(M50=0,N50<0),L50,IF(AND(M50>0,N50<0),L50-Q50,0)),Q50-$L50)) -> 0 | S50: =IF($E50="n.v.t",0,IF(Q$42=$I50,0,IF(R50<0,K50+R50,K50))) -> 0 | T50: =IF($E50="n.v.t",0,IF(Q$42=$I50,IF(OR(AND(M50=0,N50<0),AND(M50>0,N50<0)),H50-K50,H50-K50-N50),0)) -> 0 | U50: =IF(E50="n.v.t","--",IF(N50<0,CONCATENATE("Negatieve zorgkorting bij ",$M$42,", deze toewijzen aan ",$Q$42),IF(R50<0,CONCATENATE("Negatieve zorgkorting bij ",$Q$42,", deze toewijzen aan ",$M$42),"--"))) -> --
A51: 5 | B51: =IF(Basisgegevens!B205="","--",Basisgegevens!B205) -> -- | C51: =IF(Basisgegevens!E205="","--",Basisgegevens!E205) -> -- | D51: =IF(Basisgegevens!H205="","--",Basisgegevens!H205) -> -- | E51: =IF(D51>17,"n.v.t",IF(AND(D51>=12,D51<=17),$C$28,IF(AND(D51>=6,D51<=11),$C$27,IF(AND(D51>=0,D51<=5),$C$26,"--")))) -> n.v.t | F51: =IF(E51="n.v.t","n.v.t",$F$21/F$29) -> n.v.t | G51: =IF(E51="n.v.t","n.v.t",Basisgegevens!F205) -> n.v.t | H51: =IF(E51="n.v.t",0,F51+G51) -> 0 | I51: =IF(Basisgegevens!C205=1,Basisgegevens!$C$4,IF(Basisgegevens!D205=1,Basisgegevens!$D$4,"--")) -> -- | J51: =Basisgegevens!G205 -> 0.15 | K51: =IF(E51="n.v.t",0,F51*J51) -> 0 | L51: =IF($E51="n.v.t",0,IF(K51-(K51*$C$42)<0.01,0,K51-(K51*$C$42))) -> 0 | M51: =IF($E51="n.v.t",0,IF($C$40>0,($C$36/$C$38)*$H51,($C$36/$C$38)*$H51*($C$38/$F$21))) -> 0 | N51: =IF($E51="n.v.t",0,IF(M$42=$I51,IF(AND(Q51=0,R51<0),L51,IF(AND(Q51>0,R51<0),L51-Q51,0)),M51-$L51)) -> 0 | O51: =IF($E51="n.v.t",0,IF(M$42=$I51,0,IF(N51<0,K51+N51,K51))) -> 0 | P51: =IF($E51="n.v.t",0,IF(M$42=$I51,IF(OR(AND(Q51=0,R51<0),AND(Q51>0,R51<0)),H51-K51,H51-K51-R51),0)) -> 0 | Q51: =IF($E51="n.v.t",0,IF($C$40>0,($C$37/$C$38)*$H51,($C$37/$C$38)*$H51*($C$38/$F$21))) -> 0 | R51: =IF($E51="n.v.t",0,IF(Q$42=$I51,IF(AND(M51=0,N51<0),L51,IF(AND(M51>0,N51<0),L51-Q51,0)),Q51-$L51)) -> 0 | S51: =IF($E51="n.v.t",0,IF(Q$42=$I51,0,IF(R51<0,K51+R51,K51))) -> 0 | T51: =IF($E51="n.v.t",0,IF(Q$42=$I51,IF(OR(AND(M51=0,N51<0),AND(M51>0,N51<0)),H51-K51,H51-K51-N51),0)) -> 0 | U51: =IF(E51="n.v.t","--",IF(N51<0,CONCATENATE("Negatieve zorgkorting bij ",$M$42,", deze toewijzen aan ",$Q$42),IF(R51<0,CONCATENATE("Negatieve zorgkorting bij ",$Q$42,", deze toewijzen aan ",$M$42),"--"))) -> --
A52: 6 | B52: =IF(Basisgegevens!B206="","--",Basisgegevens!B206) -> -- | C52: =IF(Basisgegevens!E206="","--",Basisgegevens!E206) -> -- | D52: =IF(Basisgegevens!H206="","--",Basisgegevens!H206) -> -- | E52: =IF(D52>17,"n.v.t",IF(AND(D52>=12,D52<=17),$C$28,IF(AND(D52>=6,D52<=11),$C$27,IF(AND(D52>=0,D52<=5),$C$26,"--")))) -> n.v.t | F52: =IF(E52="n.v.t","n.v.t",$F$21/F$29) -> n.v.t | G52: =IF(E52="n.v.t","n.v.t",Basisgegevens!F206) -> n.v.t | H52: =IF(E52="n.v.t",0,F52+G52) -> 0 | I52: =IF(Basisgegevens!C206=1,Basisgegevens!$C$4,IF(Basisgegevens!D206=1,Basisgegevens!$D$4,"--")) -> -- | J52: =Basisgegevens!G206 -> 0.15 | K52: =IF(E52="n.v.t",0,F52*J52) -> 0 | L52: =IF($E52="n.v.t",0,IF(K52-(K52*$C$42)<0.01,0,K52-(K52*$C$42))) -> 0 | M52: =IF($E52="n.v.t",0,IF($C$40>0,($C$36/$C$38)*$H52,($C$36/$C$38)*$H52*($C$38/$F$21))) -> 0 | N52: =IF($E52="n.v.t",0,IF(M$42=$I52,IF(AND(Q52=0,R52<0),L52,IF(AND(Q52>0,R52<0),L52-Q52,0)),M52-$L52)) -> 0 | O52: =IF($E52="n.v.t",0,IF(M$42=$I52,0,IF(N52<0,K52+N52,K52))) -> 0 | P52: =IF($E52="n.v.t",0,IF(M$42=$I52,IF(OR(AND(Q52=0,R52<0),AND(Q52>0,R52<0)),H52-K52,H52-K52-R52),0)) -> 0 | Q52: =IF($E52="n.v.t",0,IF($C$40>0,($C$37/$C$38)*$H52,($C$37/$C$38)*$H52*($C$38/$F$21))) -> 0 | R52: =IF($E52="n.v.t",0,IF(Q$42=$I52,IF(AND(M52=0,N52<0),L52,IF(AND(M52>0,N52<0),L52-Q52,0)),Q52-$L52)) -> 0 | S52: =IF($E52="n.v.t",0,IF(Q$42=$I52,0,IF(R52<0,K52+R52,K52))) -> 0 | T52: =IF($E52="n.v.t",0,IF(Q$42=$I52,IF(OR(AND(M52=0,N52<0),AND(M52>0,N52<0)),H52-K52,H52-K52-N52),0)) -> 0 | U52: =IF(E52="n.v.t","--",IF(N52<0,CONCATENATE("Negatieve zorgkorting bij ",$M$42,", deze toewijzen aan ",$Q$42),IF(R52<0,CONCATENATE("Negatieve zorgkorting bij ",$Q$42,", deze toewijzen aan ",$M$42),"--"))) -> --
A53: 7 | B53: =IF(Basisgegevens!B207="","--",Basisgegevens!B207) -> -- | C53: =IF(Basisgegevens!E207="","--",Basisgegevens!E207) -> -- | D53: =IF(Basisgegevens!H207="","--",Basisgegevens!H207) -> -- | E53: =IF(D53>17,"n.v.t",IF(AND(D53>=12,D53<=17),$C$28,IF(AND(D53>=6,D53<=11),$C$27,IF(AND(D53>=0,D53<=5),$C$26,"--")))) -> n.v.t | F53: =IF(E53="n.v.t","n.v.t",$F$21/F$29) -> n.v.t | G53: =IF(E53="n.v.t","n.v.t",Basisgegevens!F207) -> n.v.t | H53: =IF(E53="n.v.t",0,F53+G53) -> 0 | I53: =IF(Basisgegevens!C207=1,Basisgegevens!$C$4,IF(Basisgegevens!D207=1,Basisgegevens!$D$4,"--")) -> -- | J53: =Basisgegevens!G207 -> 0.15 | K53: =IF(E53="n.v.t",0,F53*J53) -> 0 | L53: =IF($E53="n.v.t",0,IF(K53-(K53*$C$42)<0.01,0,K53-(K53*$C$42))) -> 0 | M53: =IF($E53="n.v.t",0,IF($C$40>0,($C$36/$C$38)*$H53,($C$36/$C$38)*$H53*($C$38/$F$21))) -> 0 | N53: =IF($E53="n.v.t",0,IF(M$42=$I53,IF(AND(Q53=0,R53<0),L53,IF(AND(Q53>0,R53<0),L53-Q53,0)),M53-$L53)) -> 0 | O53: =IF($E53="n.v.t",0,IF(M$42=$I53,0,IF(N53<0,K53+N53,K53))) -> 0 | P53: =IF($E53="n.v.t",0,IF(M$42=$I53,IF(OR(AND(Q53=0,R53<0),AND(Q53>0,R53<0)),H53-K53,H53-K53-R53),0)) -> 0 | Q53: =IF($E53="n.v.t",0,IF($C$40>0,($C$37/$C$38)*$H53,($C$37/$C$38)*$H53*($C$38/$F$21))) -> 0 | R53: =IF($E53="n.v.t",0,IF(Q$42=$I53,IF(AND(M53=0,N53<0),L53,IF(AND(M53>0,N53<0),L53-Q53,0)),Q53-$L53)) -> 0 | S53: =IF($E53="n.v.t",0,IF(Q$42=$I53,0,IF(R53<0,K53+R53,K53))) -> 0 | T53: =IF($E53="n.v.t",0,IF(Q$42=$I53,IF(OR(AND(M53=0,N53<0),AND(M53>0,N53<0)),H53-K53,H53-K53-N53),0)) -> 0 | U53: =IF(E53="n.v.t","--",IF(N53<0,CONCATENATE("Negatieve zorgkorting bij ",$M$42,", deze toewijzen aan ",$Q$42),IF(R53<0,CONCATENATE("Negatieve zorgkorting bij ",$Q$42,", deze toewijzen aan ",$M$42),"--"))) -> --
A54: 8 | B54: =IF(Basisgegevens!B208="","--",Basisgegevens!B208) -> -- | C54: =IF(Basisgegevens!E208="","--",Basisgegevens!E208) -> -- | D54: =IF(Basisgegevens!H208="","--",Basisgegevens!H208) -> -- | E54: =IF(D54>17,"n.v.t",IF(AND(D54>=12,D54<=17),$C$28,IF(AND(D54>=6,D54<=11),$C$27,IF(AND(D54>=0,D54<=5),$C$26,"--")))) -> n.v.t | F54: =IF(E54="n.v.t","n.v.t",$F$21/F$29) -> n.v.t | G54: =IF(E54="n.v.t","n.v.t",Basisgegevens!F208) -> n.v.t | H54: =IF(E54="n.v.t",0,F54+G54) -> 0 | I54: =IF(Basisgegevens!C208=1,Basisgegevens!$C$4,IF(Basisgegevens!D208=1,Basisgegevens!$D$4,"--")) -> -- | J54: =Basisgegevens!G208 -> 0.15 | K54: =IF(E54="n.v.t",0,F54*J54) -> 0 | L54: =IF($E54="n.v.t",0,IF(K54-(K54*$C$42)<0.01,0,K54-(K54*$C$42))) -> 0 | M54: =IF($E54="n.v.t",0,IF($C$40>0,($C$36/$C$38)*$H54,($C$36/$C$38)*$H54*($C$38/$F$21))) -> 0 | N54: =IF($E54="n.v.t",0,IF(M$42=$I54,IF(AND(Q54=0,R54<0),L54,IF(AND(Q54>0,R54<0),L54-Q54,0)),M54-$L54)) -> 0 | O54: =IF($E54="n.v.t",0,IF(M$42=$I54,0,IF(N54<0,K54+N54,K54))) -> 0 | P54: =IF($E54="n.v.t",0,IF(M$42=$I54,IF(OR(AND(Q54=0,R54<0),AND(Q54>0,R54<0)),H54-K54,H54-K54-R54),0)) -> 0 | Q54: =IF($E54="n.v.t",0,IF($C$40>0,($C$37/$C$38)*$H54,($C$37/$C$38)*$H54*($C$38/$F$21))) -> 0 | R54: =IF($E54="n.v.t",0,IF(Q$42=$I54,IF(AND(M54=0,N54<0),L54,IF(AND(M54>0,N54<0),L54-Q54,0)),Q54-$L54)) -> 0 | S54: =IF($E54="n.v.t",0,IF(Q$42=$I54,0,IF(R54<0,K54+R54,K54))) -> 0 | T54: =IF($E54="n.v.t",0,IF(Q$42=$I54,IF(OR(AND(M54=0,N54<0),AND(M54>0,N54<0)),H54-K54,H54-K54-N54),0)) -> 0 | U54: =IF(E54="n.v.t","--",IF(N54<0,CONCATENATE("Negatieve zorgkorting bij ",$M$42,", deze toewijzen aan ",$Q$42),IF(R54<0,CONCATENATE("Negatieve zorgkorting bij ",$Q$42,", deze toewijzen aan ",$M$42),"--"))) -> --
A55: 9 | B55: =IF(Basisgegevens!B209="","--",Basisgegevens!B209) -> -- | C55: =IF(Basisgegevens!E209="","--",Basisgegevens!E209) -> -- | D55: =IF(Basisgegevens!H209="","--",Basisgegevens!H209) -> -- | E55: =IF(D55>17,"n.v.t",IF(AND(D55>=12,D55<=17),$C$28,IF(AND(D55>=6,D55<=11),$C$27,IF(AND(D55>=0,D55<=5),$C$26,"--")))) -> n.v.t | F55: =IF(E55="n.v.t","n.v.t",$F$21/F$29) -> n.v.t | G55: =IF(E55="n.v.t","n.v.t",Basisgegevens!F209) -> n.v.t | H55: =IF(E55="n.v.t",0,F55+G55) -> 0 | I55: =IF(Basisgegevens!C209=1,Basisgegevens!$C$4,IF(Basisgegevens!D209=1,Basisgegevens!$D$4,"--")) -> -- | J55: =Basisgegevens!G209 -> 0.15 | K55: =IF(E55="n.v.t",0,F55*J55) -> 0 | L55: =IF($E55="n.v.t",0,IF(K55-(K55*$C$42)<0.01,0,K55-(K55*$C$42))) -> 0 | M55: =IF($E55="n.v.t",0,IF($C$40>0,($C$36/$C$38)*$H55,($C$36/$C$38)*$H55*($C$38/$F$21))) -> 0 | N55: =IF($E55="n.v.t",0,IF(M$42=$I55,IF(AND(Q55=0,R55<0),L55,IF(AND(Q55>0,R55<0),L55-Q55,0)),M55-$L55)) -> 0 | O55: =IF($E55="n.v.t",0,IF(M$42=$I55,0,IF(N55<0,K55+N55,K55))) -> 0 | P55: =IF($E55="n.v.t",0,IF(M$42=$I55,IF(OR(AND(Q55=0,R55<0),AND(Q55>0,R55<0)),H55-K55,H55-K55-R55),0)) -> 0 | Q55: =IF($E55="n.v.t",0,IF($C$40>0,($C$37/$C$38)*$H55,($C$37/$C$38)*$H55*($C$38/$F$21))) -> 0 | R55: =IF($E55="n.v.t",0,IF(Q$42=$I55,IF(AND(M55=0,N55<0),L55,IF(AND(M55>0,N55<0),L55-Q55,0)),Q55-$L55)) -> 0 | S55: =IF($E55="n.v.t",0,IF(Q$42=$I55,0,IF(R55<0,K55+R55,K55))) -> 0 | T55: =IF($E55="n.v.t",0,IF(Q$42=$I55,IF(OR(AND(M55=0,N55<0),AND(M55>0,N55<0)),H55-K55,H55-K55-N55),0)) -> 0 | U55: =IF(E55="n.v.t","--",IF(N55<0,CONCATENATE("Negatieve zorgkorting bij ",$M$42,", deze toewijzen aan ",$Q$42),IF(R55<0,CONCATENATE("Negatieve zorgkorting bij ",$Q$42,", deze toewijzen aan ",$M$42),"--"))) -> --
A56: 10 | B56: =IF(Basisgegevens!B210="","--",Basisgegevens!B210) -> -- | C56: =IF(Basisgegevens!E210="","--",Basisgegevens!E210) -> -- | D56: =IF(Basisgegevens!H210="","--",Basisgegevens!H210) -> -- | E56: =IF(D56>17,"n.v.t",IF(AND(D56>=12,D56<=17),$C$28,IF(AND(D56>=6,D56<=11),$C$27,IF(AND(D56>=0,D56<=5),$C$26,"--")))) -> n.v.t | F56: =IF(E56="n.v.t","n.v.t",$F$21/F$29) -> n.v.t | G56: =IF(E56="n.v.t","n.v.t",Basisgegevens!F210) -> n.v.t | H56: =IF(E56="n.v.t",0,F56+G56) -> 0 | I56: =IF(Basisgegevens!C210=1,Basisgegevens!$C$4,IF(Basisgegevens!D210=1,Basisgegevens!$D$4,"--")) -> -- | J56: =Basisgegevens!G210 -> 0.15 | K56: =IF(E56="n.v.t",0,F56*J56) -> 0 | L56: =IF($E56="n.v.t",0,IF(K56-(K56*$C$42)<0.01,0,K56-(K56*$C$42))) -> 0 | M56: =IF($E56="n.v.t",0,IF($C$40>0,($C$36/$C$38)*$H56,($C$36/$C$38)*$H56*($C$38/$F$21))) -> 0 | N56: =IF($E56="n.v.t",0,IF(M$42=$I56,IF(AND(Q56=0,R56<0),L56,IF(AND(Q56>0,R56<0),L56-Q56,0)),M56-$L56)) -> 0 | O56: =IF($E56="n.v.t",0,IF(M$42=$I56,0,IF(N56<0,K56+N56,K56))) -> 0 | P56: =IF($E56="n.v.t",0,IF(M$42=$I56,IF(OR(AND(Q56=0,R56<0),AND(Q56>0,R56<0)),H56-K56,H56-K56-R56),0)) -> 0 | Q56: =IF($E56="n.v.t",0,IF($C$40>0,($C$37/$C$38)*$H56,($C$37/$C$38)*$H56*($C$38/$F$21))) -> 0 | R56: =IF($E56="n.v.t",0,IF(Q$42=$I56,IF(AND(M56=0,N56<0),L56,IF(AND(M56>0,N56<0),L56-Q56,0)),Q56-$L56)) -> 0 | S56: =IF($E56="n.v.t",0,IF(Q$42=$I56,0,IF(R56<0,K56+R56,K56))) -> 0 | T56: =IF($E56="n.v.t",0,IF(Q$42=$I56,IF(OR(AND(M56=0,N56<0),AND(M56>0,N56<0)),H56-K56,H56-K56-N56),0)) -> 0 | U56: =IF(E56="n.v.t","--",IF(N56<0,CONCATENATE("Negatieve zorgkorting bij ",$M$42,", deze toewijzen aan ",$Q$42),IF(R56<0,CONCATENATE("Negatieve zorgkorting bij ",$Q$42,", deze toewijzen aan ",$M$42),"--"))) -> --
A57: 11 | B57: =IF(Basisgegevens!B211="","--",Basisgegevens!B211) -> -- | C57: =IF(Basisgegevens!E211="","--",Basisgegevens!E211) -> -- | D57: =IF(Basisgegevens!H211="","--",Basisgegevens!H211) -> -- | E57: =IF(D57>17,"n.v.t",IF(AND(D57>=12,D57<=17),$C$28,IF(AND(D57>=6,D57<=11),$C$27,IF(AND(D57>=0,D57<=5),$C$26,"--")))) -> n.v.t | F57: =IF(E57="n.v.t","n.v.t",$F$21/F$29) -> n.v.t | G57: =IF(E57="n.v.t","n.v.t",Basisgegevens!F211) -> n.v.t | H57: =IF(E57="n.v.t",0,F57+G57) -> 0 | I57: =IF(Basisgegevens!C211=1,Basisgegevens!$C$4,IF(Basisgegevens!D211=1,Basisgegevens!$D$4,"--")) -> -- | J57: =Basisgegevens!G211 -> 0.15 | K57: =IF(E57="n.v.t",0,F57*J57) -> 0 | L57: =IF($E57="n.v.t",0,IF(K57-(K57*$C$42)<0.01,0,K57-(K57*$C$42))) -> 0 | M57: =IF($E57="n.v.t",0,IF($C$40>0,($C$36/$C$38)*$H57,($C$36/$C$38)*$H57*($C$38/$F$21))) -> 0 | N57: =IF($E57="n.v.t",0,IF(M$42=$I57,IF(AND(Q57=0,R57<0),L57,IF(AND(Q57>0,R57<0),L57-Q57,0)),M57-$L57)) -> 0 | O57: =IF($E57="n.v.t",0,IF(M$42=$I57,0,IF(N57<0,K57+N57,K57))) -> 0 | P57: =IF($E57="n.v.t",0,IF(M$42=$I57,IF(OR(AND(Q57=0,R57<0),AND(Q57>0,R57<0)),H57-K57,H57-K57-R57),0)) -> 0 | Q57: =IF($E57="n.v.t",0,IF($C$40>0,($C$37/$C$38)*$H57,($C$37/$C$38)*$H57*($C$38/$F$21))) -> 0 | R57: =IF($E57="n.v.t",0,IF(Q$42=$I57,IF(AND(M57=0,N57<0),L57,IF(AND(M57>0,N57<0),L57-Q57,0)),Q57-$L57)) -> 0 | S57: =IF($E57="n.v.t",0,IF(Q$42=$I57,0,IF(R57<0,K57+R57,K57))) -> 0 | T57: =IF($E57="n.v.t",0,IF(Q$42=$I57,IF(OR(AND(M57=0,N57<0),AND(M57>0,N57<0)),H57-K57,H57-K57-N57),0)) -> 0 | U57: =IF(E57="n.v.t","--",IF(N57<0,CONCATENATE("Negatieve zorgkorting bij ",$M$42,", deze toewijzen aan ",$Q$42),IF(R57<0,CONCATENATE("Negatieve zorgkorting bij ",$Q$42,", deze toewijzen aan ",$M$42),"--"))) -> --
A58: 12 | B58: =IF(Basisgegevens!B212="","--",Basisgegevens!B212) -> -- | C58: =IF(Basisgegevens!E212="","--",Basisgegevens!E212) -> -- | D58: =IF(Basisgegevens!H212="","--",Basisgegevens!H212) -> -- | E58: =IF(D58>17,"n.v.t",IF(AND(D58>=12,D58<=17),$C$28,IF(AND(D58>=6,D58<=11),$C$27,IF(AND(D58>=0,D58<=5),$C$26,"--")))) -> n.v.t | F58: =IF(E58="n.v.t","n.v.t",$F$21/F$29) -> n.v.t | G58: =IF(E58="n.v.t","n.v.t",Basisgegevens!F212) -> n.v.t | H58: =IF(E58="n.v.t",0,F58+G58) -> 0 | I58: =IF(Basisgegevens!C212=1,Basisgegevens!$C$4,IF(Basisgegevens!D212=1,Basisgegevens!$D$4,"--")) -> -- | J58: =Basisgegevens!G212 -> 0.15 | K58: =IF(E58="n.v.t",0,F58*J58) -> 0 | L58: =IF($E58="n.v.t",0,IF(K58-(K58*$C$42)<0.01,0,K58-(K58*$C$42))) -> 0 | M58: =IF($E58="n.v.t",0,IF($C$40>0,($C$36/$C$38)*$H58,($C$36/$C$38)*$H58*($C$38/$F$21))) -> 0 | N58: =IF($E58="n.v.t",0,IF(M$42=$I58,IF(AND(Q58=0,R58<0),L58,IF(AND(Q58>0,R58<0),L58-Q58,0)),M58-$L58)) -> 0 | O58: =IF($E58="n.v.t",0,IF(M$42=$I58,0,IF(N58<0,K58+N58,K58))) -> 0 | P58: =IF($E58="n.v.t",0,IF(M$42=$I58,IF(OR(AND(Q58=0,R58<0),AND(Q58>0,R58<0)),H58-K58,H58-K58-R58),0)) -> 0 | Q58: =IF($E58="n.v.t",0,IF($C$40>0,($C$37/$C$38)*$H58,($C$37/$C$38)*$H58*($C$38/$F$21))) -> 0 | R58: =IF($E58="n.v.t",0,IF(Q$42=$I58,IF(AND(M58=0,N58<0),L58,IF(AND(M58>0,N58<0),L58-Q58,0)),Q58-$L58)) -> 0 | S58: =IF($E58="n.v.t",0,IF(Q$42=$I58,0,IF(R58<0,K58+R58,K58))) -> 0 | T58: =IF($E58="n.v.t",0,IF(Q$42=$I58,IF(OR(AND(M58=0,N58<0),AND(M58>0,N58<0)),H58-K58,H58-K58-N58),0)) -> 0 | U58: =IF(E58="n.v.t","--",IF(N58<0,CONCATENATE("Negatieve zorgkorting bij ",$M$42,", deze toewijzen aan ",$Q$42),IF(R58<0,CONCATENATE("Negatieve zorgkorting bij ",$Q$42,", deze toewijzen aan ",$M$42),"--"))) -> --
D59: Totalen: | E59: =SUM(E47:E58) -> 0 | F59: =SUM(F47:F58) -> 0 | G59: =SUM(G47:G58) -> 0 | H59: =SUM(H47:H58) -> 0 | K59: =SUM(K47:K58) -> 0 | L59: =SUM(L47:L58) -> 0 | M59: =SUM(M47:M58) -> 0 | N59: =SUM(N47:N58) -> 0 | O59: =SUM(O47:O58) -> 0 | P59: =SUM(P47:P58) -> 0 | Q59: =SUM(Q47:Q58) -> 0 | R59: =SUM(R47:R58) -> 0 | ... T59: =SUM(T47:T58) -> 0
N60: K.A | O60: Z.K. | P60: E.A | R60: K.A | S60: Z.K | T60: E.A
N61: Nr.141 | R61: Nr.141
A71: Nr.
A72: 1
A73: 2
A74: 3
A75: 4
A76: 5
A77: 6
A78: 7
A79: 8
A80: 9
A81: 10
A82: 11
A83: 12

Sheet Wijzigingen & To Do's
A1: Wijzigingen | E1: To Do's en Wensen
I2: Alimentatieberekening
A3: Datum | B3: Omschrijving | C3: In versie | E3: Datum | F3: Prio | G3: Omschrijving | H3: Verwerkt op | I3: Opmerkingen
A4: 43843 | B4: Mogelijkheid om Post 60 "Verzamelinkomen" i.p.v.post 41 t/m 58 te gebruiken toegevoegd | C4: 1.1 | E4: 43575 | F4: 2 | G4: Berekening KA bij lage inkomen testen op goede werking (herverdeling bij laagste grens testen)
A5: 43843 | B5: Post 57 verwijderd uit totaalinkomen t.b.v. berekenen Arbeidskorting in Basisgegevens | C5: 1.1
A6: 43843 | B6: De keuzevelden bij post 71 in Basisgegevens konden niet worden gebruikt, dit hersteld | C6: 1.1
A7: 43844 | B7: Display voorwaarde rond post 141 KA in 'Alimentatie 2019-2'> Bedrag was <=0 is <0 geworden. | C7: 1.1
A8: 43844 | B8: Eigen aandeel ouders bij NBI > E 6000,- & fixatie op E6000 nam 't laatste ipv hoogste bedrag | C8: 1.1
A9: 43844 | B9: Leeftijdsberekening kinderen o.b.v. opgegeven berekeningsdatum i.p.v. huidige datum | C9: 1.1
A10: 43844 | B10: Algemene heffingskorting in 'Behoefteberekening' moet o.b.v. NBI + Berekende Alimentatie | C10: 1.1
A11: 43844 | B11: Jus-alimentatie (kolom W) in 'Basisgegevens' verwees naar kolom V, dit aangepast naar W | C11: 1.1
A12: 43846 | B12: In 'Basisgegevens' werd cel Q10 soms verkeerd opgeteld eigen woning(deel) van AG | C12: 1.1

Sheet Keuzelijsten
A1: Soort loon | B1: Ja / Nee | C1: Getal | D1: Korting | E1: Draagkracht
A2: Maand | B2: Ja | C2: 0 | D2: 0 | E2: 0.6
A3: 4 Weken | B3: Nee | C3: 1 | D3: 0.15 | E3: 0.45
A4: Anders | D4: 0.25
D5: 0.35
